Workbook
Name _: DATE(YEAR('10% spread plus 5% lumpsum'!Loan_Start),MONTH('10% spread plus 5% lumpsum'!Loan_Start)+Payment_Number,DAY('10% spread plus 5% lumpsum'!Loan_Start))
Name _: DATE(YEAR('10% step up plus 5% lumpsum'!Loan_Start),MONTH('10% step up plus 5% lumpsum'!Loan_Start)+Payment_Number,DAY('10% step up plus 5% lumpsum'!Loan_Start))
Name _: DATE(YEAR(Loan_Start),MONTH(Loan_Start)+Payment_Number,DAY(Loan_Start))
Name _: DATE(YEAR(Loan_Start),MONTH(Loan_Start)+Payment_Number,DAY(Loan_Start))
Name Ancheta: #N/A
Name Beg_Bal: #REF!
Name Beg_Bal: #REF!
Name Beg_Bal: 'Amort Computation'!$C$25:$C$384
Name Beg_Bal: #REF!
Name Calaca: #N/A
Name Data: 'Amort Computation'!$A$25:$I$384
Name DocTemplates: OFFSET(#REF!,,,COUNTA(#REF!),1)
Name DocTemplates: OFFSET(#REF!,,,COUNTA(#REF!),1)
Name DocTemplates: OFFSET(#REF!,,,COUNTA(#REF!),1)
Name DocTemplates: OFFSET(#REF!,,,COUNTA(#REF!),1)
Name DocTemplates: OFFSET(#REF!,,,COUNTA(#REF!),1)
Name DocTemplates: OFFSET(#REF!,,,COUNTA(#REF!),1)
Name DocTemplates: OFFSET(#REF!,,,COUNTA(#REF!),1)
Name End_Bal: #REF!
Name End_Bal: #REF!
Name End_Bal: 'Amort Computation'!$I$25:$I$384
Name End_Bal: #REF!
Name Extra_Pay: #REF!
Name Extra_Pay: #REF!
Name Extra_Pay: 'Amort Computation'!$E$25:$E$384
Name Extra_Pay: #REF!
Name Full_Print: '[1]Amort Computation'!$A$1:$I$384
Name Full_Print: '[2]Amort Computation'!$A$1:$I$384
Name Full_Print: 'Amort Computation'!$A$1:$I$384
Name Header_Row: ROW(#REF!)
Name Header_Row: ROW(#REF!)
Name Header_Row: ROW('Amort Computation'!$24:$24)
Name Header_Row: ROW(#REF!)
Name Int: #REF!
Name Int: #REF!
Name Int: 'Amort Computation'!$H$25:$H$384
Name Int: #REF!
Name Interest_Rate: #REF!
Name Interest_Rate: #REF!
Name Interest_Rate: 'Amort Computation'!$D$15
Name Interest_Rate: #REF!
Name Last_Row: IF('10% spread plus 5% lumpsum'!Values_Entered,'10% spread plus 5% lumpsum'!Header_Row+'10% spread plus 5% lumpsum'!Number_of_Payments,'10% spread plus 5% lumpsum'!Header_Row)
Name Last_Row: IF('10% step up plus 5% lumpsum'!Values_Entered,'10% step up plus 5% lumpsum'!Header_Row+'10% step up plus 5% lumpsum'!Number_of_Payments,'10% step up plus 5% lumpsum'!Header_Row)
Name Last_Row: IF('Amort Computation'!Values_Entered,'Amort Computation'!Header_Row+'Amort Computation'!Number_of_Payments,'Amort Computation'!Header_Row)
Name Last_Row: IF(RECOVERIES!Values_Entered,Header_Row+RECOVERIES!Number_of_Payments,Header_Row)
Name Last_Row: IF(Values_Entered,Header_Row+Number_of_Payments,Header_Row)
Name Loan_Amount: #REF!
Name Loan_Amount: #REF!
Name Loan_Amount: 'Amort Computation'!$D$14
Name Loan_Amount: #REF!
Name Loan_Start: #REF!
Name Loan_Start: #REF!
Name Loan_Start: 'Amort Computation'!$D$18
Name Loan_Start: #REF!
Name Loan_Years: #REF!
Name Loan_Years: #REF!
Name Loan_Years: 'Amort Computation'!$D$16
Name Loan_Years: #REF!
Name Num_Pmt_Per_Year: #REF!
Name Num_Pmt_Per_Year: #REF!

Sheet Construction Sched 2023
O7: *Internal applied to Equity term plus 2 months buffer
B13: Aug. 2023
B14: Current term | C14: New Term
A15: B1 | B15: 27 | C15: 30
A16: B2 | B16: 32 | C16: 35
A17: B3 | B17: 37 | C17: 40
A21: NEW | B21: as of Sept. 28,2023
B42: NEW
B43: B1 | C43: 45748
B44: B2 | C44: 45931
B45: B3 | C45: 46174

Sheet Amort Computation
H2: ANNEX "A"
A4: ILOILO SOUTHPRIME DEVELOPERS INC. | G4: Date and Time Printed: | I4: =NOW() -> 45902.531
A7: Buyer's Name:
A8: Project Name: | C8: EMERALD ESTATES
A9: Unit No.: | C9: BLOCK LOT | G9: Financing:
B13: Payment Schedule | F13: Outstanding Balance Summary
C14: Loan Amount | D14: ='Corrected and Updated TSF 3'!FB2 -> 3196769.3 | G14: Scheduled Payment | H14: =IF(Values_Entered,-PMT(Interest_Rate/Num_Pmt_Per_Year,Loan_Years*Num_Pmt_Per_Year,Loan_Amount),"") -> 39635.364
C15: Annual Interest Rate | D15: 0.085 | G15: Scheduled Number of Payments
C16: Loan Period in Years | D16: 10 | G16: Actual Number of Payments | H16: =IF(Values_Entered,Number_of_Payments,"") -> 120
C17: Number of Payments Per Year | D17: 12 | G17: Total Early Payments | H17: 0
C18: Start Date of Loan | D18: 45005 | G18: Total Interest | H18: =IF(Values_Entered,SUMIF(Beg_Bal,">0",Int),"") -> 1552879.4 | M18: PROJECTION
C19: Optional Extra Payments | M19: LINK GOING TO LD OR INHS MASTERLIST
L21: MONTH | M21: =INDEX($B$25:$B$135,COLUMN(A1),1) -> 45005 | N21: =INDEX($B$25:$B$135,COLUMN(B1),1) -> 45036 | O21: =INDEX($B$25:$B$135,COLUMN(C1),1) -> 45066 | P21: =INDEX($B$25:$B$135,COLUMN(D1),1) -> 45097 | Q21: =INDEX($B$25:$B$135,COLUMN(E1),1) -> 45127 | R21: =INDEX($B$25:$B$135,COLUMN(F1),1) -> 45158 | S21: =INDEX($B$25:$B$135,COLUMN(G1),1) -> 45189 | T21: =INDEX($B$25:$B$135,COLUMN(H1),1) -> 45219 | ... BT21: =INDEX($B$25:$B$135,COLUMN(BH1),1) -> 46803 | BW21: amount | BX21: prin cipal | BY21: interest | BZ21: balance
A23: PmtNo. | B23: Payment Date | C23: Beginning Balance | D23: Scheduled Payment | E23: Extra Payment | F23: Total Payment | G23: Principal | H23: Interest | I23: Ending Balance | J23: Paid/Credited | L23: TRANCHES | M23: 1 | N23: =M23+1 -> 2 | O23: =N23+1 -> 3 | P23: =O23+1 -> 4 | Q23: =P23+1 -> 5 | R23: =Q23+1 -> 6 | S23: =R23+1 -> 7 | T23: =S23+1 -> 8 | U23: =T23+1 -> 9 | ... BT23: =BS23+1 -> 60 | BZ23: =Loan_Amount -> 3196769.3 | CA23: =PMT(16%/12,60,BZ23) -> -77739.219
A25: =IF(Values_Entered,1,"") -> 1 | B25: =Loan_Start -> 45005 | C25: =IF(Values_Entered,Loan_Amount,"") -> 3196769.3 | D25: =IF(Pay_Num<>"",Scheduled_Monthly_Payment,"") -> 39635.364 | F25: =IF(AND(Pay_Num<>"",Sched_Pay+Extra_Pay<Beg_Bal),Sched_Pay+Extra_Pay,IF(Pay_Num<>"",Beg_Bal,"")) -> 39635.364 | G25: =IF(Pay_Num<>"",Total_Pay-Int,"") -> 16991.582 | H25: =IF(Pay_Num<>"",Beg_Bal*(Interest_Rate/Num_Pmt_Per_Year),"") -> 22643.783 | I25: =IF(AND(Pay_Num<>"",Sched_Pay+Extra_Pay<Beg_Bal),Beg_Bal-Princ,IF(Pay_Num<>"",0,"")) -> 3179777.7 | J25: ='[4]B11-L8'!J32 -> PAID | L25: =G23 -> Principal | M25: =INDEX($G$25:$H$288,COLUMN(A1),1) -> 16991.582 | N25: =INDEX($G$25:$H$288,COLUMN(B1),1) -> 17111.939 | O25: =INDEX($G$25:$H$288,COLUMN(C1),1) -> 17233.148 | P25: =INDEX($G$25:$H$288,COLUMN(D1),1) -> 17355.217 | Q25: =INDEX($G$25:$H$288,COLUMN(E1),1) -> 17478.149 | R25: =INDEX($G$25:$H$288,COLUMN(F1),1) -> 17601.953 | S25: =INDEX($G$25:$H$288,COLUMN(G1),1) -> 17726.633 | T25: =INDEX($G$25:$H$288,COLUMN(H1),1) -> 17852.197 | ... BT25: =INDEX($G$25:$H$288,COLUMN(BH1),1) -> 25768.725 | BW25: 34058 | BX25: =BW25-BY25 -> -8565.5908 | BY25: =BZ23*16%/12 -> 42623.591 | BZ25: =BZ23-BX25 -> 3205334.9
A26: =IF(Values_Entered,A25+1,"") -> 2 | B26: =Loan_Start+31 -> 45036 | C26: =IF(Pay_Num<>"",I25,"") -> 3179777.7 | D26: =IF(Pay_Num<>"",Scheduled_Monthly_Payment,"") -> 39635.364 | F26: =IF(AND(Pay_Num<>"",Sched_Pay+Extra_Pay<Beg_Bal),Sched_Pay+Extra_Pay,IF(Pay_Num<>"",Beg_Bal,"")) -> 39635.364 | G26: =IF(Pay_Num<>"",Total_Pay-Int,"") -> 17111.939 | H26: =IF(Pay_Num<>"",Beg_Bal*Interest_Rate/Num_Pmt_Per_Year,"") -> 22523.426 | I26: =IF(AND(Pay_Num<>"",Sched_Pay+Extra_Pay<Beg_Bal),Beg_Bal-Princ,IF(Pay_Num<>"",0,"")) -> 3162665.8 | J26: ='[4]B11-L8'!J33 -> PAID | L26: =H23 -> Interest | M26: =INDEX($H$25:$H$164,COLUMN(A2),1) -> 22643.783 | N26: =INDEX($H$25:$H$164,COLUMN(B2),1) -> 22523.426 | O26: =INDEX($H$25:$H$164,COLUMN(C2),1) -> 22402.216 | P26: =INDEX($H$25:$H$164,COLUMN(D2),1) -> 22280.148 | Q26: =INDEX($H$25:$H$164,COLUMN(E2),1) -> 22157.215 | R26: =INDEX($H$25:$H$164,COLUMN(F2),1) -> 22033.412 | S26: =INDEX($H$25:$H$164,COLUMN(G2),1) -> 21908.731 | T26: =INDEX($H$25:$H$164,COLUMN(H2),1) -> 21783.167 | ... BT26: =INDEX($H$25:$H$164,COLUMN(BH2),1) -> 13866.64 | BW26: 34058 | BX26: =BW26-BY26 -> -8679.7986 | BY26: =BZ25*16%/12 -> 42737.799 | BZ26: =BZ25-BX26 -> 3214014.7
A27: =IF(Values_Entered,A26+1,"") -> 3 | B27: =B26+30 -> 45066 | C27: =IF(Pay_Num<>"",I26,"") -> 3162665.8 | D27: =IF(Pay_Num<>"",Scheduled_Monthly_Payment,"") -> 39635.364 | F27: =IF(AND(Pay_Num<>"",Sched_Pay+Extra_Pay<Beg_Bal),Sched_Pay+Extra_Pay,IF(Pay_Num<>"",Beg_Bal,"")) -> 39635.364 | G27: =IF(Pay_Num<>"",Total_Pay-Int,"") -> 17233.148 | H27: =IF(Pay_Num<>"",Beg_Bal*Interest_Rate/Num_Pmt_Per_Year,"") -> 22402.216 | I27: =IF(AND(Pay_Num<>"",Sched_Pay+Extra_Pay<Beg_Bal),Beg_Bal-Princ,IF(Pay_Num<>"",0,"")) -> 3145432.6 | J27: ='[4]B11-L8'!J34 -> PAID | L27: TOTAL | M27: =SUM(M25:M26) -> 39635.364 | N27: =SUM(N25:N26) -> 39635.364 | O27: =SUM(O25:O26) -> 39635.364 | P27: =SUM(P25:P26) -> 39635.364 | Q27: =SUM(Q25:Q26) -> 39635.364 | R27: =SUM(R25:R26) -> 39635.364 | S27: =SUM(S25:S26) -> 39635.364 | T27: =SUM(T25:T26) -> 39635.364 | ... BT27: =SUM(BT25:BT26) -> 39635.364 | BW27: 34058 | BX27: =BW27-BY27 -> -8795.5293 | BY27: =BZ26*16%/12 -> 42853.529 | BZ27: =BZ26-BX27 -> 3222810.2
A28: =IF(Values_Entered,A27+1,"") -> 4 | B28: =B27+31 -> 45097 | C28: =IF(Pay_Num<>"",I27,"") -> 3145432.6 | D28: =IF(Pay_Num<>"",Scheduled_Monthly_Payment,"") -> 39635.364 | F28: =IF(AND(Pay_Num<>"",Sched_Pay+Extra_Pay<Beg_Bal),Sched_Pay+Extra_Pay,IF(Pay_Num<>"",Beg_Bal,"")) -> 39635.364 | G28: =IF(Pay_Num<>"",Total_Pay-Int,"") -> 17355.217 | H28: =IF(Pay_Num<>"",Beg_Bal*Interest_Rate/Num_Pmt_Per_Year,"") -> 22280.148 | I28: =IF(AND(Pay_Num<>"",Sched_Pay+Extra_Pay<Beg_Bal),Beg_Bal-Princ,IF(Pay_Num<>"",0,"")) -> 3128077.4 | J28: ='[4]B11-L8'!J35 -> PAID | M28: =J25 -> PAID | N28: =K25 -> 0 | BW28: 34058 | BX28: =BW28-BY28 -> -8912.803 | BY28: =BZ27*16%/12 -> 42970.803 | BZ28: =BZ27-BX28 -> 3231723
A29: =IF(Values_Entered,A28+1,"") -> 5 | B29: =B28+30 -> 45127 | C29: =IF(Pay_Num<>"",I28,"") -> 3128077.4 | D29: =IF(Pay_Num<>"",Scheduled_Monthly_Payment,"") -> 39635.364 | F29: =IF(AND(Pay_Num<>"",Sched_Pay+Extra_Pay<Beg_Bal),Sched_Pay+Extra_Pay,IF(Pay_Num<>"",Beg_Bal,"")) -> 39635.364 | G29: =IF(Pay_Num<>"",Total_Pay-Int,"") -> 17478.149 | H29: =IF(Pay_Num<>"",Beg_Bal*Interest_Rate/Num_Pmt_Per_Year,"") -> 22157.215 | I29: =IF(AND(Pay_Num<>"",Sched_Pay+Extra_Pay<Beg_Bal),Beg_Bal-Princ,IF(Pay_Num<>"",0,"")) -> 3110599.3 | J29: ='[4]B11-L8'!J36 -> PAID | BW29: 34058 | BX29: =BW29-BY29 -> -9031.6404 | BY29: =BZ28*16%/12 -> 43089.64 | BZ29: =BZ28-BX29 -> 3240754.7
A30: =IF(Values_Entered,A29+1,"") -> 6 | B30: =B29+31 -> 45158 | C30: =IF(Pay_Num<>"",I29,"") -> 3110599.3 | D30: =IF(Pay_Num<>"",Scheduled_Monthly_Payment,"") -> 39635.364 | F30: =IF(AND(Pay_Num<>"",Sched_Pay+Extra_Pay<Beg_Bal),Sched_Pay+Extra_Pay,IF(Pay_Num<>"",Beg_Bal,"")) -> 39635.364 | G30: =IF(Pay_Num<>"",Total_Pay-Int,"") -> 17601.953 | H30: =IF(Pay_Num<>"",Beg_Bal*Interest_Rate/Num_Pmt_Per_Year,"") -> 22033.412 | I30: =IF(AND(Pay_Num<>"",Sched_Pay+Extra_Pay<Beg_Bal),Beg_Bal-Princ,IF(Pay_Num<>"",0,"")) -> 3092997.3 | J30: ='[4]B11-L8'!J37 -> PAID | BW30: 34058 | BX30: =BW30-BY30 -> -9152.0623 | BY30: =BZ29*16%/12 -> 43210.062 | BZ30: =BZ29-BX30 -> 3249906.7
A31: =IF(Values_Entered,A30+1,"") -> 7 | B31: =B30+31 -> 45189 | C31: =IF(Pay_Num<>"",I30,"") -> 3092997.3 | D31: =IF(Pay_Num<>"",Scheduled_Monthly_Payment,"") -> 39635.364 | F31: =IF(AND(Pay_Num<>"",Sched_Pay+Extra_Pay<Beg_Bal),Sched_Pay+Extra_Pay,IF(Pay_Num<>"",Beg_Bal,"")) -> 39635.364 | G31: =IF(Pay_Num<>"",Total_Pay-Int,"") -> 17726.633 | H31: =IF(Pay_Num<>"",Beg_Bal*Interest_Rate/Num_Pmt_Per_Year,"") -> 21908.731 | I31: =IF(AND(Pay_Num<>"",Sched_Pay+Extra_Pay<Beg_Bal),Beg_Bal-Princ,IF(Pay_Num<>"",0,"")) -> 3075270.7 | J31: ='[4]B11-L8'!J38 -> PAID | BW31: 34058 | BX31: =BW31-BY31 -> -9274.0898 | BY31: =BZ30*16%/12 -> 43332.09 | BZ31: =BZ30-BX31 -> 3259180.8 | CJ31: Total Interest for 9 months
A32: =IF(Values_Entered,A31+1,"") -> 8 | B32: =B31+30 -> 45219 | C32: =IF(Pay_Num<>"",I31,"") -> 3075270.7 | D32: =IF(Pay_Num<>"",Scheduled_Monthly_Payment,"") -> 39635.364 | F32: =IF(AND(Pay_Num<>"",Sched_Pay+Extra_Pay<Beg_Bal),Sched_Pay+Extra_Pay,IF(Pay_Num<>"",Beg_Bal,"")) -> 39635.364 | G32: =IF(Pay_Num<>"",Total_Pay-Int,"") -> 17852.197 | H32: =IF(Pay_Num<>"",Beg_Bal*Interest_Rate/Num_Pmt_Per_Year,"") -> 21783.167 | I32: =IF(AND(Pay_Num<>"",Sched_Pay+Extra_Pay<Beg_Bal),Beg_Bal-Princ,IF(Pay_Num<>"",0,"")) -> 3057418.5 | J32: ='[4]B11-L8'!J39 -> PAID | BW32: 34058 | BX32: =BW32-BY32 -> -9397.7443 | BY32: =BZ31*16%/12 -> 43455.744 | BZ32: =BZ31-BX32 -> 3268578.6 | CJ32: =SUM(H25:H33) -> 199388.81
A33: =IF(Values_Entered,A32+1,"") -> 9 | B33: =B32+31 -> 45250 | C33: =IF(Pay_Num<>"",I32,"") -> 3057418.5 | D33: =IF(Pay_Num<>"",Scheduled_Monthly_Payment,"") -> 39635.364 | F33: =IF(AND(Pay_Num<>"",Sched_Pay+Extra_Pay<Beg_Bal),Sched_Pay+Extra_Pay,IF(Pay_Num<>"",Beg_Bal,"")) -> 39635.364 | G33: =IF(Pay_Num<>"",Total_Pay-Int,"") -> 17978.65 | H33: =IF(Pay_Num<>"",Beg_Bal*Interest_Rate/Num_Pmt_Per_Year,"") -> 21656.714 | I33: =IF(AND(Pay_Num<>"",Sched_Pay+Extra_Pay<Beg_Bal),Beg_Bal-Princ,IF(Pay_Num<>"",0,"")) -> 3039439.8 | J33: ='[4]B11-L8'!J40 -> PAID | BW33: 34058 | BX33: =BW33-BY33 -> -9523.0475 | BY33: =BZ32*16%/12 -> 43581.048 | BZ33: =BZ32-BX33 -> 3278101.6
A34: =IF(Values_Entered,A33+1,"") -> 10 | B34: =B33+30 -> 45280 | C34: =IF(Pay_Num<>"",I33,"") -> 3039439.8 | D34: =IF(Pay_Num<>"",Scheduled_Monthly_Payment,"") -> 39635.364 | F34: =IF(AND(Pay_Num<>"",Sched_Pay+Extra_Pay<Beg_Bal),Sched_Pay+Extra_Pay,IF(Pay_Num<>"",Beg_Bal,"")) -> 39635.364 | G34: =IF(Pay_Num<>"",Total_Pay-Int,"") -> 18105.999 | H34: =IF(Pay_Num<>"",Beg_Bal*Interest_Rate/Num_Pmt_Per_Year,"") -> 21529.366 | I34: =IF(AND(Pay_Num<>"",Sched_Pay+Extra_Pay<Beg_Bal),Beg_Bal-Princ,IF(Pay_Num<>"",0,"")) -> 3021333.8 | J34: ='[4]B11-L8'!J41 -> PAID | BW34: 34058 | BX34: =BW34-BY34 -> -9650.0215 | BY34: =BZ33*16%/12 -> 43708.022 | BZ34: =BZ33-BX34 -> 3287751.6
A35: =IF(Values_Entered,A34+1,"") -> 11 | B35: =B34+31 -> 45311 | C35: =IF(Pay_Num<>"",I34,"") -> 3021333.8 | D35: =IF(Pay_Num<>"",Scheduled_Monthly_Payment,"") -> 39635.364 | F35: =IF(AND(Pay_Num<>"",Sched_Pay+Extra_Pay<Beg_Bal),Sched_Pay+Extra_Pay,IF(Pay_Num<>"",Beg_Bal,"")) -> 39635.364 | G35: =IF(Pay_Num<>"",Total_Pay-Int,"") -> 18234.25 | H35: =IF(Pay_Num<>"",Beg_Bal*Interest_Rate/Num_Pmt_Per_Year,"") -> 21401.115 | I35: =IF(AND(Pay_Num<>"",Sched_Pay+Extra_Pay<Beg_Bal),Beg_Bal-Princ,IF(Pay_Num<>"",0,"")) -> 3003099.6 | J35: ='[4]B11-L8'!J42 -> PAID | L35: TOTAL AMOUNT | BW35: 34058 | BX35: =BW35-BY35 -> -9778.6885 | BY35: =BZ34*16%/12 -> 43836.688 | BZ35: =BZ34-BX35 -> 3297530.3
A36: =IF(Values_Entered,A35+1,"") -> 12 | B36: =B35+31 -> 45342 | C36: =IF(Pay_Num<>"",I35,"") -> 3003099.6 | D36: =IF(Pay_Num<>"",Scheduled_Monthly_Payment,"") -> 39635.364 | F36: =IF(AND(Pay_Num<>"",Sched_Pay+Extra_Pay<Beg_Bal),Sched_Pay+Extra_Pay,IF(Pay_Num<>"",Beg_Bal,"")) -> 39635.364 | G36: =IF(Pay_Num<>"",Total_Pay-Int,"") -> 18363.409 | H36: =IF(Pay_Num<>"",Beg_Bal*Interest_Rate/Num_Pmt_Per_Year,"") -> 21271.955 | I36: =IF(AND(Pay_Num<>"",Sched_Pay+Extra_Pay<Beg_Bal),Beg_Bal-Princ,IF(Pay_Num<>"",0,"")) -> 2984736.2 | J36: ='[4]B11-L8'!J43 -> PAID | L36: =SUM(F25:F84) -> 2378121.9 | BW36: 34058 | BX36: =BW36-BY36 -> -9909.071 | BY36: =BZ35*16%/12 -> 43967.071 | BZ36: =BZ35-BX36 -> 3307439.4
A37: =IF(Values_Entered,A36+1,"") -> 13 | B37: =B36+29 -> 45371 | C37: =IF(Pay_Num<>"",I36,"") -> 2984736.2 | D37: =IF(Pay_Num<>"",Scheduled_Monthly_Payment,"") -> 39635.364 | F37: =IF(AND(Pay_Num<>"",Sched_Pay+Extra_Pay<Beg_Bal),Sched_Pay+Extra_Pay,IF(Pay_Num<>"",Beg_Bal,"")) -> 39635.364 | G37: =IF(Pay_Num<>"",Total_Pay-Int,"") -> 18493.483 | H37: =IF(Pay_Num<>"",Beg_Bal*Interest_Rate/Num_Pmt_Per_Year,"") -> 21141.881 | I37: =IF(AND(Pay_Num<>"",Sched_Pay+Extra_Pay<Beg_Bal),Beg_Bal-Princ,IF(Pay_Num<>"",0,"")) -> 2966242.7 | J37: ='[4]B11-L8'!J44 -> PAID | BW37: 34058 | BX37: =BW37-BY37 -> -10041.192 | BY37: =BZ36*16%/12 -> 44099.192 | BZ37: =BZ36-BX37 -> 3317480.6
A38: =IF(Values_Entered,A37+1,"") -> 14 | B38: =B37+31 -> 45402 | C38: =IF(Pay_Num<>"",I37,"") -> 2966242.7 | D38: =IF(Pay_Num<>"",Scheduled_Monthly_Payment,"") -> 39635.364 | F38: =IF(AND(Pay_Num<>"",Sched_Pay+Extra_Pay<Beg_Bal),Sched_Pay+Extra_Pay,IF(Pay_Num<>"",Beg_Bal,"")) -> 39635.364 | G38: =IF(Pay_Num<>"",Total_Pay-Int,"") -> 18624.479 | H38: =IF(Pay_Num<>"",Beg_Bal*Interest_Rate/Num_Pmt_Per_Year,"") -> 21010.886 | I38: =IF(AND(Pay_Num<>"",Sched_Pay+Extra_Pay<Beg_Bal),Beg_Bal-Princ,IF(Pay_Num<>"",0,"")) -> 2947618.2 | J38: ='[4]B11-L8'!J45 -> PAID | BW38: 34058 | BX38: =BW38-BY38 -> -10175.074 | BY38: =BZ37*16%/12 -> 44233.074 | BZ38: =BZ37-BX38 -> 3327655.7
A39: =IF(Values_Entered,A38+1,"") -> 15 | B39: =B38+30 -> 45432 | C39: =IF(Pay_Num<>"",I38,"") -> 2947618.2 | D39: =IF(Pay_Num<>"",Scheduled_Monthly_Payment,"") -> 39635.364 | F39: =IF(AND(Pay_Num<>"",Sched_Pay+Extra_Pay<Beg_Bal),Sched_Pay+Extra_Pay,IF(Pay_Num<>"",Beg_Bal,"")) -> 39635.364 | G39: =IF(Pay_Num<>"",Total_Pay-Int,"") -> 18756.402 | H39: =IF(Pay_Num<>"",Beg_Bal*Interest_Rate/Num_Pmt_Per_Year,"") -> 20878.962 | I39: =IF(AND(Pay_Num<>"",Sched_Pay+Extra_Pay<Beg_Bal),Beg_Bal-Princ,IF(Pay_Num<>"",0,"")) -> 2928861.8 | J39: ='[4]B11-L8'!J46 -> PAID | BW39: 34058 | BX39: =BW39-BY39 -> -10310.742 | BY39: =BZ38*16%/12 -> 44368.742 | BZ39: =BZ38-BX39 -> 3337966.4
A40: =IF(Values_Entered,A39+1,"") -> 16 | B40: =B39+31 -> 45463 | C40: =IF(Pay_Num<>"",I39,"") -> 2928861.8 | D40: =IF(Pay_Num<>"",Scheduled_Monthly_Payment,"") -> 39635.364 | F40: =IF(AND(Pay_Num<>"",Sched_Pay+Extra_Pay<Beg_Bal),Sched_Pay+Extra_Pay,IF(Pay_Num<>"",Beg_Bal,"")) -> 39635.364 | G40: =IF(Pay_Num<>"",Total_Pay-Int,"") -> 18889.26 | H40: =IF(Pay_Num<>"",Beg_Bal*Interest_Rate/Num_Pmt_Per_Year,"") -> 20746.105 | I40: =IF(AND(Pay_Num<>"",Sched_Pay+Extra_Pay<Beg_Bal),Beg_Bal-Princ,IF(Pay_Num<>"",0,"")) -> 2909972.6 | J40: ='[4]B11-L8'!J47 -> PAID | BW40: 34058 | BX40: =BW40-BY40 -> -10448.219 | BY40: =BZ39*16%/12 -> 44506.219 | BZ40: =BZ39-BX40 -> 3348414.6
A41: =IF(Values_Entered,A40+1,"") -> 17 | B41: =B40+30 -> 45493 | C41: =IF(Pay_Num<>"",I40,"") -> 2909972.6 | D41: =IF(Pay_Num<>"",Scheduled_Monthly_Payment,"") -> 39635.364 | F41: =IF(AND(Pay_Num<>"",Sched_Pay+Extra_Pay<Beg_Bal),Sched_Pay+Extra_Pay,IF(Pay_Num<>"",Beg_Bal,"")) -> 39635.364 | G41: =IF(Pay_Num<>"",Total_Pay-Int,"") -> 19023.059 | H41: =IF(Pay_Num<>"",Beg_Bal*Interest_Rate/Num_Pmt_Per_Year,"") -> 20612.306 | I41: =IF(AND(Pay_Num<>"",Sched_Pay+Extra_Pay<Beg_Bal),Beg_Bal-Princ,IF(Pay_Num<>"",0,"")) -> 2890949.5 | J41: ='[4]B11-L8'!J48 -> PAID | BW41: 34058 | BX41: =BW41-BY41 -> -10587.528 | BY41: =BZ40*16%/12 -> 44645.528 | BZ41: =BZ40-BX41 -> 3359002.1
A42: =IF(Values_Entered,A41+1,"") -> 18 | B42: =B41+31 -> 45524 | C42: =IF(Pay_Num<>"",I41,"") -> 2890949.5 | D42: =IF(Pay_Num<>"",Scheduled_Monthly_Payment,"") -> 39635.364 | F42: =IF(AND(Pay_Num<>"",Sched_Pay+Extra_Pay<Beg_Bal),Sched_Pay+Extra_Pay,IF(Pay_Num<>"",Beg_Bal,"")) -> 39635.364 | G42: =IF(Pay_Num<>"",Total_Pay-Int,"") -> 19157.806 | H42: =IF(Pay_Num<>"",Beg_Bal*Interest_Rate/Num_Pmt_Per_Year,"") -> 20477.559 | I42: =IF(AND(Pay_Num<>"",Sched_Pay+Extra_Pay<Beg_Bal),Beg_Bal-Princ,IF(Pay_Num<>"",0,"")) -> 2871791.7 | J42: ='[4]B11-L8'!J49 -> PAID | BW42: 34058 | BX42: =BW42-BY42 -> -10728.695 | BY42: =BZ41*16%/12 -> 44786.695 | BZ42: =BZ41-BX42 -> 3369730.8
A43: =IF(Values_Entered,A42+1,"") -> 19 | B43: =B42+31 -> 45555 | C43: =IF(Pay_Num<>"",I42,"") -> 2871791.7 | D43: =IF(Pay_Num<>"",Scheduled_Monthly_Payment,"") -> 39635.364 | F43: =IF(AND(Pay_Num<>"",Sched_Pay+Extra_Pay<Beg_Bal),Sched_Pay+Extra_Pay,IF(Pay_Num<>"",Beg_Bal,"")) -> 39635.364 | G43: =IF(Pay_Num<>"",Total_Pay-Int,"") -> 19293.507 | H43: =IF(Pay_Num<>"",Beg_Bal*Interest_Rate/Num_Pmt_Per_Year,"") -> 20341.858 | I43: =IF(AND(Pay_Num<>"",Sched_Pay+Extra_Pay<Beg_Bal),Beg_Bal-Princ,IF(Pay_Num<>"",0,"")) -> 2852498.2 | J43: ='[4]B11-L8'!J50 -> PAID | BW43: 34058 | BX43: =BW43-BY43 -> -10871.745 | BY43: =BZ42*16%/12 -> 44929.745 | BZ43: =BZ42-BX43 -> 3380602.6
A44: =IF(Values_Entered,A43+1,"") -> 20 | B44: =B43+30 -> 45585 | C44: =IF(Pay_Num<>"",I43,"") -> 2852498.2 | D44: =IF(Pay_Num<>"",Scheduled_Monthly_Payment,"") -> 39635.364 | F44: =IF(AND(Pay_Num<>"",Sched_Pay+Extra_Pay<Beg_Bal),Sched_Pay+Extra_Pay,IF(Pay_Num<>"",Beg_Bal,"")) -> 39635.364 | G44: =IF(Pay_Num<>"",Total_Pay-Int,"") -> 19430.169 | H44: =IF(Pay_Num<>"",Beg_Bal*Interest_Rate/Num_Pmt_Per_Year,"") -> 20205.195 | I44: =IF(AND(Pay_Num<>"",Sched_Pay+Extra_Pay<Beg_Bal),Beg_Bal-Princ,IF(Pay_Num<>"",0,"")) -> 2833068 | J44: ='[4]B11-L8'!J51 -> PAID | BW44: 34058 | BX44: =BW44-BY44 -> -11016.701 | BY44: =BZ43*16%/12 -> 45074.701 | BZ44: =BZ43-BX44 -> 3391619.3
A45: =IF(Values_Entered,A44+1,"") -> 21 | B45: =B44+31 -> 45616 | C45: =IF(Pay_Num<>"",I44,"") -> 2833068 | D45: =IF(Pay_Num<>"",Scheduled_Monthly_Payment,"") -> 39635.364 | F45: =IF(AND(Pay_Num<>"",Sched_Pay+Extra_Pay<Beg_Bal),Sched_Pay+Extra_Pay,IF(Pay_Num<>"",Beg_Bal,"")) -> 39635.364 | G45: =IF(Pay_Num<>"",Total_Pay-Int,"") -> 19567.799 | H45: =IF(Pay_Num<>"",Beg_Bal*Interest_Rate/Num_Pmt_Per_Year,"") -> 20067.565 | I45: =IF(AND(Pay_Num<>"",Sched_Pay+Extra_Pay<Beg_Bal),Beg_Bal-Princ,IF(Pay_Num<>"",0,"")) -> 2813500.2 | J45: ='[4]B11-L8'!J52 -> PAID | BW45: 34058 | BX45: =BW45-BY45 -> -11163.591 | BY45: =BZ44*16%/12 -> 45221.591 | BZ45: =BZ44-BX45 -> 3402782.9
A46: =IF(Values_Entered,A45+1,"") -> 22 | B46: =B45+30 -> 45646 | C46: =IF(Pay_Num<>"",I45,"") -> 2813500.2 | D46: =IF(Pay_Num<>"",Scheduled_Monthly_Payment,"") -> 39635.364 | F46: =IF(AND(Pay_Num<>"",Sched_Pay+Extra_Pay<Beg_Bal),Sched_Pay+Extra_Pay,IF(Pay_Num<>"",Beg_Bal,"")) -> 39635.364 | G46: =IF(Pay_Num<>"",Total_Pay-Int,"") -> 19706.405 | H46: =IF(Pay_Num<>"",Beg_Bal*Interest_Rate/Num_Pmt_Per_Year,"") -> 19928.96 | I46: =IF(AND(Pay_Num<>"",Sched_Pay+Extra_Pay<Beg_Bal),Beg_Bal-Princ,IF(Pay_Num<>"",0,"")) -> 2793793.8 | J46: ='[4]B11-L8'!J53 -> PAID | BW46: 34058 | BX46: =BW46-BY46 -> -11312.438 | BY46: =BZ45*16%/12 -> 45370.438 | BZ46: =BZ45-BX46 -> 3414095.3
A47: =IF(Values_Entered,A46+1,"") -> 23 | B47: =B46+31 -> 45677 | C47: =IF(Pay_Num<>"",I46,"") -> 2793793.8 | D47: =IF(Pay_Num<>"",Scheduled_Monthly_Payment,"") -> 39635.364 | F47: =IF(AND(Pay_Num<>"",Sched_Pay+Extra_Pay<Beg_Bal),Sched_Pay+Extra_Pay,IF(Pay_Num<>"",Beg_Bal,"")) -> 39635.364 | G47: =IF(Pay_Num<>"",Total_Pay-Int,"") -> 19845.992 | H47: =IF(Pay_Num<>"",Beg_Bal*Interest_Rate/Num_Pmt_Per_Year,"") -> 19789.373 | I47: =IF(AND(Pay_Num<>"",Sched_Pay+Extra_Pay<Beg_Bal),Beg_Bal-Princ,IF(Pay_Num<>"",0,"")) -> 2773947.8 | J47: ='[4]B11-L8'!J54 -> PAID | BW47: 34058 | BX47: =BW47-BY47 -> -11463.271 | BY47: =BZ46*16%/12 -> 45521.271 | BZ47: =BZ46-BX47 -> 3425558.6
A48: =IF(Values_Entered,A47+1,"") -> 24 | B48: =B47+31 -> 45708 | C48: =IF(Pay_Num<>"",I47,"") -> 2773947.8 | D48: =IF(Pay_Num<>"",Scheduled_Monthly_Payment,"") -> 39635.364 | F48: =IF(AND(Pay_Num<>"",Sched_Pay+Extra_Pay<Beg_Bal),Sched_Pay+Extra_Pay,IF(Pay_Num<>"",Beg_Bal,"")) -> 39635.364 | G48: =IF(Pay_Num<>"",Total_Pay-Int,"") -> 19986.567 | H48: =IF(Pay_Num<>"",Beg_Bal*Interest_Rate/Num_Pmt_Per_Year,"") -> 19648.797 | I48: =IF(AND(Pay_Num<>"",Sched_Pay+Extra_Pay<Beg_Bal),Beg_Bal-Princ,IF(Pay_Num<>"",0,"")) -> 2753961.3 | J48: ='[4]B11-L8'!J55 -> PAID | BW48: 34058 | BX48: =BW48-BY48 -> -11616.115 | BY48: =BZ47*16%/12 -> 45674.115 | BZ48: =BZ47-BX48 -> 3437174.7
A49: =IF(Values_Entered,A48+1,"") -> 25 | B49: =B48+28 -> 45736 | C49: =IF(Pay_Num<>"",I48,"") -> 2753961.3 | D49: =IF(Pay_Num<>"",Scheduled_Monthly_Payment,"") -> 39635.364 | F49: =IF(AND(Pay_Num<>"",Sched_Pay+Extra_Pay<Beg_Bal),Sched_Pay+Extra_Pay,IF(Pay_Num<>"",Beg_Bal,"")) -> 39635.364 | G49: =IF(Pay_Num<>"",Total_Pay-Int,"") -> 20128.139 | H49: =IF(Pay_Num<>"",Beg_Bal*Interest_Rate/Num_Pmt_Per_Year,"") -> 19507.226 | I49: =IF(AND(Pay_Num<>"",Sched_Pay+Extra_Pay<Beg_Bal),Beg_Bal-Princ,IF(Pay_Num<>"",0,"")) -> 2733833.1 | J49: ='[4]B11-L8'!J56 -> PAID | BW49: 34058 | BX49: =BW49-BY49 -> -11770.996 | BY49: =BZ48*16%/12 -> 45828.996 | BZ49: =BZ48-BX49 -> 3448945.7
A50: =IF(Values_Entered,A49+1,"") -> 26 | B50: =B49+31 -> 45767 | C50: =IF(Pay_Num<>"",I49,"") -> 2733833.1 | D50: =IF(Pay_Num<>"",Scheduled_Monthly_Payment,"") -> 39635.364 | F50: =IF(AND(Pay_Num<>"",Sched_Pay+Extra_Pay<Beg_Bal),Sched_Pay+Extra_Pay,IF(Pay_Num<>"",Beg_Bal,"")) -> 39635.364 | G50: =IF(Pay_Num<>"",Total_Pay-Int,"") -> 20270.713 | H50: =IF(Pay_Num<>"",Beg_Bal*Interest_Rate/Num_Pmt_Per_Year,"") -> 19364.651 | I50: =IF(AND(Pay_Num<>"",Sched_Pay+Extra_Pay<Beg_Bal),Beg_Bal-Princ,IF(Pay_Num<>"",0,"")) -> 2713562.4 | J50: ='[4]B11-L8'!J57 -> PAID | BW50: 34058 | BX50: =BW50-BY50 -> -11927.943 | BY50: =BZ49*16%/12 -> 45985.943 | BZ50: =BZ49-BX50 -> 3460873.6
A51: =IF(Values_Entered,A50+1,"") -> 27 | B51: =B50+30 -> 45797 | C51: =IF(Pay_Num<>"",I50,"") -> 2713562.4 | D51: =IF(Pay_Num<>"",Scheduled_Monthly_Payment,"") -> 39635.364 | F51: =IF(AND(Pay_Num<>"",Sched_Pay+Extra_Pay<Beg_Bal),Sched_Pay+Extra_Pay,IF(Pay_Num<>"",Beg_Bal,"")) -> 39635.364 | G51: =IF(Pay_Num<>"",Total_Pay-Int,"") -> 20414.297 | H51: =IF(Pay_Num<>"",Beg_Bal*Interest_Rate/Num_Pmt_Per_Year,"") -> 19221.067 | I51: =IF(AND(Pay_Num<>"",Sched_Pay+Extra_Pay<Beg_Bal),Beg_Bal-Princ,IF(Pay_Num<>"",0,"")) -> 2693148.1 | J51: ='[4]B11-L8'!J58 -> PAID | BW51: 34058 | BX51: =BW51-BY51 -> -12086.982 | BY51: =BZ50*16%/12 -> 46144.982 | BZ51: =BZ50-BX51 -> 3472960.6
A52: =IF(Values_Entered,A51+1,"") -> 28 | B52: =B51+31 -> 45828 | C52: =IF(Pay_Num<>"",I51,"") -> 2693148.1 | D52: =IF(Pay_Num<>"",Scheduled_Monthly_Payment,"") -> 39635.364 | F52: =IF(AND(Pay_Num<>"",Sched_Pay+Extra_Pay<Beg_Bal),Sched_Pay+Extra_Pay,IF(Pay_Num<>"",Beg_Bal,"")) -> 39635.364 | G52: =IF(Pay_Num<>"",Total_Pay-Int,"") -> 20558.899 | H52: =IF(Pay_Num<>"",Beg_Bal*Interest_Rate/Num_Pmt_Per_Year,"") -> 19076.466 | I52: =IF(AND(Pay_Num<>"",Sched_Pay+Extra_Pay<Beg_Bal),Beg_Bal-Princ,IF(Pay_Num<>"",0,"")) -> 2672589.2 | J52: ='[4]B11-L8'!J59 -> PAID | BW52: 34058 | BX52: =BW52-BY52 -> -12248.142 | BY52: =BZ51*16%/12 -> 46306.142 | BZ52: =BZ51-BX52 -> 3485208.8
A53: =IF(Values_Entered,A52+1,"") -> 29 | B53: =B52+30 -> 45858 | C53: =IF(Pay_Num<>"",I52,"") -> 2672589.2 | D53: =IF(Pay_Num<>"",Scheduled_Monthly_Payment,"") -> 39635.364 | F53: =IF(AND(Pay_Num<>"",Sched_Pay+Extra_Pay<Beg_Bal),Sched_Pay+Extra_Pay,IF(Pay_Num<>"",Beg_Bal,"")) -> 39635.364 | G53: =IF(Pay_Num<>"",Total_Pay-Int,"") -> 20704.524 | H53: =IF(Pay_Num<>"",Beg_Bal*Interest_Rate/Num_Pmt_Per_Year,"") -> 18930.84 | I53: =IF(AND(Pay_Num<>"",Sched_Pay+Extra_Pay<Beg_Bal),Beg_Bal-Princ,IF(Pay_Num<>"",0,"")) -> 2651884.7 | J53: ='[4]B11-L8'!J60 -> PAID | BW53: 34058 | BX53: =BW53-BY53 -> -12411.45 | BY53: =BZ52*16%/12 -> 46469.45 | BZ53: =BZ52-BX53 -> 3497620.2
A54: =IF(Values_Entered,A53+1,"") -> 30 | B54: =B53+31 -> 45889 | C54: =IF(Pay_Num<>"",I53,"") -> 2651884.7 | D54: =IF(Pay_Num<>"",Scheduled_Monthly_Payment,"") -> 39635.364 | F54: =IF(AND(Pay_Num<>"",Sched_Pay+Extra_Pay<Beg_Bal),Sched_Pay+Extra_Pay,IF(Pay_Num<>"",Beg_Bal,"")) -> 39635.364 | G54: =IF(Pay_Num<>"",Total_Pay-Int,"") -> 20851.181 | H54: =IF(Pay_Num<>"",Beg_Bal*Interest_Rate/Num_Pmt_Per_Year,"") -> 18784.183 | I54: =IF(AND(Pay_Num<>"",Sched_Pay+Extra_Pay<Beg_Bal),Beg_Bal-Princ,IF(Pay_Num<>"",0,"")) -> 2631033.5 | J54: ='[4]B11-L8'!J61 -> PAID | BW54: 34058 | BX54: =BW54-BY54 -> -12576.936 | BY54: =BZ53*16%/12 -> 46634.936 | BZ54: =BZ53-BX54 -> 3510197.2
A55: =IF(Values_Entered,A54+1,"") -> 31 | B55: =B54+31 -> 45920 | C55: =IF(Pay_Num<>"",I54,"") -> 2631033.5 | D55: =IF(Pay_Num<>"",Scheduled_Monthly_Payment,"") -> 39635.364 | F55: =IF(AND(Pay_Num<>"",Sched_Pay+Extra_Pay<Beg_Bal),Sched_Pay+Extra_Pay,IF(Pay_Num<>"",Beg_Bal,"")) -> 39635.364 | G55: =IF(Pay_Num<>"",Total_Pay-Int,"") -> 20998.877 | H55: =IF(Pay_Num<>"",Beg_Bal*Interest_Rate/Num_Pmt_Per_Year,"") -> 18636.487 | I55: =IF(AND(Pay_Num<>"",Sched_Pay+Extra_Pay<Beg_Bal),Beg_Bal-Princ,IF(Pay_Num<>"",0,"")) -> 2610034.6 | J55: ='[4]B11-L8'!J62 -> PAID | BW55: 34058 | BX55: =BW55-BY55 -> -12744.629 | BY55: =BZ54*16%/12 -> 46802.629 | BZ55: =BZ54-BX55 -> 3522941.8
A56: =IF(Values_Entered,A55+1,"") -> 32 | B56: =B55+30 -> 45950 | C56: =IF(Pay_Num<>"",I55,"") -> 2610034.6 | D56: =IF(Pay_Num<>"",Scheduled_Monthly_Payment,"") -> 39635.364 | F56: =IF(AND(Pay_Num<>"",Sched_Pay+Extra_Pay<Beg_Bal),Sched_Pay+Extra_Pay,IF(Pay_Num<>"",Beg_Bal,"")) -> 39635.364 | G56: =IF(Pay_Num<>"",Total_Pay-Int,"") -> 21147.619 | H56: =IF(Pay_Num<>"",Beg_Bal*Interest_Rate/Num_Pmt_Per_Year,"") -> 18487.745 | I56: =IF(AND(Pay_Num<>"",Sched_Pay+Extra_Pay<Beg_Bal),Beg_Bal-Princ,IF(Pay_Num<>"",0,"")) -> 2588887 | J56: ='[4]B11-L8'!J63 -> PAID | BW56: 34058 | BX56: =BW56-BY56 -> -12914.557 | BY56: =BZ55*16%/12 -> 46972.557 | BZ56: =BZ55-BX56 -> 3535856.3
A57: =IF(Values_Entered,A56+1,"") -> 33 | B57: =B56+31 -> 45981 | C57: =IF(Pay_Num<>"",I56,"") -> 2588887 | D57: =IF(Pay_Num<>"",Scheduled_Monthly_Payment,"") -> 39635.364 | F57: =IF(AND(Pay_Num<>"",Sched_Pay+Extra_Pay<Beg_Bal),Sched_Pay+Extra_Pay,IF(Pay_Num<>"",Beg_Bal,"")) -> 39635.364 | G57: =IF(Pay_Num<>"",Total_Pay-Int,"") -> 21297.415 | H57: =IF(Pay_Num<>"",Beg_Bal*Interest_Rate/Num_Pmt_Per_Year,"") -> 18337.95 | I57: =IF(AND(Pay_Num<>"",Sched_Pay+Extra_Pay<Beg_Bal),Beg_Bal-Princ,IF(Pay_Num<>"",0,"")) -> 2567589.6 | J57: ='[4]B11-L8'!J64 -> PAID | BW57: 34058 | BX57: =BW57-BY57 -> -13086.751 | BY57: =BZ56*16%/12 -> 47144.751 | BZ57: =BZ56-BX57 -> 3548943.1
A58: =IF(Values_Entered,A57+1,"") -> 34 | B58: =B57+30 -> 46011 | C58: =IF(Pay_Num<>"",I57,"") -> 2567589.6 | D58: =IF(Pay_Num<>"",Scheduled_Monthly_Payment,"") -> 39635.364 | F58: =IF(AND(Pay_Num<>"",Sched_Pay+Extra_Pay<Beg_Bal),Sched_Pay+Extra_Pay,IF(Pay_Num<>"",Beg_Bal,"")) -> 39635.364 | G58: =IF(Pay_Num<>"",Total_Pay-Int,"") -> 21448.272 | H58: =IF(Pay_Num<>"",Beg_Bal*Interest_Rate/Num_Pmt_Per_Year,"") -> 18187.093 | I58: =IF(AND(Pay_Num<>"",Sched_Pay+Extra_Pay<Beg_Bal),Beg_Bal-Princ,IF(Pay_Num<>"",0,"")) -> 2546141.3 | J58: ='[4]B11-L8'!J65 -> PAID | BW58: 34058 | BX58: =BW58-BY58 -> -13261.241 | BY58: =BZ57*16%/12 -> 47319.241 | BZ58: =BZ57-BX58 -> 3562204.3
A59: =IF(Values_Entered,A58+1,"") -> 35 | B59: =B58+31 -> 46042 | C59: =IF(Pay_Num<>"",I58,"") -> 2546141.3 | D59: =IF(Pay_Num<>"",Scheduled_Monthly_Payment,"") -> 39635.364 | F59: =IF(AND(Pay_Num<>"",Sched_Pay+Extra_Pay<Beg_Bal),Sched_Pay+Extra_Pay,IF(Pay_Num<>"",Beg_Bal,"")) -> 39635.364 | G59: =IF(Pay_Num<>"",Total_Pay-Int,"") -> 21600.197 | H59: =IF(Pay_Num<>"",Beg_Bal*Interest_Rate/Num_Pmt_Per_Year,"") -> 18035.168 | I59: =IF(AND(Pay_Num<>"",Sched_Pay+Extra_Pay<Beg_Bal),Beg_Bal-Princ,IF(Pay_Num<>"",0,"")) -> 2524541.1 | J59: ='[4]B11-L8'!J66 -> PAID | BW59: 34058 | BX59: =BW59-BY59 -> -13438.058 | BY59: =BZ58*16%/12 -> 47496.058 | BZ59: =BZ58-BX59 -> 3575642.4
A60: =IF(Values_Entered,A59+1,"") -> 36 | B60: =B59+31 -> 46073 | C60: =IF(Pay_Num<>"",I59,"") -> 2524541.1 | D60: =IF(Pay_Num<>"",Scheduled_Monthly_Payment,"") -> 39635.364 | F60: =IF(AND(Pay_Num<>"",Sched_Pay+Extra_Pay<Beg_Bal),Sched_Pay+Extra_Pay,IF(Pay_Num<>"",Beg_Bal,"")) -> 39635.364 | G60: =IF(Pay_Num<>"",Total_Pay-Int,"") -> 21753.198 | H60: =IF(Pay_Num<>"",Beg_Bal*Interest_Rate/Num_Pmt_Per_Year,"") -> 17882.166 | I60: =IF(AND(Pay_Num<>"",Sched_Pay+Extra_Pay<Beg_Bal),Beg_Bal-Princ,IF(Pay_Num<>"",0,"")) -> 2502787.9 | J60: ='[4]B11-L8'!J67 -> PAID | BW60: 34058 | BX60: =BW60-BY60 -> -13617.232 | BY60: =BZ59*16%/12 -> 47675.232 | BZ60: =BZ59-BX60 -> 3589259.6
A61: =IF(Values_Entered,A60+1,"") -> 37 | B61: =B60+28 -> 46101 | C61: =IF(Pay_Num<>"",I60,"") -> 2502787.9 | D61: =IF(Pay_Num<>"",Scheduled_Monthly_Payment,"") -> 39635.364 | F61: =IF(AND(Pay_Num<>"",Sched_Pay+Extra_Pay<Beg_Bal),Sched_Pay+Extra_Pay,IF(Pay_Num<>"",Beg_Bal,"")) -> 39635.364 | G61: =IF(Pay_Num<>"",Total_Pay-Int,"") -> 21907.283 | H61: =IF(Pay_Num<>"",Beg_Bal*Interest_Rate/Num_Pmt_Per_Year,"") -> 17728.081 | I61: =IF(AND(Pay_Num<>"",Sched_Pay+Extra_Pay<Beg_Bal),Beg_Bal-Princ,IF(Pay_Num<>"",0,"")) -> 2480880.6 | J61: ='[4]B11-L8'!J68 -> PAID | BW61: 34058 | BX61: =BW61-BY61 -> -13798.795 | BY61: =BZ60*16%/12 -> 47856.795 | BZ61: =BZ60-BX61 -> 3603058.4
A62: =IF(Values_Entered,A61+1,"") -> 38 | B62: =B61+31 -> 46132 | C62: =IF(Pay_Num<>"",I61,"") -> 2480880.6 | D62: =IF(Pay_Num<>"",Scheduled_Monthly_Payment,"") -> 39635.364 | F62: =IF(AND(Pay_Num<>"",Sched_Pay+Extra_Pay<Beg_Bal),Sched_Pay+Extra_Pay,IF(Pay_Num<>"",Beg_Bal,"")) -> 39635.364 | G62: =IF(Pay_Num<>"",Total_Pay-Int,"") -> 22062.46 | H62: =IF(Pay_Num<>"",Beg_Bal*Interest_Rate/Num_Pmt_Per_Year,"") -> 17572.905 | I62: =IF(AND(Pay_Num<>"",Sched_Pay+Extra_Pay<Beg_Bal),Beg_Bal-Princ,IF(Pay_Num<>"",0,"")) -> 2458818.2 | J62: ='[4]B11-L8'!J69 -> BOUNCED CHECK 2.28.2024 | BW62: 34058 | BX62: =BW62-BY62 -> -13982.779 | BY62: =BZ61*16%/12 -> 48040.779 | BZ62: =BZ61-BX62 -> 3617041.2
A63: =IF(Values_Entered,A62+1,"") -> 39 | B63: =B62+30 -> 46162 | C63: =IF(Pay_Num<>"",I62,"") -> 2458818.2 | D63: =IF(Pay_Num<>"",Scheduled_Monthly_Payment,"") -> 39635.364 | F63: =IF(AND(Pay_Num<>"",Sched_Pay+Extra_Pay<Beg_Bal),Sched_Pay+Extra_Pay,IF(Pay_Num<>"",Beg_Bal,"")) -> 39635.364 | G63: =IF(Pay_Num<>"",Total_Pay-Int,"") -> 22218.736 | H63: =IF(Pay_Num<>"",Beg_Bal*Interest_Rate/Num_Pmt_Per_Year,"") -> 17416.629 | I63: =IF(AND(Pay_Num<>"",Sched_Pay+Extra_Pay<Beg_Bal),Beg_Bal-Princ,IF(Pay_Num<>"",0,"")) -> 2436599.4 | J63: ='[4]B11-L8'!J70 -> 0 | BW63: 34058 | BX63: =BW63-BY63 -> -14169.216 | BY63: =BZ62*16%/12 -> 48227.216 | BZ63: =BZ62-BX63 -> 3631210.4
A64: =IF(Values_Entered,A63+1,"") -> 40 | B64: =B63+31 -> 46193 | C64: =IF(Pay_Num<>"",I63,"") -> 2436599.4 | D64: =IF(Pay_Num<>"",Scheduled_Monthly_Payment,"") -> 39635.364 | F64: =IF(AND(Pay_Num<>"",Sched_Pay+Extra_Pay<Beg_Bal),Sched_Pay+Extra_Pay,IF(Pay_Num<>"",Beg_Bal,"")) -> 39635.364 | G64: =IF(Pay_Num<>"",Total_Pay-Int,"") -> 22376.118 | H64: =IF(Pay_Num<>"",Beg_Bal*Interest_Rate/Num_Pmt_Per_Year,"") -> 17259.246 | I64: =IF(AND(Pay_Num<>"",Sched_Pay+Extra_Pay<Beg_Bal),Beg_Bal-Princ,IF(Pay_Num<>"",0,"")) -> 2414223.3 | J64: ='[4]B11-L8'!J71 -> PAID | BW64: 34058 | BX64: =BW64-BY64 -> -14358.139 | BY64: =BZ63*16%/12 -> 48416.139 | BZ64: =BZ63-BX64 -> 3645568.6
A65: =IF(Values_Entered,A64+1,"") -> 41 | B65: =B64+30 -> 46223 | C65: =IF(Pay_Num<>"",I64,"") -> 2414223.3 | D65: =IF(Pay_Num<>"",Scheduled_Monthly_Payment,"") -> 39635.364 | F65: =IF(AND(Pay_Num<>"",Sched_Pay+Extra_Pay<Beg_Bal),Sched_Pay+Extra_Pay,IF(Pay_Num<>"",Beg_Bal,"")) -> 39635.364 | G65: =IF(Pay_Num<>"",Total_Pay-Int,"") -> 22534.616 | H65: =IF(Pay_Num<>"",Beg_Bal*Interest_Rate/Num_Pmt_Per_Year,"") -> 17100.749 | I65: =IF(AND(Pay_Num<>"",Sched_Pay+Extra_Pay<Beg_Bal),Beg_Bal-Princ,IF(Pay_Num<>"",0,"")) -> 2391688.7 | J65: ='[4]B11-L8'!J72 -> PAID | BW65: 34058 | BX65: =BW65-BY65 -> -14549.581 | BY65: =BZ64*16%/12 -> 48607.581 | BZ65: =BZ64-BX65 -> 3660118.1
A66: =IF(Values_Entered,A65+1,"") -> 42 | B66: =B65+31 -> 46254 | C66: =IF(Pay_Num<>"",I65,"") -> 2391688.7 | D66: =IF(Pay_Num<>"",Scheduled_Monthly_Payment,"") -> 39635.364 | F66: =IF(AND(Pay_Num<>"",Sched_Pay+Extra_Pay<Beg_Bal),Sched_Pay+Extra_Pay,IF(Pay_Num<>"",Beg_Bal,"")) -> 39635.364 | G66: =IF(Pay_Num<>"",Total_Pay-Int,"") -> 22694.236 | H66: =IF(Pay_Num<>"",Beg_Bal*Interest_Rate/Num_Pmt_Per_Year,"") -> 16941.128 | I66: =IF(AND(Pay_Num<>"",Sched_Pay+Extra_Pay<Beg_Bal),Beg_Bal-Princ,IF(Pay_Num<>"",0,"")) -> 2368994.5 | J66: ='[4]B11-L8'!J73 -> PAID | BW66: 34058 | BX66: =BW66-BY66 -> -14743.575 | BY66: =BZ65*16%/12 -> 48801.575 | BZ66: =BZ65-BX66 -> 3674861.7
A67: =IF(Values_Entered,A66+1,"") -> 43 | B67: =B66+31 -> 46285 | C67: =IF(Pay_Num<>"",I66,"") -> 2368994.5 | D67: =IF(Pay_Num<>"",Scheduled_Monthly_Payment,"") -> 39635.364 | F67: =IF(AND(Pay_Num<>"",Sched_Pay+Extra_Pay<Beg_Bal),Sched_Pay+Extra_Pay,IF(Pay_Num<>"",Beg_Bal,"")) -> 39635.364 | G67: =IF(Pay_Num<>"",Total_Pay-Int,"") -> 22854.987 | H67: =IF(Pay_Num<>"",Beg_Bal*Interest_Rate/Num_Pmt_Per_Year,"") -> 16780.378 | I67: =IF(AND(Pay_Num<>"",Sched_Pay+Extra_Pay<Beg_Bal),Beg_Bal-Princ,IF(Pay_Num<>"",0,"")) -> 2346139.5 | J67: ='[4]B11-L8'!J74 -> PAID | BW67: 34058 | BX67: =BW67-BY67 -> -14940.156 | BY67: =BZ66*16%/12 -> 48998.156 | BZ67: =BZ66-BX67 -> 3689801.9
A68: =IF(Values_Entered,A67+1,"") -> 44 | B68: =B67+30 -> 46315 | C68: =IF(Pay_Num<>"",I67,"") -> 2346139.5 | D68: =IF(Pay_Num<>"",Scheduled_Monthly_Payment,"") -> 39635.364 | F68: =IF(AND(Pay_Num<>"",Sched_Pay+Extra_Pay<Beg_Bal),Sched_Pay+Extra_Pay,IF(Pay_Num<>"",Beg_Bal,"")) -> 39635.364 | G68: =IF(Pay_Num<>"",Total_Pay-Int,"") -> 23016.876 | H68: =IF(Pay_Num<>"",Beg_Bal*Interest_Rate/Num_Pmt_Per_Year,"") -> 16618.488 | I68: =IF(AND(Pay_Num<>"",Sched_Pay+Extra_Pay<Beg_Bal),Beg_Bal-Princ,IF(Pay_Num<>"",0,"")) -> 2323122.6 | J68: ='[4]B11-L8'!J75 -> PAID | BW68: 34058 | BX68: =BW68-BY68 -> -15139.358 | BY68: =BZ67*16%/12 -> 49197.358 | BZ68: =BZ67-BX68 -> 3704941.2
A69: =IF(Values_Entered,A68+1,"") -> 45 | B69: =B68+31 -> 46346 | C69: =IF(Pay_Num<>"",I68,"") -> 2323122.6 | D69: =IF(Pay_Num<>"",Scheduled_Monthly_Payment,"") -> 39635.364 | F69: =IF(AND(Pay_Num<>"",Sched_Pay+Extra_Pay<Beg_Bal),Sched_Pay+Extra_Pay,IF(Pay_Num<>"",Beg_Bal,"")) -> 39635.364 | G69: =IF(Pay_Num<>"",Total_Pay-Int,"") -> 23179.913 | H69: =IF(Pay_Num<>"",Beg_Bal*Interest_Rate/Num_Pmt_Per_Year,"") -> 16455.452 | I69: =IF(AND(Pay_Num<>"",Sched_Pay+Extra_Pay<Beg_Bal),Beg_Bal-Princ,IF(Pay_Num<>"",0,"")) -> 2299942.7 | J69: ='[4]B11-L8'!J76 -> PAID | BW69: 34058 | BX69: =BW69-BY69 -> -15341.216 | BY69: =BZ68*16%/12 -> 49399.216 | BZ69: =BZ68-BX69 -> 3720282.4
A70: =IF(Values_Entered,A69+1,"") -> 46 | B70: =B69+30 -> 46376 | C70: =IF(Pay_Num<>"",I69,"") -> 2299942.7 | D70: =IF(Pay_Num<>"",Scheduled_Monthly_Payment,"") -> 39635.364 | F70: =IF(AND(Pay_Num<>"",Sched_Pay+Extra_Pay<Beg_Bal),Sched_Pay+Extra_Pay,IF(Pay_Num<>"",Beg_Bal,"")) -> 39635.364 | G70: =IF(Pay_Num<>"",Total_Pay-Int,"") -> 23344.104 | H70: =IF(Pay_Num<>"",Beg_Bal*Interest_Rate/Num_Pmt_Per_Year,"") -> 16291.261 | I70: =IF(AND(Pay_Num<>"",Sched_Pay+Extra_Pay<Beg_Bal),Beg_Bal-Princ,IF(Pay_Num<>"",0,"")) -> 2276598.6 | J70: ='[4]B11-L8'!J77 -> PAID | BW70: 34058 | BX70: =BW70-BY70 -> -15545.766 | BY70: =BZ69*16%/12 -> 49603.766 | BZ70: =BZ69-BX70 -> 3735828.2
A71: =IF(Values_Entered,A70+1,"") -> 47 | B71: =B70+31 -> 46407 | C71: =IF(Pay_Num<>"",I70,"") -> 2276598.6 | D71: =IF(Pay_Num<>"",Scheduled_Monthly_Payment,"") -> 39635.364 | F71: =IF(AND(Pay_Num<>"",Sched_Pay+Extra_Pay<Beg_Bal),Sched_Pay+Extra_Pay,IF(Pay_Num<>"",Beg_Bal,"")) -> 39635.364 | G71: =IF(Pay_Num<>"",Total_Pay-Int,"") -> 23509.458 | H71: =IF(Pay_Num<>"",Beg_Bal*Interest_Rate/Num_Pmt_Per_Year,"") -> 16125.907 | I71: =IF(AND(Pay_Num<>"",Sched_Pay+Extra_Pay<Beg_Bal),Beg_Bal-Princ,IF(Pay_Num<>"",0,"")) -> 2253089.1 | J71: ='[4]B11-L8'!J78 -> PAID | BW71: 34058 | BX71: =BW71-BY71 -> -15753.043 | BY71: =BZ70*16%/12 -> 49811.043 | BZ71: =BZ70-BX71 -> 3751581.2
A72: =IF(Values_Entered,A71+1,"") -> 48 | B72: =B71+31 -> 46438 | C72: =IF(Pay_Num<>"",I71,"") -> 2253089.1 | D72: =IF(Pay_Num<>"",Scheduled_Monthly_Payment,"") -> 39635.364 | F72: =IF(AND(Pay_Num<>"",Sched_Pay+Extra_Pay<Beg_Bal),Sched_Pay+Extra_Pay,IF(Pay_Num<>"",Beg_Bal,"")) -> 39635.364 | G72: =IF(Pay_Num<>"",Total_Pay-Int,"") -> 23675.983 | H72: =IF(Pay_Num<>"",Beg_Bal*Interest_Rate/Num_Pmt_Per_Year,"") -> 15959.381 | I72: =IF(AND(Pay_Num<>"",Sched_Pay+Extra_Pay<Beg_Bal),Beg_Bal-Princ,IF(Pay_Num<>"",0,"")) -> 2229413.2 | J72: ='[4]B11-L8'!J79 -> PAID | BW72: 34058 | BX72: =BW72-BY72 -> -15963.083 | BY72: =BZ71*16%/12 -> 50021.083 | BZ72: =BZ71-BX72 -> 3767544.3
A73: =IF(Values_Entered,A72+1,"") -> 49 | B73: =B72+28 -> 46466 | C73: =IF(Pay_Num<>"",I72,"") -> 2229413.2 | D73: =IF(Pay_Num<>"",Scheduled_Monthly_Payment,"") -> 39635.364 | F73: =IF(AND(Pay_Num<>"",Sched_Pay+Extra_Pay<Beg_Bal),Sched_Pay+Extra_Pay,IF(Pay_Num<>"",Beg_Bal,"")) -> 39635.364 | G73: =IF(Pay_Num<>"",Total_Pay-Int,"") -> 23843.688 | H73: =IF(Pay_Num<>"",Beg_Bal*Interest_Rate/Num_Pmt_Per_Year,"") -> 15791.676 | I73: =IF(AND(Pay_Num<>"",Sched_Pay+Extra_Pay<Beg_Bal),Beg_Bal-Princ,IF(Pay_Num<>"",0,"")) -> 2205569.5 | J73: ='[4]B11-L8'!J80 -> PAID | BW73: 34058 | BX73: =BW73-BY73 -> -16175.924 | BY73: =BZ72*16%/12 -> 50233.924 | BZ73: =BZ72-BX73 -> 3783720.3
A74: =IF(Values_Entered,A73+1,"") -> 50 | B74: =B73+31 -> 46497 | C74: =IF(Pay_Num<>"",I73,"") -> 2205569.5 | D74: =IF(Pay_Num<>"",Scheduled_Monthly_Payment,"") -> 39635.364 | F74: =IF(AND(Pay_Num<>"",Sched_Pay+Extra_Pay<Beg_Bal),Sched_Pay+Extra_Pay,IF(Pay_Num<>"",Beg_Bal,"")) -> 39635.364 | G74: =IF(Pay_Num<>"",Total_Pay-Int,"") -> 24012.581 | H74: =IF(Pay_Num<>"",Beg_Bal*Interest_Rate/Num_Pmt_Per_Year,"") -> 15622.784 | I74: =IF(AND(Pay_Num<>"",Sched_Pay+Extra_Pay<Beg_Bal),Beg_Bal-Princ,IF(Pay_Num<>"",0,"")) -> 2181556.9 | J74: ='[4]B11-L8'!J81 -> PAID | BW74: 34058 | BX74: =BW74-BY74 -> -16391.603 | BY74: =BZ73*16%/12 -> 50449.603 | BZ74: =BZ73-BX74 -> 3800111.9
A75: =IF(Values_Entered,A74+1,"") -> 51 | B75: =B74+30 -> 46527 | C75: =IF(Pay_Num<>"",I74,"") -> 2181556.9 | D75: =IF(Pay_Num<>"",Scheduled_Monthly_Payment,"") -> 39635.364 | F75: =IF(AND(Pay_Num<>"",Sched_Pay+Extra_Pay<Beg_Bal),Sched_Pay+Extra_Pay,IF(Pay_Num<>"",Beg_Bal,"")) -> 39635.364 | G75: =IF(Pay_Num<>"",Total_Pay-Int,"") -> 24182.67 | H75: =IF(Pay_Num<>"",Beg_Bal*Interest_Rate/Num_Pmt_Per_Year,"") -> 15452.695 | I75: =IF(AND(Pay_Num<>"",Sched_Pay+Extra_Pay<Beg_Bal),Beg_Bal-Princ,IF(Pay_Num<>"",0,"")) -> 2157374.2 | J75: ='[4]B11-L8'!J82 -> PAID | BW75: 34058 | BX75: =BW75-BY75 -> -16610.158 | BY75: =BZ74*16%/12 -> 50668.158 | BZ75: =BZ74-BX75 -> 3816722
A76: =IF(Values_Entered,A75+1,"") -> 52 | B76: =B75+31 -> 46558 | C76: =IF(Pay_Num<>"",I75,"") -> 2157374.2 | D76: =IF(Pay_Num<>"",Scheduled_Monthly_Payment,"") -> 39635.364 | F76: =IF(AND(Pay_Num<>"",Sched_Pay+Extra_Pay<Beg_Bal),Sched_Pay+Extra_Pay,IF(Pay_Num<>"",Beg_Bal,"")) -> 39635.364 | G76: =IF(Pay_Num<>"",Total_Pay-Int,"") -> 24353.964 | H76: =IF(Pay_Num<>"",Beg_Bal*Interest_Rate/Num_Pmt_Per_Year,"") -> 15281.401 | I76: =IF(AND(Pay_Num<>"",Sched_Pay+Extra_Pay<Beg_Bal),Beg_Bal-Princ,IF(Pay_Num<>"",0,"")) -> 2133020.2 | J76: ='[4]B11-L8'!J83 -> PAID | BW76: 34058 | BX76: =BW76-BY76 -> -16831.627 | BY76: =BZ75*16%/12 -> 50889.627 | BZ76: =BZ75-BX76 -> 3833553.6
A77: =IF(Values_Entered,A76+1,"") -> 53 | B77: =B76+30 -> 46588 | C77: =IF(Pay_Num<>"",I76,"") -> 2133020.2 | D77: =IF(Pay_Num<>"",Scheduled_Monthly_Payment,"") -> 39635.364 | F77: =IF(AND(Pay_Num<>"",Sched_Pay+Extra_Pay<Beg_Bal),Sched_Pay+Extra_Pay,IF(Pay_Num<>"",Beg_Bal,"")) -> 39635.364 | G77: =IF(Pay_Num<>"",Total_Pay-Int,"") -> 24526.471 | H77: =IF(Pay_Num<>"",Beg_Bal*Interest_Rate/Num_Pmt_Per_Year,"") -> 15108.893 | I77: =IF(AND(Pay_Num<>"",Sched_Pay+Extra_Pay<Beg_Bal),Beg_Bal-Princ,IF(Pay_Num<>"",0,"")) -> 2108493.8 | J77: ='[4]B11-L8'!J84 -> PAID | BW77: 34058 | BX77: =BW77-BY77 -> -17056.049 | BY77: =BZ76*16%/12 -> 51114.049 | BZ77: =BZ76-BX77 -> 3850609.7
A78: =IF(Values_Entered,A77+1,"") -> 54 | B78: =B77+31 -> 46619 | C78: =IF(Pay_Num<>"",I77,"") -> 2108493.8 | D78: =IF(Pay_Num<>"",Scheduled_Monthly_Payment,"") -> 39635.364 | F78: =IF(AND(Pay_Num<>"",Sched_Pay+Extra_Pay<Beg_Bal),Sched_Pay+Extra_Pay,IF(Pay_Num<>"",Beg_Bal,"")) -> 39635.364 | G78: =IF(Pay_Num<>"",Total_Pay-Int,"") -> 24700.2 | H78: =IF(Pay_Num<>"",Beg_Bal*Interest_Rate/Num_Pmt_Per_Year,"") -> 14935.164 | I78: =IF(AND(Pay_Num<>"",Sched_Pay+Extra_Pay<Beg_Bal),Beg_Bal-Princ,IF(Pay_Num<>"",0,"")) -> 2083793.6 | J78: ='[4]B11-L8'!J85 -> PAID | BW78: 34058 | BX78: =BW78-BY78 -> -17283.463 | BY78: =BZ77*16%/12 -> 51341.463 | BZ78: =BZ77-BX78 -> 3867893.2
A79: =IF(Values_Entered,A78+1,"") -> 55 | B79: =B78+31 -> 46650 | C79: =IF(Pay_Num<>"",I78,"") -> 2083793.6 | D79: =IF(Pay_Num<>"",Scheduled_Monthly_Payment,"") -> 39635.364 | F79: =IF(AND(Pay_Num<>"",Sched_Pay+Extra_Pay<Beg_Bal),Sched_Pay+Extra_Pay,IF(Pay_Num<>"",Beg_Bal,"")) -> 39635.364 | G79: =IF(Pay_Num<>"",Total_Pay-Int,"") -> 24875.16 | H79: =IF(Pay_Num<>"",Beg_Bal*Interest_Rate/Num_Pmt_Per_Year,"") -> 14760.205 | I79: =IF(AND(Pay_Num<>"",Sched_Pay+Extra_Pay<Beg_Bal),Beg_Bal-Princ,IF(Pay_Num<>"",0,"")) -> 2058918.4 | J79: ='[4]B11-L8'!J86 -> PAID | BW79: 34058 | BX79: =BW79-BY79 -> -17513.909 | BY79: =BZ78*16%/12 -> 51571.909 | BZ79: =BZ78-BX79 -> 3885407.1
A80: =IF(Values_Entered,A79+1,"") -> 56 | B80: =B79+30 -> 46680 | C80: =IF(Pay_Num<>"",I79,"") -> 2058918.4 | D80: =IF(Pay_Num<>"",Scheduled_Monthly_Payment,"") -> 39635.364 | F80: =IF(AND(Pay_Num<>"",Sched_Pay+Extra_Pay<Beg_Bal),Sched_Pay+Extra_Pay,IF(Pay_Num<>"",Beg_Bal,"")) -> 39635.364 | G80: =IF(Pay_Num<>"",Total_Pay-Int,"") -> 25051.359 | H80: =IF(Pay_Num<>"",Beg_Bal*Interest_Rate/Num_Pmt_Per_Year,"") -> 14584.005 | I80: =IF(AND(Pay_Num<>"",Sched_Pay+Extra_Pay<Beg_Bal),Beg_Bal-Princ,IF(Pay_Num<>"",0,"")) -> 2033867.1 | J80: ='[4]B11-L8'!J87 -> 0 | BW80: 34058 | BX80: =BW80-BY80 -> -17747.427 | BY80: =BZ79*16%/12 -> 51805.427 | BZ80: =BZ79-BX80 -> 3903154.5
A81: =IF(Values_Entered,A80+1,"") -> 57 | B81: =B80+31 -> 46711 | C81: =IF(Pay_Num<>"",I80,"") -> 2033867.1 | D81: =IF(Pay_Num<>"",Scheduled_Monthly_Payment,"") -> 39635.364 | F81: =IF(AND(Pay_Num<>"",Sched_Pay+Extra_Pay<Beg_Bal),Sched_Pay+Extra_Pay,IF(Pay_Num<>"",Beg_Bal,"")) -> 39635.364 | G81: =IF(Pay_Num<>"",Total_Pay-Int,"") -> 25228.806 | H81: =IF(Pay_Num<>"",Beg_Bal*Interest_Rate/Num_Pmt_Per_Year,"") -> 14406.558 | I81: =IF(AND(Pay_Num<>"",Sched_Pay+Extra_Pay<Beg_Bal),Beg_Bal-Princ,IF(Pay_Num<>"",0,"")) -> 2008638.3 | J81: ='[4]B11-L8'!J88 -> 0 | BW81: 34058 | BX81: =BW81-BY81 -> -17984.06 | BY81: =BZ80*16%/12 -> 52042.06 | BZ81: =BZ80-BX81 -> 3921138.5
A82: =IF(Values_Entered,A81+1,"") -> 58 | B82: =B81+30 -> 46741 | C82: =IF(Pay_Num<>"",I81,"") -> 2008638.3 | D82: =IF(Pay_Num<>"",Scheduled_Monthly_Payment,"") -> 39635.364 | F82: =IF(AND(Pay_Num<>"",Sched_Pay+Extra_Pay<Beg_Bal),Sched_Pay+Extra_Pay,IF(Pay_Num<>"",Beg_Bal,"")) -> 39635.364 | G82: =IF(Pay_Num<>"",Total_Pay-Int,"") -> 25407.51 | H82: =IF(Pay_Num<>"",Beg_Bal*Interest_Rate/Num_Pmt_Per_Year,"") -> 14227.854 | I82: =IF(AND(Pay_Num<>"",Sched_Pay+Extra_Pay<Beg_Bal),Beg_Bal-Princ,IF(Pay_Num<>"",0,"")) -> 1983230.7 | J82: ='[4]B11-L8'!J89 -> 0 | BW82: 34058 | BX82: =BW82-BY82 -> -18223.847 | BY82: =BZ81*16%/12 -> 52281.847 | BZ82: =BZ81-BX82 -> 3939362.4
A83: =IF(Values_Entered,A82+1,"") -> 59 | B83: =B82+31 -> 46772 | C83: =IF(Pay_Num<>"",I82,"") -> 1983230.7 | D83: =IF(Pay_Num<>"",Scheduled_Monthly_Payment,"") -> 39635.364 | F83: =IF(AND(Pay_Num<>"",Sched_Pay+Extra_Pay<Beg_Bal),Sched_Pay+Extra_Pay,IF(Pay_Num<>"",Beg_Bal,"")) -> 39635.364 | G83: =IF(Pay_Num<>"",Total_Pay-Int,"") -> 25587.48 | H83: =IF(Pay_Num<>"",Beg_Bal*Interest_Rate/Num_Pmt_Per_Year,"") -> 14047.884 | I83: =IF(AND(Pay_Num<>"",Sched_Pay+Extra_Pay<Beg_Bal),Beg_Bal-Princ,IF(Pay_Num<>"",0,"")) -> 1957643.3 | J83: ='[4]B11-L8'!J90 -> 0 | BW83: 34058 | BX83: =BW83-BY83 -> -18466.832 | BY83: =BZ82*16%/12 -> 52524.832 | BZ83: =BZ82-BX83 -> 3957829.2
A84: =IF(Values_Entered,A83+1,"") -> 60 | B84: =B83+31 -> 46803 | C84: =IF(Pay_Num<>"",I83,"") -> 1957643.3 | D84: =IF(Pay_Num<>"",Scheduled_Monthly_Payment,"") -> 39635.364 | F84: =IF(AND(Pay_Num<>"",Sched_Pay+Extra_Pay<Beg_Bal),Sched_Pay+Extra_Pay,IF(Pay_Num<>"",Beg_Bal,"")) -> 39635.364 | G84: =IF(Pay_Num<>"",Total_Pay-Int,"") -> 25768.725 | H84: =IF(Pay_Num<>"",Beg_Bal*Interest_Rate/Num_Pmt_Per_Year,"") -> 13866.64 | I84: =IF(AND(Pay_Num<>"",Sched_Pay+Extra_Pay<Beg_Bal),Beg_Bal-Princ,IF(Pay_Num<>"",0,"")) -> 1931874.5 | J84: ='[4]B11-L8'!J91 -> 0 | BW84: 34058 | BX84: =BW84-BY84-0.44 -> -18713.496 | BY84: =BZ83*16%/12 -> 52771.056 | BZ84: =BZ83-BX84 -> 3976542.7
A85: =IF(Values_Entered,A84+1,"") -> 61 | B85: =B84+29 -> 46832 | C85: =IF(Pay_Num<>"",I84,"") -> 1931874.5 | D85: =IF(Pay_Num<>"",Scheduled_Monthly_Payment,"") -> 39635.364 | F85: =IF(AND(Pay_Num<>"",Sched_Pay+Extra_Pay<Beg_Bal),Sched_Pay+Extra_Pay,IF(Pay_Num<>"",Beg_Bal,"")) -> 39635.364 | G85: =IF(Pay_Num<>"",Total_Pay-Int,"") -> 25951.253 | H85: =IF(Pay_Num<>"",Beg_Bal*Interest_Rate/Num_Pmt_Per_Year,"") -> 13684.111 | I85: =IF(AND(Pay_Num<>"",Sched_Pay+Extra_Pay<Beg_Bal),Beg_Bal-Princ,IF(Pay_Num<>"",0,"")) -> 1905923.3
A86: =IF(Values_Entered,A85+1,"") -> 62 | B86: =B85+31 -> 46863 | C86: =IF(Pay_Num<>"",I85,"") -> 1905923.3 | D86: =IF(Pay_Num<>"",Scheduled_Monthly_Payment,"") -> 39635.364 | F86: =IF(AND(Pay_Num<>"",Sched_Pay+Extra_Pay<Beg_Bal),Sched_Pay+Extra_Pay,IF(Pay_Num<>"",Beg_Bal,"")) -> 39635.364 | G86: =IF(Pay_Num<>"",Total_Pay-Int,"") -> 26135.075 | H86: =IF(Pay_Num<>"",Beg_Bal*Interest_Rate/Num_Pmt_Per_Year,"") -> 13500.29 | I86: =IF(AND(Pay_Num<>"",Sched_Pay+Extra_Pay<Beg_Bal),Beg_Bal-Princ,IF(Pay_Num<>"",0,"")) -> 1879788.2
A87: =IF(Values_Entered,A86+1,"") -> 63 | B87: =B86+30 -> 46893 | C87: =IF(Pay_Num<>"",I86,"") -> 1879788.2 | D87: =IF(Pay_Num<>"",Scheduled_Monthly_Payment,"") -> 39635.364 | F87: =IF(AND(Pay_Num<>"",Sched_Pay+Extra_Pay<Beg_Bal),Sched_Pay+Extra_Pay,IF(Pay_Num<>"",Beg_Bal,"")) -> 39635.364 | G87: =F84-H8 -> 39635.364 | H87: =IF(Pay_Num<>"",Beg_Bal*Interest_Rate/Num_Pmt_Per_Year,"") -> 13315.166 | I87: =IF(AND(Pay_Num<>"",Sched_Pay+Extra_Pay<Beg_Bal),Beg_Bal-Princ,IF(Pay_Num<>"",0,"")) -> 1840152.8
A88: =IF(Values_Entered,A87+1,"") -> 64 | B88: =B87+31 -> 46924 | C88: =IF(Pay_Num<>"",I87,"") -> 1840152.8 | D88: =IF(Pay_Num<>"",Scheduled_Monthly_Payment,"") -> 39635.364 | F88: =IF(AND(Pay_Num<>"",Sched_Pay+Extra_Pay<Beg_Bal),Sched_Pay+Extra_Pay,IF(Pay_Num<>"",Beg_Bal,"")) -> 39635.364 | G88: =IF(Pay_Num<>"",Total_Pay-Int,"") -> 26600.948 | H88: =IF(Pay_Num<>"",Beg_Bal*Interest_Rate/Num_Pmt_Per_Year,"") -> 13034.416 | I88: =IF(AND(Pay_Num<>"",Sched_Pay+Extra_Pay<Beg_Bal),Beg_Bal-Princ,IF(Pay_Num<>"",0,"")) -> 1813551.9
A89: =IF(Values_Entered,A88+1,"") -> 65 | B89: =B88+30 -> 46954 | C89: =IF(Pay_Num<>"",I88,"") -> 1813551.9 | D89: =IF(Pay_Num<>"",Scheduled_Monthly_Payment,"") -> 39635.364 | F89: =IF(AND(Pay_Num<>"",Sched_Pay+Extra_Pay<Beg_Bal),Sched_Pay+Extra_Pay,IF(Pay_Num<>"",Beg_Bal,"")) -> 39635.364 | G89: =IF(Pay_Num<>"",Total_Pay-Int,"") -> 26789.372 | H89: =IF(Pay_Num<>"",Beg_Bal*Interest_Rate/Num_Pmt_Per_Year,"") -> 12845.993 | I89: =IF(AND(Pay_Num<>"",Sched_Pay+Extra_Pay<Beg_Bal),Beg_Bal-Princ,IF(Pay_Num<>"",0,"")) -> 1786762.5
A90: =IF(Values_Entered,A89+1,"") -> 66 | B90: =B89+31 -> 46985 | C90: =IF(Pay_Num<>"",I89,"") -> 1786762.5 | D90: =IF(Pay_Num<>"",Scheduled_Monthly_Payment,"") -> 39635.364 | F90: =IF(AND(Pay_Num<>"",Sched_Pay+Extra_Pay<Beg_Bal),Sched_Pay+Extra_Pay,IF(Pay_Num<>"",Beg_Bal,"")) -> 39635.364 | G90: =IF(Pay_Num<>"",Total_Pay-Int,"") -> 26979.13 | H90: =IF(Pay_Num<>"",Beg_Bal*Interest_Rate/Num_Pmt_Per_Year,"") -> 12656.235 | I90: =IF(AND(Pay_Num<>"",Sched_Pay+Extra_Pay<Beg_Bal),Beg_Bal-Princ,IF(Pay_Num<>"",0,"")) -> 1759783.4
A91: =IF(Values_Entered,A90+1,"") -> 67 | B91: =B90+31 -> 47016 | C91: =IF(Pay_Num<>"",I90,"") -> 1759783.4 | D91: =IF(Pay_Num<>"",Scheduled_Monthly_Payment,"") -> 39635.364 | F91: =IF(AND(Pay_Num<>"",Sched_Pay+Extra_Pay<Beg_Bal),Sched_Pay+Extra_Pay,IF(Pay_Num<>"",Beg_Bal,"")) -> 39635.364 | G91: =IF(Pay_Num<>"",Total_Pay-Int,"") -> 27170.232 | H91: =IF(Pay_Num<>"",Beg_Bal*Interest_Rate/Num_Pmt_Per_Year,"") -> 12465.132 | I91: =IF(AND(Pay_Num<>"",Sched_Pay+Extra_Pay<Beg_Bal),Beg_Bal-Princ,IF(Pay_Num<>"",0,"")) -> 1732613.2
A92: =IF(Values_Entered,A91+1,"") -> 68 | B92: =B91+30 -> 47046 | C92: =IF(Pay_Num<>"",I91,"") -> 1732613.2 | D92: =IF(Pay_Num<>"",Scheduled_Monthly_Payment,"") -> 39635.364 | F92: =IF(AND(Pay_Num<>"",Sched_Pay+Extra_Pay<Beg_Bal),Sched_Pay+Extra_Pay,IF(Pay_Num<>"",Beg_Bal,"")) -> 39635.364 | G92: =IF(Pay_Num<>"",Total_Pay-Int,"") -> 27362.688 | H92: =IF(Pay_Num<>"",Beg_Bal*Interest_Rate/Num_Pmt_Per_Year,"") -> 12272.677 | I92: =IF(AND(Pay_Num<>"",Sched_Pay+Extra_Pay<Beg_Bal),Beg_Bal-Princ,IF(Pay_Num<>"",0,"")) -> 1705250.5
A93: =IF(Values_Entered,A92+1,"") -> 69 | B93: =B92+31 -> 47077 | C93: =IF(Pay_Num<>"",I92,"") -> 1705250.5 | D93: =IF(Pay_Num<>"",Scheduled_Monthly_Payment,"") -> 39635.364 | F93: =IF(AND(Pay_Num<>"",Sched_Pay+Extra_Pay<Beg_Bal),Sched_Pay+Extra_Pay,IF(Pay_Num<>"",Beg_Bal,"")) -> 39635.364 | G93: =IF(Pay_Num<>"",Total_Pay-Int,"") -> 27556.507 | H93: =IF(Pay_Num<>"",Beg_Bal*Interest_Rate/Num_Pmt_Per_Year,"") -> 12078.858 | I93: =IF(AND(Pay_Num<>"",Sched_Pay+Extra_Pay<Beg_Bal),Beg_Bal-Princ,IF(Pay_Num<>"",0,"")) -> 1677694
A94: =IF(Values_Entered,A93+1,"") -> 70 | B94: =B93+30 -> 47107 | C94: =IF(Pay_Num<>"",I93,"") -> 1677694 | D94: =IF(Pay_Num<>"",Scheduled_Monthly_Payment,"") -> 39635.364 | F94: =IF(AND(Pay_Num<>"",Sched_Pay+Extra_Pay<Beg_Bal),Sched_Pay+Extra_Pay,IF(Pay_Num<>"",Beg_Bal,"")) -> 39635.364 | G94: =IF(Pay_Num<>"",Total_Pay-Int,"") -> 27751.699 | H94: =IF(Pay_Num<>"",Beg_Bal*Interest_Rate/Num_Pmt_Per_Year,"") -> 11883.666 | I94: =IF(AND(Pay_Num<>"",Sched_Pay+Extra_Pay<Beg_Bal),Beg_Bal-Princ,IF(Pay_Num<>"",0,"")) -> 1649942.3
A95: =IF(Values_Entered,A94+1,"") -> 71 | B95: =B94+31 -> 47138 | C95: =IF(Pay_Num<>"",I94,"") -> 1649942.3 | D95: =IF(Pay_Num<>"",Scheduled_Monthly_Payment,"") -> 39635.364 | F95: =IF(AND(Pay_Num<>"",Sched_Pay+Extra_Pay<Beg_Bal),Sched_Pay+Extra_Pay,IF(Pay_Num<>"",Beg_Bal,"")) -> 39635.364 | G95: =IF(Pay_Num<>"",Total_Pay-Int,"") -> 27948.273 | H95: =IF(Pay_Num<>"",Beg_Bal*Interest_Rate/Num_Pmt_Per_Year,"") -> 11687.091 | I95: =IF(AND(Pay_Num<>"",Sched_Pay+Extra_Pay<Beg_Bal),Beg_Bal-Princ,IF(Pay_Num<>"",0,"")) -> 1621994
A96: =IF(Values_Entered,A95+1,"") -> 72 | B96: =B95+31 -> 47169 | C96: =IF(Pay_Num<>"",I95,"") -> 1621994 | D96: =IF(Pay_Num<>"",Scheduled_Monthly_Payment,"") -> 39635.364 | F96: =IF(AND(Pay_Num<>"",Sched_Pay+Extra_Pay<Beg_Bal),Sched_Pay+Extra_Pay,IF(Pay_Num<>"",Beg_Bal,"")) -> 39635.364 | G96: =IF(Pay_Num<>"",Total_Pay-Int,"") -> 28146.24 | H96: =IF(Pay_Num<>"",Beg_Bal*Interest_Rate/Num_Pmt_Per_Year,"") -> 11489.124 | I96: =IF(AND(Pay_Num<>"",Sched_Pay+Extra_Pay<Beg_Bal),Beg_Bal-Princ,IF(Pay_Num<>"",0,"")) -> 1593847.8
A97: =IF(Values_Entered,A96+1,"") -> 73 | B97: =B96+28 -> 47197 | C97: =IF(Pay_Num<>"",I96,"") -> 1593847.8 | D97: =IF(Pay_Num<>"",Scheduled_Monthly_Payment,"") -> 39635.364 | F97: =IF(AND(Pay_Num<>"",Sched_Pay+Extra_Pay<Beg_Bal),Sched_Pay+Extra_Pay,IF(Pay_Num<>"",Beg_Bal,"")) -> 39635.364 | G97: =IF(Pay_Num<>"",Total_Pay-Int,"") -> 28345.61 | H97: =IF(Pay_Num<>"",Beg_Bal*Interest_Rate/Num_Pmt_Per_Year,"") -> 11289.755 | I97: =IF(AND(Pay_Num<>"",Sched_Pay+Extra_Pay<Beg_Bal),Beg_Bal-Princ,IF(Pay_Num<>"",0,"")) -> 1565502.1
A98: =IF(Values_Entered,A97+1,"") -> 74 | B98: =B97+31 -> 47228 | C98: =IF(Pay_Num<>"",I97,"") -> 1565502.1 | D98: =IF(Pay_Num<>"",Scheduled_Monthly_Payment,"") -> 39635.364 | F98: =IF(AND(Pay_Num<>"",Sched_Pay+Extra_Pay<Beg_Bal),Sched_Pay+Extra_Pay,IF(Pay_Num<>"",Beg_Bal,"")) -> 39635.364 | G98: =IF(Pay_Num<>"",Total_Pay-Int,"") -> 28546.391 | H98: =IF(Pay_Num<>"",Beg_Bal*Interest_Rate/Num_Pmt_Per_Year,"") -> 11088.974 | I98: =IF(AND(Pay_Num<>"",Sched_Pay+Extra_Pay<Beg_Bal),Beg_Bal-Princ,IF(Pay_Num<>"",0,"")) -> 1536955.8
A99: =IF(Values_Entered,A98+1,"") -> 75 | B99: =B98+30 -> 47258 | C99: =IF(Pay_Num<>"",I98,"") -> 1536955.8 | D99: =IF(Pay_Num<>"",Scheduled_Monthly_Payment,"") -> 39635.364 | F99: =IF(AND(Pay_Num<>"",Sched_Pay+Extra_Pay<Beg_Bal),Sched_Pay+Extra_Pay,IF(Pay_Num<>"",Beg_Bal,"")) -> 39635.364 | G99: =IF(Pay_Num<>"",Total_Pay-Int,"") -> 28748.595 | H99: =IF(Pay_Num<>"",Beg_Bal*Interest_Rate/Num_Pmt_Per_Year,"") -> 10886.77 | I99: =IF(AND(Pay_Num<>"",Sched_Pay+Extra_Pay<Beg_Bal),Beg_Bal-Princ,IF(Pay_Num<>"",0,"")) -> 1508207.2
A100: =IF(Values_Entered,A99+1,"") -> 76 | B100: =B99+31 -> 47289 | C100: =IF(Pay_Num<>"",I99,"") -> 1508207.2 | D100: =IF(Pay_Num<>"",Scheduled_Monthly_Payment,"") -> 39635.364 | F100: =IF(AND(Pay_Num<>"",Sched_Pay+Extra_Pay<Beg_Bal),Sched_Pay+Extra_Pay,IF(Pay_Num<>"",Beg_Bal,"")) -> 39635.364 | G100: =IF(Pay_Num<>"",Total_Pay-Int,"") -> 28952.23 | H100: =IF(Pay_Num<>"",Beg_Bal*Interest_Rate/Num_Pmt_Per_Year,"") -> 10683.134 | I100: =IF(AND(Pay_Num<>"",Sched_Pay+Extra_Pay<Beg_Bal),Beg_Bal-Princ,IF(Pay_Num<>"",0,"")) -> 1479254.9
A101: =IF(Values_Entered,A100+1,"") -> 77 | B101: =B100+30 -> 47319 | C101: =IF(Pay_Num<>"",I100,"") -> 1479254.9 | D101: =IF(Pay_Num<>"",Scheduled_Monthly_Payment,"") -> 39635.364 | F101: =IF(AND(Pay_Num<>"",Sched_Pay+Extra_Pay<Beg_Bal),Sched_Pay+Extra_Pay,IF(Pay_Num<>"",Beg_Bal,"")) -> 39635.364 | G101: =IF(Pay_Num<>"",Total_Pay-Int,"") -> 29157.309 | H101: =IF(Pay_Num<>"",Beg_Bal*Interest_Rate/Num_Pmt_Per_Year,"") -> 10478.056 | I101: =IF(AND(Pay_Num<>"",Sched_Pay+Extra_Pay<Beg_Bal),Beg_Bal-Princ,IF(Pay_Num<>"",0,"")) -> 1450097.6
A102: =IF(Values_Entered,A101+1,"") -> 78 | B102: =B101+31 -> 47350 | C102: =IF(Pay_Num<>"",I101,"") -> 1450097.6 | D102: =IF(Pay_Num<>"",Scheduled_Monthly_Payment,"") -> 39635.364 | F102: =IF(AND(Pay_Num<>"",Sched_Pay+Extra_Pay<Beg_Bal),Sched_Pay+Extra_Pay,IF(Pay_Num<>"",Beg_Bal,"")) -> 39635.364 | G102: =IF(Pay_Num<>"",Total_Pay-Int,"") -> 29363.84 | H102: =IF(Pay_Num<>"",Beg_Bal*Interest_Rate/Num_Pmt_Per_Year,"") -> 10271.525 | I102: =IF(AND(Pay_Num<>"",Sched_Pay+Extra_Pay<Beg_Bal),Beg_Bal-Princ,IF(Pay_Num<>"",0,"")) -> 1420733.8
A103: =IF(Values_Entered,A102+1,"") -> 79 | B103: =B102+31 -> 47381 | C103: =IF(Pay_Num<>"",I102,"") -> 1420733.8 | D103: =IF(Pay_Num<>"",Scheduled_Monthly_Payment,"") -> 39635.364 | F103: =IF(AND(Pay_Num<>"",Sched_Pay+Extra_Pay<Beg_Bal),Sched_Pay+Extra_Pay,IF(Pay_Num<>"",Beg_Bal,"")) -> 39635.364 | G103: =IF(Pay_Num<>"",Total_Pay-Int,"") -> 29571.834 | H103: =IF(Pay_Num<>"",Beg_Bal*Interest_Rate/Num_Pmt_Per_Year,"") -> 10063.531 | I103: =IF(AND(Pay_Num<>"",Sched_Pay+Extra_Pay<Beg_Bal),Beg_Bal-Princ,IF(Pay_Num<>"",0,"")) -> 1391161.9
A104: =IF(Values_Entered,A103+1,"") -> 80 | B104: =B103+30 -> 47411 | C104: =IF(Pay_Num<>"",I103,"") -> 1391161.9 | D104: =IF(Pay_Num<>"",Scheduled_Monthly_Payment,"") -> 39635.364 | F104: =IF(AND(Pay_Num<>"",Sched_Pay+Extra_Pay<Beg_Bal),Sched_Pay+Extra_Pay,IF(Pay_Num<>"",Beg_Bal,"")) -> 39635.364 | G104: =IF(Pay_Num<>"",Total_Pay-Int,"") -> 29781.301 | H104: =IF(Pay_Num<>"",Beg_Bal*Interest_Rate/Num_Pmt_Per_Year,"") -> 9854.0638 | I104: =IF(AND(Pay_Num<>"",Sched_Pay+Extra_Pay<Beg_Bal),Beg_Bal-Princ,IF(Pay_Num<>"",0,"")) -> 1361380.6
A105: =IF(Values_Entered,A104+1,"") -> 81 | B105: =B104+31 -> 47442 | C105: =IF(Pay_Num<>"",I104,"") -> 1361380.6 | D105: =IF(Pay_Num<>"",Scheduled_Monthly_Payment,"") -> 39635.364 | F105: =IF(AND(Pay_Num<>"",Sched_Pay+Extra_Pay<Beg_Bal),Sched_Pay+Extra_Pay,IF(Pay_Num<>"",Beg_Bal,"")) -> 39635.364 | G105: =IF(Pay_Num<>"",Total_Pay-Int,"") -> 29992.252 | H105: =IF(Pay_Num<>"",Beg_Bal*Interest_Rate/Num_Pmt_Per_Year,"") -> 9643.1129 | I105: =IF(AND(Pay_Num<>"",Sched_Pay+Extra_Pay<Beg_Bal),Beg_Bal-Princ,IF(Pay_Num<>"",0,"")) -> 1331388.4
A106: =IF(Values_Entered,A105+1,"") -> 82 | B106: =B105+30 -> 47472 | C106: =IF(Pay_Num<>"",I105,"") -> 1331388.4 | D106: =IF(Pay_Num<>"",Scheduled_Monthly_Payment,"") -> 39635.364 | F106: =IF(AND(Pay_Num<>"",Sched_Pay+Extra_Pay<Beg_Bal),Sched_Pay+Extra_Pay,IF(Pay_Num<>"",Beg_Bal,"")) -> 39635.364 | G106: =IF(Pay_Num<>"",Total_Pay-Int,"") -> 30204.697 | H106: =IF(Pay_Num<>"",Beg_Bal*Interest_Rate/Num_Pmt_Per_Year,"") -> 9430.6678 | I106: =IF(AND(Pay_Num<>"",Sched_Pay+Extra_Pay<Beg_Bal),Beg_Bal-Princ,IF(Pay_Num<>"",0,"")) -> 1301183.7
A107: =IF(Values_Entered,A106+1,"") -> 83 | B107: =B106+31 -> 47503 | C107: =IF(Pay_Num<>"",I106,"") -> 1301183.7 | D107: =IF(Pay_Num<>"",Scheduled_Monthly_Payment,"") -> 39635.364 | F107: =IF(AND(Pay_Num<>"",Sched_Pay+Extra_Pay<Beg_Bal),Sched_Pay+Extra_Pay,IF(Pay_Num<>"",Beg_Bal,"")) -> 39635.364 | G107: =IF(Pay_Num<>"",Total_Pay-Int,"") -> 30418.647 | H107: =IF(Pay_Num<>"",Beg_Bal*Interest_Rate/Num_Pmt_Per_Year,"") -> 9216.7179 | I107: =IF(AND(Pay_Num<>"",Sched_Pay+Extra_Pay<Beg_Bal),Beg_Bal-Princ,IF(Pay_Num<>"",0,"")) -> 1270765.1
A108: =IF(Values_Entered,A107+1,"") -> 84 | B108: =B107+31 -> 47534 | C108: =IF(Pay_Num<>"",I107,"") -> 1270765.1 | D108: =IF(Pay_Num<>"",Scheduled_Monthly_Payment,"") -> 39635.364 | F108: =IF(AND(Pay_Num<>"",Sched_Pay+Extra_Pay<Beg_Bal),Sched_Pay+Extra_Pay,IF(Pay_Num<>"",Beg_Bal,"")) -> 39635.364 | G108: =IF(Pay_Num<>"",Total_Pay-Int,"") -> 30634.112 | H108: =IF(Pay_Num<>"",Beg_Bal*Interest_Rate/Num_Pmt_Per_Year,"") -> 9001.2525 | I108: =IF(AND(Pay_Num<>"",Sched_Pay+Extra_Pay<Beg_Bal),Beg_Bal-Princ,IF(Pay_Num<>"",0,"")) -> 1240130.9
A109: =IF(Values_Entered,A108+1,"") -> 85 | B109: =B108+28 -> 47562 | C109: =IF(Pay_Num<>"",I108,"") -> 1240130.9 | D109: =IF(Pay_Num<>"",Scheduled_Monthly_Payment,"") -> 39635.364 | F109: =IF(AND(Pay_Num<>"",Sched_Pay+Extra_Pay<Beg_Bal),Sched_Pay+Extra_Pay,IF(Pay_Num<>"",Beg_Bal,"")) -> 39635.364 | G109: =IF(Pay_Num<>"",Total_Pay-Int,"") -> 30851.104 | H109: =IF(Pay_Num<>"",Beg_Bal*Interest_Rate/Num_Pmt_Per_Year,"") -> 8784.2608 | I109: =IF(AND(Pay_Num<>"",Sched_Pay+Extra_Pay<Beg_Bal),Beg_Bal-Princ,IF(Pay_Num<>"",0,"")) -> 1209279.8
A110: =IF(Values_Entered,A109+1,"") -> 86 | B110: =B109+31 -> 47593 | C110: =IF(Pay_Num<>"",I109,"") -> 1209279.8 | D110: =IF(Pay_Num<>"",Scheduled_Monthly_Payment,"") -> 39635.364 | F110: =IF(AND(Pay_Num<>"",Sched_Pay+Extra_Pay<Beg_Bal),Sched_Pay+Extra_Pay,IF(Pay_Num<>"",Beg_Bal,"")) -> 39635.364 | G110: =IF(Pay_Num<>"",Total_Pay-Int,"") -> 31069.632 | H110: =IF(Pay_Num<>"",Beg_Bal*Interest_Rate/Num_Pmt_Per_Year,"") -> 8565.7322 | I110: =IF(AND(Pay_Num<>"",Sched_Pay+Extra_Pay<Beg_Bal),Beg_Bal-Princ,IF(Pay_Num<>"",0,"")) -> 1178210.2
...

Sheet Corrected and Updated TSF 3
A1: The Southprime Flats | O1: 110000 | AE1: offer 12.5% | EY1: Term | EZ1: Interest Rate | FA1: Factor Rate | FB1: Ave. 90% Loanable | FC1: Interest for 9 months | GH1: ORIGINAL | GV1: SIMULATION
A2: Mandurriao, Iloilo | O2: 2000000 | AE2: 50 | AR2: VAT THRESHOLD | BU2: Top up Incentive | BV2: 75000 | CA2: VAT THRESHOLD | CG2: (Linked to Computation - pls update value if needed) | CT2: =CT17/CS17 -> 0.0077529894 | EY2: 10 | EZ2: 0.085 | FA2: =PMT(EZ2/12,EY2*12,-1) -> 0.012398569 | FB2: =EY391 -> 3196769.3 | FC2: ='Amort Computation'!CJ32 -> 199388.81 | FN2: AUG. 2023 | FV2: 10% Equity w/ 2.5% lumpsum
A3: Building 3 Pricelist (Ver.02) | I3: 0.125 | J3: Inner | K3: North | L3: 6th | M3: 10th | O3: HIDE | AE3: 31 | AL3: =SUBTOTAL(9,AL7:AL378) -> 2420450.4 | AM3: =SUBTOTAL(9,AM7:AM378) -> 1872543.9 | AR3: 3199200 | BU3: Doc Incentive | BV3: 10000 | CA3: 3600000 | CG3: VAT threshold | CJ3: 3199200 | CT3: =CT30/CS30 -> 0.0077529894 | DG3: OLD | FB3: 0.12 | FC3: =FC2*FB3 -> 23926.657
I4: 0.125 | J4: Lower Floors | K4: East | L4: 3rd | M4: 9th | O4: CTS BARE | P4: =P5*12% -> 2400 | R4: mark up for comm | AE4: =AE2-AE3 -> 19 | AR4: BOI THRESHOLD | BU4: Past Incentive | BV4: -33600 | CA4: BOI THRESHOLD | CT4: Interest Rate | CX4: IN HOUSE LOAN MONTHLY AMORT @80% TCP BALANCE | DG4: 46082 | DH4: Based on Construction | FB4: 0.08 | FC4: =FC2*FB4 -> 15951.105
K5: etc | N5: =SUM('[5]TSF 3 Price study with Additive'!L5) -> 106005.27 | O5: CTS BARE | P5: 20000 | Q5: 50000 | R5: 0 | S5: 8000 | T5: 3000 | U5: 1000 | V5: 2500 | W5: 1000 | X5: 200 | Y5: 20000 | Z5: ='[6]INTERNAL PRICELIST'!K7+'[6]INTERNAL PRICELIST'!L7 -> 142461 | AD5: ( = ) TOTAL ADDITIVES | AE5: 44848 | AF5: 0.025 | AH5: 0.025 | AJ5: 0.05 | AL5: 0.01 | AM5: 27537.41 | AO5: 44849 | AP5: 0.165 | AR5: 3000000 | AU5: 0.12 | AW5: OLD | AX5: 0.0125 | AY5: =RECOVERIES!G11 -> 234837.27 | BA5: 0.0375 | BC5: 30000 | BE5: =RECOVERIES!G29 -> 569402.76 | BG5: =RECOVERIES!G37 -> 14728 | BI5: =RECOVERIES!G43 -> 29456 | BM5: =RECOVERIES!G51 -> 42560 | BO5: =RECOVERIES!G75 -> 371742.99 | BQ5: 250231.76 | BS5: =RECOVERIES!G97 -> 169694.64 | BU5: =RECOVERIES!G105 -> 13720 | BX5: =RECOVERIES!G112+RECOVERIES!L110 -> 1880273.3 | CB5: 40000 | CD5: 0.12 | CI5: =7.5%+2.75% -> 0.1025 | CJ5: 0.025 | CL5: 0.125 | CN5: 30000 | CT5: 0.07 | CX5: 0.088848789 | CY5: 0.035157033 | CZ5: 0.025393427 | DA5: 0.019325567 | DG5: END OF CONSTRUCTION | DH5: 45231 | DJ5: SHOULD BE EQUITY IN PRICELIST | DK5: =DH5 -> 45231 | DR5: WITH ADDITIVES | DS5: NO DISCOUNT APPLICATION | EF5: CNC REMARKS | EU5: FROM SIR JESSON(Jan. 1-15,2022) | EY5: 0.9 | FB5: Total | FC5: =SUM(FC2:FC4) -> 239266.57 | FD5: CURRENT | FF5: UPDATED | FK5: 45108 | FL5: 45139 | FO5: 0.15 | FS5: 40 | FW5: 0.1 | FX5: 0.025 | GA5: =37+9 -> 46 | HA5: 48 | IF5: =DATE(2025,9,1) -> 45901
A6: Inventory Count | B6: SALE STATUS | C6: Inventory Count/Floor | D6: Physical Floor | E6: Level | F6: Tagging | G6: Unit | H6: Unit Letter | I6: Unit Type | J6: Area (sqm) | K6: Orientation | L6: View | M6: Classification | N6: Typical Selling Price/Sqm. | O6: Total Typical Selling Prie | P6: Smart Home | Q6: RECOVERY PROGRAM | R6: ( + ) LOFTED | S6: ( + ) NEAR AMENITIES | T6: ( + ) PREMIUM 8TH FLOOR | U6: ( + ) EAST VIEW | V6: ( + ) CORNER | W6: ( + ) END UNIT | X6: ( + ) FACING AMENITIES | Y6: ( + ) LEVEL ADDITIVES (@5th Floor) | Z6: LMF INCREASE | AA6: EXPOSURE RECOVERY | AB6: RENOVATION | AC6: REFUND | AE6: NEW SELLING PRICE | AF6: 1ST INCREASE | AG6: NEW SELLING PRICE | AH6: 2ND INCREASE | AI6: NEW SELLING PRICE | AJ6: 3RD INCREASE | AK6: NEW SELLING PRICE | AL6: INCREASE | AM6: RECOVERY AMOUNT | AN6: INTEREST | AO6: NEW SELLING PRICE | AP6: PRICE INCREASE_OCT. 1,2023 | AQ6: NEW SELLING PRICE | AR6: CTS BARE/DOAS | AS6: HIC/SQM | AT6: HIC | AU6: HIC VAT | AV6: ( = ) TOTAL HIC | AW6: NEW SELLING PRICE | AX6: Price Increase (July 2024) | AY6: INCIDENTAL RECOVERIES (OCT 2024) | AZ6: NEW SELLING PRICE | BA6: Price Increase (Oct 16, 2024) | BB6: INCIDENTAL RECOVERIES (OCT 16, 2024) | BC6: INCENTIVE RECOVERY (OCT 16, 2024) | BD6: NEW SELLING PRICE (Nov 2024) | BE6: INCIDENTAL RECOVERIES (DEC 2024) | BF6: NEW SELLING PRICE (DEC 2024) | BG6: INCIDENTAL RECOVERIES (JAN 2025) | BH6: NEW SELLING PRICE (JAN 2025) | BI6: INCIDENTAL RECOVERIES (FEB 2025) | BJ6: NEW SELLING PRICE (FEB 2025) | BK6: INCIDENTAL RECOVERIES (MAR 2025) | BL6: NEW SELLING PRICE (MAR 2025) | BM6: INCIDENTAL RECOVERIES (APR 2025) | BN6: NEW SELLING PRICE (APR 2025) | BO6: INCIDENTAL RECOVERIES (MAY 2025) | BP6: NEW SELLING PRICE (MAY 2025) | BQ6: INCIDENTAL RECOVERIES (JUNE 2025) | BR6: NEW SELLING PRICE (JUNE 2025) | BS6: INCIDENTAL RECOVERIES (JULY 2025) | BT6: NEW SELLING PRICE (JULY 2025) | BU6: INCIDENTAL RECOVERIES (August 2025) | BV6: Top-up Incentive + Documentrary Incentive - Past Cash Incentive | BW6: New Selling Price (Aug 2025) | BX6: INCIDENTAL RECOVERIES (SEP 2025) | BY6: NEW SELLING PRICE (SEP 2025) | BZ6: NEW SELLING PRICE | CA6: CTS BARE/DOAS | CB6: HIC/SQM | CC6: HIC | CD6: HIC VAT | CE6: ( = ) TOTAL HIC | CF6: NEW SELLING PRICE | CG6: New Selling Price | CH6: 12% VAT | CI6: LMF | CJ6: BF | CK6: Total Contract Price | CL6: Equity Rate | CM6: Equity | CN6: Reservation Fee | CO6: Net Equity | CP6: Equity Term (Months) | CQ6: Monthly Equity | CR6: Balance % | CS6: Loanable Amount | CT6: Monthly Amort. 20 years @ 7% fixed 3 yrs only | CU6: Monthly Amort. 15 years @ 7% fixed 3 yrs only | CV6: Monthly Amort. 10 years @ 7% fixed 3 yrs only | CW6: Monthly Amort. 5 years @ 7% fixed 3 yrs only | CX6: IN HOUSE MONTHLY AMORT 1YR. @12% | CY6: IN HOUSE MONTHLY AMORT 3YRS. @16% | CZ6: IN HOUSE MONTHLY AMORT 5YRS. @18% | DA6: IN HOUSE MONTHLY AMORT 10YRS. @20% | DB6: HIC% (old) | DC6: HIC% (new) | DD6: REMARKS (NEW) | DG6: TURN OVER DATE | DH6: REMAINING EQUITY | DJ6: ( + ) 2 MONTHS FOR PMD TURN OVER TO BUYER | DK6: MAXIMIZE EQUITY DP MONTHS | DL6: BOI STATUS | DM6: DOCS STATUS | DN6: HIC / SQM. (INCLUSIVE OF VAT) | DO6: TOTAL HIC AMOUNT | DP6: HIC PERCENTAGE | DR6: CURRENT PRICE STUDY | DS6: ORIGINAL NSP | DT6: VARIANCE | DV6: NSP/SQM (CURRENT SP) | DX6: FROM AREA TAB | ED6: NEW PLAN | EE6: VARIANCE | EF6: CLIENTS NAME | EG6: REMARKS | EI6: Step-Up Computation | EP6: SALES STATUS | EQ6: MASTERLIST | ER6: CHECKING | EU6: NSP | EV6: SALES STATUS | EY6: 90% of TCP | FD6: TERM | FE6: END EQUITY | FF6: TERM (w/ additional buffer) | FG6: END EQUITY | FH6: For the month of | FJ6: Equity % | FK6: @ 38 MONTHS TERM | FL6: @ 37 MONTHS TERM | FN6: Total Contract Price | FO6: Required Equity | FP6: Equity | FQ6: Reservation Fee | FR6: Net Equity | FS6: Equity Term (Months) | FT6: Monthly Equity | FV6: Total Contract Price | FW6: 10% Equity | FX6: 2.5% Lumpsum | FY6: Reservation Fee | FZ6: Net Equity | GA6: Equity Term (Months) | GB6: Monthly Equity | GH6: =CK6 -> Total Contract Price | GI6: =CL6 -> Equity Rate | GJ6: =CM6 -> Equity | GK6: =CN6 -> Reservation Fee | GL6: =CO6 -> Net Equity | GM6: =CP6 -> Equity Term (Months) | GN6: =CQ6 -> Monthly Equity | GO6: =CR6 -> Balance % | ... GT6: =CW6 -> Monthly Amort. 5 years @ 7% fixed 3 yrs only | GV6: =GH6 -> Total Contract Price | GW6: =GI6 -> Equity Rate | GX6: =GJ6 -> Equity | GY6: =GK6 -> Reservation Fee | GZ6: =GL6 -> Net Equity | HA6: =GM6 -> Equity Term (Months) | HB6: =GN6 -> Monthly Equity | HC6: =GO6 -> Balance % | ... HH6: =GT6 -> Monthly Amort. 5 years @ 7% fixed 3 yrs only | HJ6: VARIANCE ON MONTHLY EQUITY | ID6: Floor | IE6: Takeout / Client Move In | IF6: Equity Term
A7: 1 | C7: 1 | D7: 3rd Floor | E7: =D7 -> 3rd Floor | G7: W-3A | I7: Studio | J7: 22 | L7: North | M7: Corner | N7: =$N$5 -> 106005.27 | O7: =J7*N7 -> 2332115.8 | P7: =(P4+P5) -> 22400 | Q7: =$Q$5 -> 50000 | V7: =J7*$V$5 -> 55000 | Z7: =$Z$5 -> 142461 | AD7: =SUM(P7:AC7) -> 269861 | AE7: =O7+AD7 -> 2601976.8 | AF7: =AE7*$AF$5 -> 65049.421 | AG7: =AE7+AF7 -> 2667026.3 | AH7: =AG7*$AH$5 -> 66675.657 | AI7: =AG7+AH7 -> 2733701.9 | AJ7: =AJ5*AI$7 -> 136685.1 | AK7: =AI7+AJ7 -> 2870387 | AL7: =AK7*AL$5 -> 28703.87 | AM7: =$AM$5 -> 27537.41 | AO7: =AK7+AL7+AM7+AN7 -> 2926628.3 | AP7: =AO7*$AP$5 -> 482893.67 | AQ7: =AO7+AP7 -> 3409522 | AR7: =$AR$5 -> 3000000 | AS7: =AT7/J7 -> 18614.635 | AT7: =AQ7-AR7 -> 409521.97 | AU7: =AT7*$AU$5 -> 49142.636 | AV7: =AT7+AU7 -> 458664.6 | AW7: =AR7+AT7+AU7 -> 3458664.6 | AX7: =AW7*$AX$5 -> 43233.308 | AY7: 0 | AZ7: =AW7+AX7+AY7 -> 3501897.9 | BA7: =AZ7*$BA$5 -> 131321.17 | BC7: =$BC$5*1.12 -> 33600 | BD7: =AZ7+BA7+BB7+BC7 -> 3666819.1 | BF7: =BD7+BE7 -> 3666819.1 | BH7: =BF7+BG7 -> 3666819.1 | BJ7: =BH7+BI7 -> 3666819.1 | BL7: =BJ7+BK7 -> 3666819.1 | BN7: =BL7+BM7 -> 3666819.1 | BP7: =BN7+BO7 -> 3666819.1 | BR7: =BP7+BQ7 -> 3666819.1 | BT7: =BS7+BR7 -> 3666819.1 | BV7: =$BV$2+$BV$3-BC7 -> 51400 | BW7: =SUM(BT7:BV7) -> 3718219.1 | BY7: =BW7+BX7 -> 3718219.1 | BZ7: =BY7 -> 3718219.1 | CA7: =BZ7-CC7 -> 3036219.1 | CB7: 31000 | CC7: =CB7*J7 -> 682000 | CD7: =CC7*$CD$5 -> 81840 | CE7: =SUM(CC7:CD7) -> 763840 | CF7: =BZ7+CD7 -> 3800059.1 | CG7: =CF7 -> 3800059.1 | CH7: =IF(CA7<=$CA$3,0,12%*CA7) -> 0 | CI7: =CG7*CI$5 -> 389506.06 | CJ7: =CG7*CJ$5 -> 95001.477 | CK7: =SUM(CG7:CJ7) -> 4284566.6 | CL7: =$CL$5 -> 0.125 | CM7: =CK7*CL7 -> 535570.83 | CN7: =CN5 -> 30000 | CO7: =CM7-CN7 -> 505570.83 | CP7: =VLOOKUP(E7,$ID$6:$IF$20,3,FALSE) -> 29 | CQ7: =CO7/CP7 -> 17433.477 | CR7: =100%-CL7 -> 0.875 | CS7: =CK7*CR7 -> 3748995.8 | CT7: =-PMT($CT$5/12,240,CS7,0) -> 29065.924 | CU7: =-PMT($CT$5/12,180,CS7,0) -> 33697.034 | CV7: =-PMT($CT$5/12,120,CS7,0) -> 43529.02 | CW7: =-PMT($CT$5/12,60,CS7,0) -> 74234.61 | CX7: =(CK7*80%)*$CX$5 -> 304542.84 | CY7: =(CK7*80%)*$CY$5 -> 120506.12 | CZ7: =(CK7*80%)*$CZ$5 -> 87039.864 | DA7: =(CK7*80%)*$DA$5 -> 66241.343 | DB7: =AT7/AR7 -> 0.13650732 | DC7: =CE7/CA7 -> 0.25157605 | DD7: BOI W/ HIC | DG7: =$DG$4 -> 46082 | DH7: =(YEAR(DG7)-YEAR($DH$5))*12+MONTH(DG7)-MONTH($DH$5) -> 28 | DJ7: =DG7+65 -> 46147 | DK7: =(YEAR(DJ7)-YEAR($DK$5))*12+MONTH(DJ7)-MONTH($DK$5)+$DK$4+$DK$3 -> 30 | DL7: BOI | DM7: CTS BARE WITH HIC | DN7: =DO7/J7 -> 20848.391 | DO7: =AV7 -> 458664.6 | DP7: =AV7/AR7 -> 0.1528882 | DR7: =CG7 -> 3800059.1 | DS7: =SUM('[6]INTERNAL PRICELIST'!M7) -> 2329361 | DT7: =DR7-DS7 -> 1470698.1 | DV7: =DR7/J7 -> 172729.96 | DX7: 1 | DY7: UNIT A | DZ7: 22 | EA7: =DZ7-J7 -> 0 | ED7: W-3A | EE7: =G7=ED7 -> TRUE | EI7: Net Equity | EK7: =CO7 -> 505570.83 | EP7: SOLD | EQ7: SOLD | ER7: =EP7=EQ7 -> TRUE | EU7: 2172480 | EV7: SOLD | FD7: 36 | FE7: =EDATE($DK$5,FD7) -> 46327 | FF7: 40 | FG7: =EDATE(FH7,FF7) -> 46266 | FH7: 45047 | FJ7: 0.15 | FK7: 13378.682 | FL7: 13740.268 | FN7: =CK7 -> 4284566.6 | FO7: =$FO$5 -> 0.15 | FP7: =FN7*FO7 -> 642684.99 | FQ7: =CN7 -> 30000 | FR7: =FP7-FQ7 -> 612684.99 | FS7: =$FS$5 -> 40 | FT7: =FR7/FS7 -> 15317.125 | FV7: =FN7 -> 4284566.6 | FW7: =FV7*$FW$5 -> 428456.66 | FX7: =FV7*$FX$5 -> 107114.17 | FY7: 15000 | FZ7: =FW7-FY7 -> 413456.66 | GA7: =$GA$5 -> 46 | GB7: =FZ7/GA7 -> 8988.1883 | GH7: =CK7 -> 4284566.6 | GI7: =CL7 -> 0.125 | GJ7: =CM7 -> 535570.83 | GK7: =CN7 -> 30000 | GL7: =CO7 -> 505570.83 | GM7: =CP7 -> 29 | GN7: =CQ7 -> 17433.477 | GO7: =CR7 -> 0.875 | ... GT7: =CW7 -> 74234.61 | GV7: =GH7 -> 4284566.6 | GW7: =GI7 -> 0.125 | GX7: =GJ7 -> 535570.83 | GY7: =GK7 -> 30000 | GZ7: =GL7 -> 505570.83 | HA7: =$HA$5 -> 48 | HB7: =GZ7/HA7 -> 10532.726 | HC7: =100%-GW7 -> 0.875 | HD7: =GV7*HC7 -> 3748995.8 | HE7: =-PMT(7%/12,240,HD7,0) -> 29065.924 | HF7: =-PMT(7%/12,180,HD7,0) -> 33697.034 | HG7: =-PMT(7%/12,120,HD7,0) -> 43529.02 | HH7: =-PMT(7%/12,60,HD7,0) -> 74234.61 | HJ7: =HB7-GN7 -> -6900.7512
A8: =A7+1 -> 2 | C8: =C7+1 -> 2 | D8: 3rd Floor | E8: =D8 -> 3rd Floor | G8: W-3B | I8: Studio | J8: 22 | L8: North | M8: Inner | N8: =$N$5 -> 106005.27 | O8: =J8*N8 -> 2332115.8 | P8: =$P$7 -> 22400 | Q8: =$Q$5 -> 50000 | Z8: =$Z$5 -> 142461 | AD8: =SUM(P8:AC8) -> 214861 | AE8: =O8+AD8 -> 2546976.8 | AF8: =AE8*$AF$5 -> 63674.421 | AG8: =AE8+AF8 -> 2610651.3 | AH8: =AG8*$AH$5 -> 65266.282 | AI8: =AG8+AH8 -> 2675917.5 | AJ8: =AI8*$AJ$5 -> 133795.88 | AK8: =AI8+AJ8 -> 2809713.4 | AL8: =AK8*AL$5 -> 28097.134 | AM8: =$AM$5 -> 27537.41 | AO8: =AK8+AL8+AM8+AN8 -> 2865348 | AP8: =AO8*$AP$5 -> 472782.41 | AQ8: =AO8+AP8 -> 3338130.4 | AR8: =$AR$5 -> 3000000 | AS8: =AT8/J8 -> 15369.563 | AT8: =AQ8-AR8 -> 338130.38 | AU8: =AT8*$AU$5 -> 40575.646 | AV8: =AT8+AU8 -> 378706.03 | AW8: =AR8+AT8+AU8 -> 3378706 | AX8: =AW8*$AX$5 -> 42233.825 | AY8: 0 | AZ8: =AW8+AX8+AY8 -> 3420939.9 | BA8: =AZ8*$BA$5 -> 128285.24 | BC8: =$BC$5*1.12 -> 33600 | BD8: =AZ8+BA8+BB8+BC8 -> 3582825.1 | BF8: =BD8+BE8 -> 3582825.1 | BH8: =BF8+BG8 -> 3582825.1 | BJ8: =BH8+BI8 -> 3582825.1 | BL8: =BJ8+BK8 -> 3582825.1 | BN8: =BL8+BM8 -> 3582825.1 | BP8: =BN8+BO8 -> 3582825.1 | BR8: =BP8+BQ8 -> 3582825.1 | BT8: =BS8+BR8 -> 3582825.1 | BV8: =$BV$2+$BV$3-BC8 -> 51400 | BW8: =SUM(BT8:BV8) -> 3634225.1 | BY8: =BW8+BX8 -> 3634225.1 | BZ8: =BY8 -> 3634225.1 | CA8: =BZ8-CC8 -> 3040225.1 | CB8: 27000 | CC8: =CB8*J8 -> 594000 | CD8: =CC8*$CD$5 -> 71280 | CE8: =SUM(CC8:CD8) -> 665280 | CF8: =BZ8+CD8 -> 3705505.1 | CG8: =CF8 -> 3705505.1 | CH8: =IF(CA8<=$CA$3,0,12%*CA8) -> 0 | CI8: =CG8*CI$5 -> 379814.27 | CJ8: =CG8*CJ$5 -> 92637.628 | CK8: =SUM(CG8:CJ8) -> 4177957 | CL8: =$CL$5 -> 0.125 | CM8: =CK8*CL8 -> 522244.63 | CN8: =CN$5 -> 30000 | CO8: =CM8-CN8 -> 492244.63 | CP8: =VLOOKUP(E8,$ID$6:$IF$20,3,FALSE) -> 29 | CQ8: =CO8/CP8 -> 16973.953 | CR8: =100%-CL8 -> 0.875 | CS8: =CK8*CR8 -> 3655712.4 | CT8: =-PMT($CT$5/12,240,CS8,0) -> 28342.699 | CU8: =-PMT($CT$5/12,180,CS8,0) -> 32858.576 | CV8: =-PMT($CT$5/12,120,CS8,0) -> 42445.92 | CW8: =-PMT($CT$5/12,60,CS8,0) -> 72387.487 | CX8: =(CK8*80%)*$CX$5 -> 296965.14 | CY8: =(CK8*80%)*$CY$5 -> 117507.66 | CZ8: =(CK8*80%)*$CZ$5 -> 84874.117 | DA8: =(CK8*80%)*$DA$5 -> 64593.11 | DB8: =AT8/AR8 -> 0.11271013 | DC8: =CE8/CA8 -> 0.2188259 | DD8: BOI W/ HIC | DG8: =$DG$7 -> 46082 | DH8: =(YEAR(DG8)-YEAR($DH$5))*12+MONTH(DG8)-MONTH($DH$5) -> 28 | DJ8: =DG8+65 -> 46147 | DK8: =(YEAR(DJ8)-YEAR($DK$5))*12+MONTH(DJ8)-MONTH($DK$5)+$DK$4+$DK$3 -> 30 | DL8: BOI | DM8: CTS BARE WITH HIC | DN8: =DO8/J8 -> 17213.91 | DO8: =AV8 -> 378706.03 | DP8: =AV8/AR8 -> 0.12623534 | DR8: =CG8 -> 3705505.1 | DS8: =SUM('[6]INTERNAL PRICELIST'!M8) -> 2329361 | DT8: =DR8-DS8 -> 1376144.1 | DV8: =DR8/J8 -> 168432.05 | DX8: 2 | DY8: UNIT B | DZ8: 22 | EA8: =DZ8-J8 -> 0 | ED8: W-3B | EE8: =G8=ED8 -> TRUE | EJ8: Months Covered | EK8: Months | EL8: % | EM8: Total | EN8: Monthly | EP8: SOLD | EQ8: SOLD | ER8: =EP8=EQ8 -> TRUE | EU8: 2172480 | EV8: SOLD | EY8: 2949755.5 | FF8: 39 | FG8: =EDATE(FH8,FF8) -> 46266 | FH8: 45078 | FJ8: 0.15 | FK8: 12820.111 | FL8: 13166.6 | FN8: =CK8 -> 4177957 | FO8: =$FO$5 -> 0.15 | FP8: =FN8*FO8 -> 626693.55 | FQ8: =CN8 -> 30000 | FR8: =FP8-FQ8 -> 596693.55 | FS8: =$FS$5 -> 40 | FT8: =FR8/FS8 -> 14917.339 | FV8: =FN8 -> 4177957 | FW8: =FV8*$FW$5 -> 417795.7 | FX8: =FV8*$FX$5 -> 104448.93 | FY8: 15000 | FZ8: =FW8-FY8 -> 402795.7 | GA8: =$GA$5 -> 46 | GB8: =FZ8/GA8 -> 8756.4283 | GH8: =CK8 -> 4177957 | GI8: =CL8 -> 0.125 | GJ8: =CM8 -> 522244.63 | GK8: =CN8 -> 30000 | GL8: =CO8 -> 492244.63 | GM8: =CP8 -> 29 | GN8: =CQ8 -> 16973.953 | GO8: =CR8 -> 0.875 | ... GT8: =CW8 -> 72387.487 | GV8: =GH8 -> 4177957 | GW8: =GI8 -> 0.125 | GX8: =GJ8 -> 522244.63 | GY8: =GK8 -> 30000 | GZ8: =GL8 -> 492244.63 | HA8: =$HA$5 -> 48 | HB8: =GZ8/HA8 -> 10255.096 | HC8: =100%-GW8 -> 0.875 | HD8: =GV8*HC8 -> 3655712.4 | HE8: =-PMT(7%/12,240,HD8,0) -> 28342.699 | HF8: =-PMT(7%/12,180,HD8,0) -> 32858.576 | HG8: =-PMT(7%/12,120,HD8,0) -> 42445.92 | HH8: =-PMT(7%/12,60,HD8,0) -> 72387.487 | HJ8: =HB8-GN8 -> -6718.8562 | ID8: 2nd Floor | IE8: =DATE(2028,2,1) -> 46784 | IF8: =DATEDIF($IF$5,IE8,"m") -> 29
A9: =A8+1 -> 3 | B9: SOLD | C9: =C8+1 -> 3 | D9: 3rd Floor | E9: =D9 -> 3rd Floor | G9: W-3C | I9: Studio | J9: 22 | L9: North | M9: Inner | N9: =$N$5 -> 106005.27 | O9: =J9*N9 -> 2332115.8 | P9: =$P$7 -> 22400 | Q9: =$Q$5 -> 50000 | Z9: =$Z$5 -> 142461 | AD9: =SUM(P9:AC9) -> 214861 | AE9: =O9+AD9 -> 2546976.8 | AF9: =AE9*$AF$5 -> 63674.421 | AG9: =AE9+AF9 -> 2610651.3 | AH9: =AG9*$AH$5 -> 65266.282 | AI9: =AG9+AH9 -> 2675917.5 | AJ9: =AI9*$AJ$5 -> 133795.88 | AK9: =AI9+AJ9 -> 2809713.4 | AL9: =AK9*AL$5 -> 28097.134 | AM9: =$AM$5 -> 27537.41 | AO9: =AK9+AL9+AM9+AN9 -> 2865348 | AP9: =AO9*$AP$5 -> 472782.41 | AQ9: =AO9+AP9 -> 3338130.4 | AR9: =$AR$5 -> 3000000 | AS9: =AT9/J9 -> 15369.563 | AT9: =AQ9-AR9 -> 338130.38 | AU9: =AT9*$AU$5 -> 40575.646 | AV9: =AT9+AU9 -> 378706.03 | AW9: =AR9+AT9+AU9 -> 3378706 | AX9: =AW9*$AX$5 -> 42233.825 | AY9: 0 | AZ9: =AW9+AX9+AY9 -> 3420939.9 | BA9: =AZ9*$BA$5 -> 128285.24 | BC9: =$BC$5*1.12 -> 33600 | BD9: =AZ9+BA9+BB9+BC9 -> 3582825.1 | BF9: =BD9+BE9 -> 3582825.1 | BH9: =BF9+BG9 -> 3582825.1 | BJ9: =BH9+BI9 -> 3582825.1 | BL9: =BJ9+BK9 -> 3582825.1 | BN9: =BL9+BM9 -> 3582825.1 | BP9: =BN9+BO9 -> 3582825.1 | BR9: =BP9+BQ9 -> 3582825.1 | BT9: =BS9+BR9 -> 3582825.1 | BV9: =$BV$2+$BV$3-BC9 -> 51400 | BW9: =SUM(BT9:BV9) -> 3634225.1 | BY9: =BW9+BX9 -> 3634225.1 | BZ9: =BY9 -> 3634225.1 | CA9: =BZ9-CC9 -> 3040225.1 | CB9: 27000 | CC9: =CB9*J9 -> 594000 | CD9: =CC9*$CD$5 -> 71280 | CE9: =SUM(CC9:CD9) -> 665280 | CF9: =BZ9+CD9 -> 3705505.1 | CG9: =CF9 -> 3705505.1 | CH9: =IF(CA9<=$CA$3,0,12%*CA9) -> 0 | CI9: =CG9*CI$5 -> 379814.27 | CJ9: =CG9*CJ$5 -> 92637.628 | CK9: =SUM(CG9:CJ9) -> 4177957 | CL9: =$CL$5 -> 0.125 | CM9: =CK9*CL9 -> 522244.63 | CN9: =CN$5 -> 30000 | CO9: =CM9-CN9 -> 492244.63 | CP9: =VLOOKUP(E9,$ID$6:$IF$20,3,FALSE) -> 29 | CQ9: =CO9/CP9 -> 16973.953 | CR9: =100%-CL9 -> 0.875 | CS9: =CK9*CR9 -> 3655712.4 | CT9: =-PMT($CT$5/12,240,CS9,0) -> 28342.699 | CU9: =-PMT($CT$5/12,180,CS9,0) -> 32858.576 | CV9: =-PMT($CT$5/12,120,CS9,0) -> 42445.92 | CW9: =-PMT($CT$5/12,60,CS9,0) -> 72387.487 | CX9: =(CK9*80%)*$CX$5 -> 296965.14 | CY9: =(CK9*80%)*$CY$5 -> 117507.66 | CZ9: =(CK9*80%)*$CZ$5 -> 84874.117 | DA9: =(CK9*80%)*$DA$5 -> 64593.11 | DB9: =AT9/AR9 -> 0.11271013 | DC9: =CE9/CA9 -> 0.2188259 | DD9: BOI W/ HIC | DG9: =$DG$7 -> 46082 | DH9: =(YEAR(DG9)-YEAR($DH$5))*12+MONTH(DG9)-MONTH($DH$5) -> 28 | DJ9: =DG9+65 -> 46147 | DK9: =(YEAR(DJ9)-YEAR($DK$5))*12+MONTH(DJ9)-MONTH($DK$5)+$DK$4+$DK$3 -> 30 | DL9: BOI | DM9: CTS BARE WITH HIC | DN9: =DO9/J9 -> 17213.91 | DO9: =AV9 -> 378706.03 | DP9: =AV9/AR9 -> 0.12623534 | DR9: =CG9 -> 3705505.1 | DS9: =SUM('[6]INTERNAL PRICELIST'!M9) -> 2329361 | DT9: =DR9-DS9 -> 1376144.1 | DV9: =DR9/J9 -> 168432.05 | DX9: 3 | DY9: UNIT C | DZ9: 22 | EA9: =DZ9-J9 -> 0 | ED9: W-3C | EE9: =G9=ED9 -> TRUE | EF9: NICO BERENACER DOSANO | EG9: FROM UG TO 3F | EI9: Step Up 1 | EL9: 0.25 | EM9: =EK7*EL9 -> 126392.71 | EN9: =EM9/EK9 -> #DIV/0! | EP9: SOLD | EQ9: SOLD | ER9: =EP9=EQ9 -> TRUE | EU9: 2123200 | EV9: SOLD | FF9: 40 | FG9: =EDATE(FH9,FF9) -> 46357 | FH9: 45139 | FJ9: 0.15 | FK9: 12820.111 | FL9: 13166.6 | FN9: =CK9 -> 4177957 | FO9: =$FO$5 -> 0.15 | FP9: =FN9*FO9 -> 626693.55 | FQ9: =CN9 -> 30000 | FR9: =FP9-FQ9 -> 596693.55 | FS9: =$FS$5 -> 40 | FT9: =FR9/FS9 -> 14917.339 | FV9: =FN9 -> 4177957 | FW9: =FV9*$FW$5 -> 417795.7 | FX9: =FV9*$FX$5 -> 104448.93 | FY9: 15000 | FZ9: =FW9-FY9 -> 402795.7 | GA9: =$GA$5 -> 46 | GB9: =FZ9/GA9 -> 8756.4283 | GH9: =CK9 -> 4177957 | GI9: =CL9 -> 0.125 | GJ9: =CM9 -> 522244.63 | GK9: =CN9 -> 30000 | GL9: =CO9 -> 492244.63 | GM9: =CP9 -> 29 | GN9: =CQ9 -> 16973.953 | GO9: =CR9 -> 0.875 | ... GT9: =CW9 -> 72387.487 | GV9: =GH9 -> 4177957 | GW9: =GI9 -> 0.125 | GX9: =GJ9 -> 522244.63 | GY9: =GK9 -> 30000 | GZ9: =GL9 -> 492244.63 | HA9: =$HA$5 -> 48 | HB9: =GZ9/HA9 -> 10255.096 | HC9: =100%-GW9 -> 0.875 | HD9: =GV9*HC9 -> 3655712.4 | HE9: =-PMT(7%/12,240,HD9,0) -> 28342.699 | HF9: =-PMT(7%/12,180,HD9,0) -> 32858.576 | HG9: =-PMT(7%/12,120,HD9,0) -> 42445.92 | HH9: =-PMT(7%/12,60,HD9,0) -> 72387.487 | HJ9: =HB9-GN9 -> -6718.8562 | ID9: 3rd Floor | IE9: =DATE(2028,2,1) -> 46784 | IF9: =DATEDIF($IF$5,IE9,"m") -> 29
A10: =A9+1 -> 4 | B10: SOLD | C10: =C9+1 -> 4 | D10: 3rd Floor | E10: =D10 -> 3rd Floor | G10: W-3D | I10: Studio | J10: 22 | L10: North | M10: Inner | N10: =$N$5 -> 106005.27 | O10: =J10*N10 -> 2332115.8 | P10: =$P$7 -> 22400 | Q10: =$Q$5 -> 50000 | Z10: =$Z$5 -> 142461 | AD10: =SUM(P10:AC10) -> 214861 | AE10: =O10+AD10 -> 2546976.8 | AF10: =AE10*$AF$5 -> 63674.421 | AG10: =AE10+AF10 -> 2610651.3 | AH10: =AG10*$AH$5 -> 65266.282 | AI10: =AG10+AH10 -> 2675917.5 | AJ10: =AI10*$AJ$5 -> 133795.88 | AK10: =AI10+AJ10 -> 2809713.4 | AL10: =AK10*AL$5 -> 28097.134 | AM10: =$AM$5 -> 27537.41 | AO10: =AK10+AL10+AM10+AN10 -> 2865348 | AP10: =AO10*$AP$5 -> 472782.41 | AQ10: =AO10+AP10 -> 3338130.4 | AR10: =$AR$5 -> 3000000 | AS10: =AT10/J10 -> 15369.563 | AT10: =AQ10-AR10 -> 338130.38 | AU10: =AT10*$AU$5 -> 40575.646 | AV10: =AT10+AU10 -> 378706.03 | AW10: =AR10+AT10+AU10 -> 3378706 | AX10: =AW10*$AX$5 -> 42233.825 | AY10: 0 | AZ10: =AW10+AX10+AY10 -> 3420939.9 | BA10: =AZ10*$BA$5 -> 128285.24 | BC10: =$BC$5*1.12 -> 33600 | BD10: =AZ10+BA10+BB10+BC10 -> 3582825.1 | BF10: =BD10+BE10 -> 3582825.1 | BH10: =BF10+BG10 -> 3582825.1 | BJ10: =BH10+BI10 -> 3582825.1 | BL10: =BJ10+BK10 -> 3582825.1 | BN10: =BL10+BM10 -> 3582825.1 | BP10: =BN10+BO10 -> 3582825.1 | BR10: =BP10+BQ10 -> 3582825.1 | BT10: =BS10+BR10 -> 3582825.1 | BV10: =$BV$2+$BV$3-BC10 -> 51400 | BW10: =SUM(BT10:BV10) -> 3634225.1 | BY10: =BW10+BX10 -> 3634225.1 | BZ10: =BY10 -> 3634225.1 | CA10: =BZ10-CC10 -> 3040225.1 | CB10: 27000 | CC10: =CB10*J10 -> 594000 | CD10: =CC10*$CD$5 -> 71280 | CE10: =SUM(CC10:CD10) -> 665280 | CF10: =BZ10+CD10 -> 3705505.1 | CG10: =CF10 -> 3705505.1 | CH10: =IF(CA10<=$CA$3,0,12%*CA10) -> 0 | CI10: =CG10*CI$5 -> 379814.27 | CJ10: =CG10*CJ$5 -> 92637.628 | CK10: =SUM(CG10:CJ10) -> 4177957 | CL10: =$CL$5 -> 0.125 | CM10: =CK10*CL10 -> 522244.63 | CN10: =CN$5 -> 30000 | CO10: =CM10-CN10 -> 492244.63 | CP10: =VLOOKUP(E10,$ID$6:$IF$20,3,FALSE) -> 29 | CQ10: =CO10/CP10 -> 16973.953 | CR10: =100%-CL10 -> 0.875 | CS10: =CK10*CR10 -> 3655712.4 | CT10: =-PMT($CT$5/12,240,CS10,0) -> 28342.699 | CU10: =-PMT($CT$5/12,180,CS10,0) -> 32858.576 | CV10: =-PMT($CT$5/12,120,CS10,0) -> 42445.92 | CW10: =-PMT($CT$5/12,60,CS10,0) -> 72387.487 | CX10: =(CK10*80%)*$CX$5 -> 296965.14 | CY10: =(CK10*80%)*$CY$5 -> 117507.66 | CZ10: =(CK10*80%)*$CZ$5 -> 84874.117 | DA10: =(CK10*80%)*$DA$5 -> 64593.11 | DB10: =AT10/AR10 -> 0.11271013 | DC10: =CE10/CA10 -> 0.2188259 | DD10: BOI W/ HIC | DG10: =$DG$7 -> 46082 | DH10: =(YEAR(DG10)-YEAR($DH$5))*12+MONTH(DG10)-MONTH($DH$5) -> 28 | DJ10: =DG10+65 -> 46147 | DK10: =(YEAR(DJ10)-YEAR($DK$5))*12+MONTH(DJ10)-MONTH($DK$5)+$DK$4+$DK$3 -> 30 | DL10: BOI | DM10: CTS BARE WITH HIC | DN10: =DO10/J10 -> 17213.91 | DO10: =AV10 -> 378706.03 | DP10: =AV10/AR10 -> 0.12623534 | DR10: =CG10 -> 3705505.1 | DS10: =SUM('[6]INTERNAL PRICELIST'!M10) -> 2329361 | DT10: =DR10-DS10 -> 1376144.1 | DV10: =DR10/J10 -> 168432.05 | DX10: 4 | DY10: UNIT D | DZ10: 22 | EA10: =DZ10-J10 -> 0 | ED10: W-3D | EE10: =G10=ED10 -> TRUE | EF10: MARYCELLE GOMEZ CONSTANTINO | EG10: FROM UG TO 3F | EI10: Step Up 2 | EL10: 0.35 | EM10: =EK7*EL10 -> 176949.79 | EN10: =EM10/EK10 -> #DIV/0! | EP10: SOLD | EQ10: SOLD | ER10: =EP10=EQ10 -> TRUE | EU10: 2757027.6 | EV10: SOLD | FF10: 39 | FG10: =EDATE(FH10,FF10) -> 46357 | FH10: 45170 | FJ10: 0.15 | FK10: 12820.111 | FL10: 13166.6 | FN10: =CK10 -> 4177957 | FO10: =$FO$5 -> 0.15 | FP10: =FN10*FO10 -> 626693.55 | FQ10: =CN10 -> 30000 | FR10: =FP10-FQ10 -> 596693.55 | FS10: =$FS$5 -> 40 | FT10: =FR10/FS10 -> 14917.339 | FV10: =FN10 -> 4177957 | FW10: =FV10*$FW$5 -> 417795.7 | FX10: =FV10*$FX$5 -> 104448.93 | FY10: 15000 | FZ10: =FW10-FY10 -> 402795.7 | GA10: =$GA$5 -> 46 | GB10: =FZ10/GA10 -> 8756.4283 | GH10: =CK10 -> 4177957 | GI10: =CL10 -> 0.125 | GJ10: =CM10 -> 522244.63 | GK10: =CN10 -> 30000 | GL10: =CO10 -> 492244.63 | GM10: =CP10 -> 29 | GN10: =CQ10 -> 16973.953 | GO10: =CR10 -> 0.875 | ... GT10: =CW10 -> 72387.487 | GV10: =GH10 -> 4177957 | GW10: =GI10 -> 0.125 | GX10: =GJ10 -> 522244.63 | GY10: =GK10 -> 30000 | GZ10: =GL10 -> 492244.63 | HA10: =$HA$5 -> 48 | HB10: =GZ10/HA10 -> 10255.096 | HC10: =100%-GW10 -> 0.875 | HD10: =GV10*HC10 -> 3655712.4 | HE10: =-PMT(7%/12,240,HD10,0) -> 28342.699 | HF10: =-PMT(7%/12,180,HD10,0) -> 32858.576 | HG10: =-PMT(7%/12,120,HD10,0) -> 42445.92 | HH10: =-PMT(7%/12,60,HD10,0) -> 72387.487 | HJ10: =HB10-GN10 -> -6718.8562 | ID10: 4th Floor | IE10: =DATE(2028,2,1) -> 46784 | IF10: =DATEDIF($IF$5,IE10,"m") -> 29
A11: =A10+1 -> 5 | B11: SOLD | C11: =C10+1 -> 5 | D11: 3rd Floor | E11: =D11 -> 3rd Floor | G11: W-3E | I11: Studio | J11: 22 | L11: North | M11: Inner | N11: =$N$5 -> 106005.27 | O11: =J11*N11 -> 2332115.8 | P11: =$P$7 -> 22400 | Q11: =$Q$5 -> 50000 | Z11: =$Z$5 -> 142461 | AD11: =SUM(P11:AC11) -> 214861 | AE11: =O11+AD11 -> 2546976.8 | AF11: =AE11*$AF$5 -> 63674.421 | AG11: =AE11+AF11 -> 2610651.3 | AH11: =AG11*$AH$5 -> 65266.282 | AI11: =AG11+AH11 -> 2675917.5 | AJ11: =AI11*$AJ$5 -> 133795.88 | AK11: =AI11+AJ11 -> 2809713.4 | AL11: =AK11*AL$5 -> 28097.134 | AM11: =$AM$5 -> 27537.41 | AO11: =AK11+AL11+AM11+AN11 -> 2865348 | AP11: =AO11*$AP$5 -> 472782.41 | AQ11: =AO11+AP11 -> 3338130.4 | AR11: =$AR$5 -> 3000000 | AS11: =AT11/J11 -> 15369.563 | AT11: =AQ11-AR11 -> 338130.38 | AU11: =AT11*$AU$5 -> 40575.646 | AV11: =AT11+AU11 -> 378706.03 | AW11: =AR11+AT11+AU11 -> 3378706 | AX11: =AW11*$AX$5 -> 42233.825 | AY11: 0 | AZ11: =AW11+AX11+AY11 -> 3420939.9 | BA11: =AZ11*$BA$5 -> 128285.24 | BC11: =$BC$5*1.12 -> 33600 | BD11: =AZ11+BA11+BB11+BC11 -> 3582825.1 | BF11: =BD11+BE11 -> 3582825.1 | BH11: =BF11+BG11 -> 3582825.1 | BJ11: =BH11+BI11 -> 3582825.1 | BL11: =BJ11+BK11 -> 3582825.1 | BN11: =BL11+BM11 -> 3582825.1 | BP11: =BN11+BO11 -> 3582825.1 | BR11: =BP11+BQ11 -> 3582825.1 | BT11: =BS11+BR11 -> 3582825.1 | BV11: =$BV$2+$BV$3-BC11 -> 51400 | BW11: =SUM(BT11:BV11) -> 3634225.1 | BY11: =BW11+BX11 -> 3634225.1 | BZ11: =BY11 -> 3634225.1 | CA11: =BZ11-CC11 -> 3040225.1 | CB11: 27000 | CC11: =CB11*J11 -> 594000 | CD11: =CC11*$CD$5 -> 71280 | CE11: =SUM(CC11:CD11) -> 665280 | CF11: =BZ11+CD11 -> 3705505.1 | CG11: =CF11 -> 3705505.1 | CH11: =IF(CA11<=$CA$3,0,12%*CA11) -> 0 | CI11: =CG11*CI$5 -> 379814.27 | CJ11: =CG11*CJ$5 -> 92637.628 | CK11: =SUM(CG11:CJ11) -> 4177957 | CL11: =$CL$5 -> 0.125 | CM11: =CK11*CL11 -> 522244.63 | CN11: =CN$5 -> 30000 | CO11: =CM11-CN11 -> 492244.63 | CP11: =VLOOKUP(E11,$ID$6:$IF$20,3,FALSE) -> 29 | CQ11: =CO11/CP11 -> 16973.953 | CR11: =100%-CL11 -> 0.875 | CS11: =CK11*CR11 -> 3655712.4 | CT11: =-PMT($CT$5/12,240,CS11,0) -> 28342.699 | CU11: =-PMT($CT$5/12,180,CS11,0) -> 32858.576 | CV11: =-PMT($CT$5/12,120,CS11,0) -> 42445.92 | CW11: =-PMT($CT$5/12,60,CS11,0) -> 72387.487 | CX11: =(CK11*80%)*$CX$5 -> 296965.14 | CY11: =(CK11*80%)*$CY$5 -> 117507.66 | CZ11: =(CK11*80%)*$CZ$5 -> 84874.117 | DA11: =(CK11*80%)*$DA$5 -> 64593.11 | DB11: =AT11/AR11 -> 0.11271013 | DC11: =CE11/CA11 -> 0.2188259 | DD11: BOI W/ HIC | DG11: =$DG$7 -> 46082 | DH11: =(YEAR(DG11)-YEAR($DH$5))*12+MONTH(DG11)-MONTH($DH$5) -> 28 | DJ11: =DG11+65 -> 46147 | DK11: =(YEAR(DJ11)-YEAR($DK$5))*12+MONTH(DJ11)-MONTH($DK$5)+$DK$4+$DK$3 -> 30 | DL11: BOI | DM11: CTS BARE WITH HIC | DN11: =DO11/J11 -> 17213.91 | DO11: =AV11 -> 378706.03 | DP11: =AV11/AR11 -> 0.12623534 | DR11: =CG11 -> 3705505.1 | DS11: =SUM('[6]INTERNAL PRICELIST'!M11) -> 2329361 | DT11: =DR11-DS11 -> 1376144.1 | DV11: =DR11/J11 -> 168432.05 | DX11: 5 | DY11: UNIT E | DZ11: 22 | EA11: =DZ11-J11 -> 0 | ED11: W-3E | EE11: =G11=ED11 -> TRUE | EF11: JANELLE GOMEZ CONSTANTINO | EG11: FROM UG TO 3F | EI11: Step Up 3 | EL11: 0.4 | EM11: =EK7*EL11 -> 202228.33 | EN11: =EM11/EK11 -> #DIV/0! | EP11: SOLD | EQ11: SOLD | ER11: =EP11=EQ11 -> TRUE | EU11: 2981804.7 | EV11: UNSOLD | EW11: =EU11-CG11 -> -723700.37 | FF11: =FF10-1+12 -> 50 | FG11: =EDATE(FH11,FF11) -> 46722 | FH11: 45200 | FI11: term from Sept 2023 less 1 plus 12 months | FJ11: 0.15 | FK11: 12820.111 | FL11: 13166.6 | FN11: =CK11 -> 4177957 | FO11: =$FO$5 -> 0.15 | FP11: =FN11*FO11 -> 626693.55 | FQ11: =CN11 -> 30000 | FR11: =FP11-FQ11 -> 596693.55 | FS11: =$FS$5 -> 40 | FT11: =FR11/FS11 -> 14917.339 | FV11: =FN11 -> 4177957 | FW11: =FV11*$FW$5 -> 417795.7 | FX11: =FV11*$FX$5 -> 104448.93 | FY11: 15000 | FZ11: =FW11-FY11 -> 402795.7 | GA11: =$GA$5 -> 46 | GB11: =FZ11/GA11 -> 8756.4283 | GH11: =CK11 -> 4177957 | GI11: =CL11 -> 0.125 | GJ11: =CM11 -> 522244.63 | GK11: =CN11 -> 30000 | GL11: =CO11 -> 492244.63 | GM11: =CP11 -> 29 | GN11: =CQ11 -> 16973.953 | GO11: =CR11 -> 0.875 | ... GT11: =CW11 -> 72387.487 | GV11: =GH11 -> 4177957 | GW11: =GI11 -> 0.125 | GX11: =GJ11 -> 522244.63 | GY11: =GK11 -> 30000 | GZ11: =GL11 -> 492244.63 | HA11: =$HA$5 -> 48 | HB11: =GZ11/HA11 -> 10255.096 | HC11: =100%-GW11 -> 0.875 | HD11: =GV11*HC11 -> 3655712.4 | HE11: =-PMT(7%/12,240,HD11,0) -> 28342.699 | HF11: =-PMT(7%/12,180,HD11,0) -> 32858.576 | HG11: =-PMT(7%/12,120,HD11,0) -> 42445.92 | HH11: =-PMT(7%/12,60,HD11,0) -> 72387.487 | HJ11: =HB11-GN11 -> -6718.8562 | ID11: 5th Floor | IE11: =DATE(2028,2,1) -> 46784 | IF11: =DATEDIF($IF$5,IE11,"m") -> 29
A12: =A11+1 -> 6 | B12: SOLD | C12: =C11+1 -> 6 | D12: 3rd Floor | E12: =D12 -> 3rd Floor | G12: W-3F | I12: Studio | J12: 22 | L12: North | M12: Inner | N12: =$N$5 -> 106005.27 | O12: =J12*N12 -> 2332115.8 | P12: =$P$7 -> 22400 | Q12: =$Q$5 -> 50000 | Z12: =$Z$5 -> 142461 | AD12: =SUM(P12:AC12) -> 214861 | AE12: =O12+AD12 -> 2546976.8 | AF12: =AE12*$AF$5 -> 63674.421 | AG12: =AE12+AF12 -> 2610651.3 | AH12: =AG12*$AH$5 -> 65266.282 | AI12: =AG12+AH12 -> 2675917.5 | AJ12: =AI12*$AJ$5 -> 133795.88 | AK12: =AI12+AJ12 -> 2809713.4 | AL12: =AK12*AL$5 -> 28097.134 | AM12: =$AM$5 -> 27537.41 | AO12: =AK12+AL12+AM12+AN12 -> 2865348 | AP12: =AO12*$AP$5 -> 472782.41 | AQ12: =AO12+AP12 -> 3338130.4 | AR12: =$AR$5 -> 3000000 | AS12: =AT12/J12 -> 15369.563 | AT12: =AQ12-AR12 -> 338130.38 | AU12: =AT12*$AU$5 -> 40575.646 | AV12: =AT12+AU12 -> 378706.03 | AW12: =AR12+AT12+AU12 -> 3378706 | AX12: =AW12*$AX$5 -> 42233.825 | AY12: 0 | AZ12: =AW12+AX12+AY12 -> 3420939.9 | BA12: =AZ12*$BA$5 -> 128285.24 | BC12: =$BC$5*1.12 -> 33600 | BD12: =AZ12+BA12+BB12+BC12 -> 3582825.1 | BF12: =BD12+BE12 -> 3582825.1 | BH12: =BF12+BG12 -> 3582825.1 | BJ12: =BH12+BI12 -> 3582825.1 | BL12: =BJ12+BK12 -> 3582825.1 | BN12: =BL12+BM12 -> 3582825.1 | BP12: =BN12+BO12 -> 3582825.1 | BR12: =BP12+BQ12 -> 3582825.1 | BT12: =BS12+BR12 -> 3582825.1 | BV12: =$BV$2+$BV$3-BC12 -> 51400 | BW12: =SUM(BT12:BV12) -> 3634225.1 | BY12: =BW12+BX12 -> 3634225.1 | BZ12: =BY12 -> 3634225.1 | CA12: =BZ12-CC12 -> 3040225.1 | CB12: 27000 | CC12: =CB12*J12 -> 594000 | CD12: =CC12*$CD$5 -> 71280 | CE12: =SUM(CC12:CD12) -> 665280 | CF12: =BZ12+CD12 -> 3705505.1 | CG12: =CF12 -> 3705505.1 | CH12: =IF(CA12<=$CA$3,0,12%*CA12) -> 0 | CI12: =CG12*CI$5 -> 379814.27 | CJ12: =CG12*CJ$5 -> 92637.628 | CK12: =SUM(CG12:CJ12) -> 4177957 | CL12: =$CL$5 -> 0.125 | CM12: =CK12*CL12 -> 522244.63 | CN12: =CN$5 -> 30000 | CO12: =CM12-CN12 -> 492244.63 | CP12: =VLOOKUP(E12,$ID$6:$IF$20,3,FALSE) -> 29 | CQ12: =CO12/CP12 -> 16973.953 | CR12: =100%-CL12 -> 0.875 | CS12: =CK12*CR12 -> 3655712.4 | CT12: =-PMT($CT$5/12,240,CS12,0) -> 28342.699 | CU12: =-PMT($CT$5/12,180,CS12,0) -> 32858.576 | CV12: =-PMT($CT$5/12,120,CS12,0) -> 42445.92 | CW12: =-PMT($CT$5/12,60,CS12,0) -> 72387.487 | CX12: =(CK12*80%)*$CX$5 -> 296965.14 | CY12: =(CK12*80%)*$CY$5 -> 117507.66 | CZ12: =(CK12*80%)*$CZ$5 -> 84874.117 | DA12: =(CK12*80%)*$DA$5 -> 64593.11 | DB12: =AT12/AR12 -> 0.11271013 | DC12: =CE12/CA12 -> 0.2188259 | DD12: BOI W/ HIC | DG12: =$DG$7 -> 46082 | DH12: =(YEAR(DG12)-YEAR($DH$5))*12+MONTH(DG12)-MONTH($DH$5) -> 28 | DJ12: =DG12+65 -> 46147 | DK12: =(YEAR(DJ12)-YEAR($DK$5))*12+MONTH(DJ12)-MONTH($DK$5)+$DK$4+$DK$3 -> 30 | DL12: BOI | DM12: CTS BARE WITH HIC | DN12: =DO12/J12 -> 17213.91 | DO12: =AV12 -> 378706.03 | DP12: =AV12/AR12 -> 0.12623534 | DR12: =CG12 -> 3705505.1 | DS12: =SUM('[6]INTERNAL PRICELIST'!M12) -> 2329361 | DT12: =DR12-DS12 -> 1376144.1 | DV12: =DR12/J12 -> 168432.05 | DX12: 6 | DY12: UNIT F | DZ12: 22 | EA12: =DZ12-J12 -> 0 | ED12: W-3F | EE12: =G12=ED12 -> TRUE | EF12: ABBY GAYLE GACUMA LACHICA | EG12: FROM UG TO 3F | EI12: Total | EK12: =SUM(EK9:EK11) -> 0 | EL12: =SUM(EL9:EL11) -> 1 | EM12: =SUM(EM9:EM11) -> 505570.83 | EP12: SOLD | EQ12: SOLD | ER12: =EP12=EQ12 -> TRUE | EU12: 2123200 | EV12: SOLD | FF12: =FF11-1 -> 49 | FG12: =EDATE(FH12,FF12) -> 46722 | FH12: 45231 | FI12: Nov. 1-14,2023 | FJ12: 0.15 | FK12: 12820.111 | FL12: 13166.6 | FN12: =CK12 -> 4177957 | FO12: =$FO$5 -> 0.15 | FP12: =FN12*FO12 -> 626693.55 | FQ12: =CN12 -> 30000 | FR12: =FP12-FQ12 -> 596693.55 | FS12: =$FS$5 -> 40 | FT12: =FR12/FS12 -> 14917.339 | FV12: =FN12 -> 4177957 | FW12: =FV12*$FW$5 -> 417795.7 | FX12: =FV12*$FX$5 -> 104448.93 | FY12: 15000 | FZ12: =FW12-FY12 -> 402795.7 | GA12: =$GA$5 -> 46 | GB12: =FZ12/GA12 -> 8756.4283 | GH12: =CK12 -> 4177957 | GI12: =CL12 -> 0.125 | GJ12: =CM12 -> 522244.63 | GK12: =CN12 -> 30000 | GL12: =CO12 -> 492244.63 | GM12: =CP12 -> 29 | GN12: =CQ12 -> 16973.953 | GO12: =CR12 -> 0.875 | ... GT12: =CW12 -> 72387.487 | GV12: =GH12 -> 4177957 | GW12: =GI12 -> 0.125 | GX12: =GJ12 -> 522244.63 | GY12: =GK12 -> 30000 | GZ12: =GL12 -> 492244.63 | HA12: =$HA$5 -> 48 | HB12: =GZ12/HA12 -> 10255.096 | HC12: =100%-GW12 -> 0.875 | HD12: =GV12*HC12 -> 3655712.4 | HE12: =-PMT(7%/12,240,HD12,0) -> 28342.699 | HF12: =-PMT(7%/12,180,HD12,0) -> 32858.576 | HG12: =-PMT(7%/12,120,HD12,0) -> 42445.92 | HH12: =-PMT(7%/12,60,HD12,0) -> 72387.487 | HJ12: =HB12-GN12 -> -6718.8562 | ID12: 6th Floor | IE12: =DATE(2028,2,1) -> 46784 | IF12: =DATEDIF($IF$5,IE12,"m") -> 29
A13: =A12+1 -> 7 | C13: =C12+1 -> 7 | D13: 3rd Floor | E13: =D13 -> 3rd Floor | G13: W-3G | I13: Studio | J13: 22 | L13: North | M13: Inner | N13: =$N$5 -> 106005.27 | O13: =J13*N13 -> 2332115.8 | P13: =$P$7 -> 22400 | Q13: =$Q$5 -> 50000 | Z13: =$Z$5 -> 142461 | AD13: =SUM(P13:AC13) -> 214861 | AE13: =O13+AD13 -> 2546976.8 | AF13: =AE13*$AF$5 -> 63674.421 | AG13: =AE13+AF13 -> 2610651.3 | AH13: =AG13*$AH$5 -> 65266.282 | AI13: =AG13+AH13 -> 2675917.5 | AJ13: =AI13*$AJ$5 -> 133795.88 | AK13: =AI13+AJ13 -> 2809713.4 | AL13: =AK13*AL$5 -> 28097.134 | AM13: =$AM$5 -> 27537.41 | AO13: =AK13+AL13+AM13+AN13 -> 2865348 | AP13: =AO13*$AP$5 -> 472782.41 | AQ13: =AO13+AP13 -> 3338130.4 | AR13: =$AR$5 -> 3000000 | AS13: =AT13/J13 -> 15369.563 | AT13: =AQ13-AR13 -> 338130.38 | AU13: =AT13*$AU$5 -> 40575.646 | AV13: =AT13+AU13 -> 378706.03 | AW13: =AR13+AT13+AU13 -> 3378706 | AX13: =AW13*$AX$5 -> 42233.825 | AY13: 0 | AZ13: =AW13+AX13+AY13 -> 3420939.9 | BA13: =AZ13*$BA$5 -> 128285.24 | BC13: =$BC$5*1.12 -> 33600 | BD13: =AZ13+BA13+BB13+BC13 -> 3582825.1 | BF13: =BD13+BE13 -> 3582825.1 | BH13: =BF13+BG13 -> 3582825.1 | BJ13: =BH13+BI13 -> 3582825.1 | BL13: =BJ13+BK13 -> 3582825.1 | BN13: =BL13+BM13 -> 3582825.1 | BP13: =BN13+BO13 -> 3582825.1 | BR13: =BP13+BQ13 -> 3582825.1 | BT13: =BS13+BR13 -> 3582825.1 | BV13: =$BV$2+$BV$3-BC13 -> 51400 | BW13: =SUM(BT13:BV13) -> 3634225.1 | BY13: =BW13+BX13 -> 3634225.1 | BZ13: =BY13 -> 3634225.1 | CA13: =BZ13-CC13 -> 3040225.1 | CB13: 27000 | CC13: =CB13*J13 -> 594000 | CD13: =CC13*$CD$5 -> 71280 | CE13: =SUM(CC13:CD13) -> 665280 | CF13: =BZ13+CD13 -> 3705505.1 | CG13: =CF13 -> 3705505.1 | CH13: =IF(CA13<=$CA$3,0,12%*CA13) -> 0 | CI13: =CG13*CI$5 -> 379814.27 | CJ13: =CG13*CJ$5 -> 92637.628 | CK13: =SUM(CG13:CJ13) -> 4177957 | CL13: =$CL$5 -> 0.125 | CM13: =CK13*CL13 -> 522244.63 | CN13: =CN$5 -> 30000 | CO13: =CM13-CN13 -> 492244.63 | CP13: =VLOOKUP(E13,$ID$6:$IF$20,3,FALSE) -> 29 | CQ13: =CO13/CP13 -> 16973.953 | CR13: =100%-CL13 -> 0.875 | CS13: =CK13*CR13 -> 3655712.4 | CT13: =-PMT($CT$5/12,240,CS13,0) -> 28342.699 | CU13: =-PMT($CT$5/12,180,CS13,0) -> 32858.576 | CV13: =-PMT($CT$5/12,120,CS13,0) -> 42445.92 | CW13: =-PMT($CT$5/12,60,CS13,0) -> 72387.487 | CX13: =(CK13*80%)*$CX$5 -> 296965.14 | CY13: =(CK13*80%)*$CY$5 -> 117507.66 | CZ13: =(CK13*80%)*$CZ$5 -> 84874.117 | DA13: =(CK13*80%)*$DA$5 -> 64593.11 | DB13: =AT13/AR13 -> 0.11271013 | DC13: =CE13/CA13 -> 0.2188259 | DD13: BOI W/ HIC | DG13: =$DG$7 -> 46082 | DH13: =(YEAR(DG13)-YEAR($DH$5))*12+MONTH(DG13)-MONTH($DH$5) -> 28 | DJ13: =DG13+65 -> 46147 | DK13: =(YEAR(DJ13)-YEAR($DK$5))*12+MONTH(DJ13)-MONTH($DK$5)+$DK$4+$DK$3 -> 30 | DL13: BOI | DM13: CTS BARE WITH HIC | DN13: =DO13/J13 -> 17213.91 | DO13: =AV13 -> 378706.03 | DP13: =AV13/AR13 -> 0.12623534 | DR13: =CG13 -> 3705505.1 | DS13: =SUM('[6]INTERNAL PRICELIST'!M13) -> 2331316 | DT13: =DR13-DS13 -> 1374189.1 | DV13: =DR13/J13 -> 168432.05 | DX13: 7 | DY13: UNIT G | DZ13: 22.34 | EA13: =DZ13-J13 -> 0.34 | ED13: W-3G | EE13: =G13=ED13 -> TRUE | EP13: SOLD | EQ13: SOLD | ER13: =EP13=EQ13 -> TRUE | EU13: 2172480 | EV13: SOLD | FF13: =FF12-1 -> 48 | FG13: =EDATE(FH13,FF13) -> 46692 | FH13: 45231 | FI13: Nov. 15-30,2023 | FJ13: 0.15 | FK13: 12820.111 | FL13: 13166.6 | FN13: =CK13 -> 4177957 | FO13: =$FO$5 -> 0.15 | FP13: =FN13*FO13 -> 626693.55 | FQ13: =CN13 -> 30000 | FR13: =FP13-FQ13 -> 596693.55 | FS13: =$FS$5 -> 40 | FT13: =FR13/FS13 -> 14917.339 | FV13: =FN13 -> 4177957 | FW13: =FV13*$FW$5 -> 417795.7 | FX13: =FV13*$FX$5 -> 104448.93 | FY13: 15000 | FZ13: =FW13-FY13 -> 402795.7 | GA13: =$GA$5 -> 46 | GB13: =FZ13/GA13 -> 8756.4283 | GH13: =CK13 -> 4177957 | GI13: =CL13 -> 0.125 | GJ13: =CM13 -> 522244.63 | GK13: =CN13 -> 30000 | GL13: =CO13 -> 492244.63 | GM13: =CP13 -> 29 | GN13: =CQ13 -> 16973.953 | GO13: =CR13 -> 0.875 | ... GT13: =CW13 -> 72387.487 | GV13: =GH13 -> 4177957 | GW13: =GI13 -> 0.125 | GX13: =GJ13 -> 522244.63 | GY13: =GK13 -> 30000 | GZ13: =GL13 -> 492244.63 | HA13: =$HA$5 -> 48 | HB13: =GZ13/HA13 -> 10255.096 | HC13: =100%-GW13 -> 0.875 | HD13: =GV13*HC13 -> 3655712.4 | HE13: =-PMT(7%/12,240,HD13,0) -> 28342.699 | HF13: =-PMT(7%/12,180,HD13,0) -> 32858.576 | HG13: =-PMT(7%/12,120,HD13,0) -> 42445.92 | HH13: =-PMT(7%/12,60,HD13,0) -> 72387.487 | HJ13: =HB13-GN13 -> -6718.8562 | ID13: 7th Floor | IE13: =DATE(2028,2,1) -> 46784 | IF13: =DATEDIF($IF$5,IE13,"m") -> 29
A14: =A13+1 -> 8 | C14: =C13+1 -> 8 | D14: 3rd Floor | E14: =D14 -> 3rd Floor | G14: W-3H | I14: Studio | J14: 22 | L14: North | M14: Inner | N14: =$N$5 -> 106005.27 | O14: =J14*N14 -> 2332115.8 | P14: =$P$7 -> 22400 | Q14: =$Q$5 -> 50000 | Z14: =$Z$5 -> 142461 | AD14: =SUM(P14:AC14) -> 214861 | AE14: =O14+AD14 -> 2546976.8 | AF14: =AE14*$AF$5 -> 63674.421 | AG14: =AE14+AF14 -> 2610651.3 | AH14: =AG14*$AH$5 -> 65266.282 | AI14: =AG14+AH14 -> 2675917.5 | AJ14: =AI14*$AJ$5 -> 133795.88 | AK14: =AI14+AJ14 -> 2809713.4 | AL14: =AK14*AL$5 -> 28097.134 | AM14: =$AM$5 -> 27537.41 | AO14: =AK14+AL14+AM14+AN14 -> 2865348 | AP14: =AO14*$AP$5 -> 472782.41 | AQ14: =AO14+AP14 -> 3338130.4 | AR14: =$AR$5 -> 3000000 | AS14: =AT14/J14 -> 15369.563 | AT14: =AQ14-AR14 -> 338130.38 | AU14: =AT14*$AU$5 -> 40575.646 | AV14: =AT14+AU14 -> 378706.03 | AW14: =AR14+AT14+AU14 -> 3378706 | AX14: =AW14*$AX$5 -> 42233.825 | AY14: 0 | AZ14: =AW14+AX14+AY14 -> 3420939.9 | BA14: =AZ14*$BA$5 -> 128285.24 | BC14: =$BC$5*1.12 -> 33600 | BD14: =AZ14+BA14+BB14+BC14 -> 3582825.1 | BE14: 18367.831 | BF14: =BD14+BE14 -> 3601192.9 | BH14: =BF14+BG14 -> 3601192.9 | BJ14: =BH14+BI14 -> 3601192.9 | BL14: =BJ14+BK14 -> 3601192.9 | BN14: =BL14+BM14 -> 3601192.9 | BP14: =BN14+BO14 -> 3601192.9 | BR14: =BP14+BQ14 -> 3601192.9 | BT14: =BS14+BR14 -> 3601192.9 | BV14: =$BV$2+$BV$3-BC14 -> 51400 | BW14: =SUM(BT14:BV14) -> 3652592.9 | BY14: =BW14+BX14 -> 3652592.9 | BZ14: =BY14 -> 3652592.9 | CA14: =BZ14-CC14 -> 2970592.9 | CB14: 31000 | CC14: =CB14*J14 -> 682000 | CD14: =CC14*$CD$5 -> 81840 | CE14: =SUM(CC14:CD14) -> 763840 | CF14: =BZ14+CD14 -> 3734432.9 | CG14: =CF14 -> 3734432.9 | CH14: =IF(CA14<=$CA$3,0,12%*CA14) -> 0 | CI14: =CG14*CI$5 -> 382779.38 | CJ14: =CG14*CJ$5 -> 93360.823 | CK14: =SUM(CG14:CJ14) -> 4210573.1 | CL14: =$CL$5 -> 0.125 | CM14: =CK14*CL14 -> 526321.64 | CN14: =CN$5 -> 30000 | CO14: =CM14-CN14 -> 496321.64 | CP14: =VLOOKUP(E14,$ID$6:$IF$20,3,FALSE) -> 29 | CQ14: =CO14/CP14 -> 17114.539 | CR14: =100%-CL14 -> 0.875 | CS14: =CK14*CR14 -> 3684251.5 | CT14: =-PMT($CT$5/12,240,CS14,0) -> 28563.963 | CU14: =-PMT($CT$5/12,180,CS14,0) -> 33115.094 | CV14: =-PMT($CT$5/12,120,CS14,0) -> 42777.284 | CW14: =-PMT($CT$5/12,60,CS14,0) -> 72952.595 | CX14: =(CK14*80%)*$CX$5 -> 299283.46 | CY14: =(CK14*80%)*$CY$5 -> 118425.01 | CZ14: =(CK14*80%)*$CZ$5 -> 85536.705 | DA14: =(CK14*80%)*$DA$5 -> 65097.371 | DB14: =AT14/AR14 -> 0.11271013 | DC14: =CE14/CA14 -> 0.25713385 | DD14: BOI W/ HIC | DG14: =$DG$7 -> 46082 | DH14: =(YEAR(DG14)-YEAR($DH$5))*12+MONTH(DG14)-MONTH($DH$5) -> 28 | DJ14: =DG14+65 -> 46147 | DK14: =(YEAR(DJ14)-YEAR($DK$5))*12+MONTH(DJ14)-MONTH($DK$5)+$DK$4+$DK$3 -> 30 | DL14: BOI | DM14: CTS BARE WITH HIC | DN14: =DO14/J14 -> 17213.91 | DO14: =AV14 -> 378706.03 | DP14: =AV14/AR14 -> 0.12623534 | DR14: =CG14 -> 3734432.9 | DS14: =SUM('[6]INTERNAL PRICELIST'!M14) -> 2329361 | DT14: =DR14-DS14 -> 1405071.9 | DV14: =DR14/J14 -> 169746.95 | DX14: 8 | DY14: UNIT H | DZ14: 22 | EA14: =DZ14-J14 -> 0 | ED14: W-3H | EE14: =G14=ED14 -> TRUE | EP14: SOLD | EQ14: SOLD | ER14: =EP14=EQ14 -> TRUE | EU14: 2172480 | EV14: SOLD | FF14: =FF13-1 -> 47 | FG14: =EDATE(FH14,FF14) -> 46692 | FH14: 45261 | FJ14: 0.15 | FK14: 12820.111 | FL14: 13166.6 | FN14: =CK14 -> 4210573.1 | FO14: =$FO$5 -> 0.15 | FP14: =FN14*FO14 -> 631585.97 | FQ14: =CN14 -> 30000 | FR14: =FP14-FQ14 -> 601585.97 | FS14: =$FS$5 -> 40 | FT14: =FR14/FS14 -> 15039.649 | FV14: =FN14 -> 4210573.1 | FW14: =FV14*$FW$5 -> 421057.31 | FX14: =FV14*$FX$5 -> 105264.33 | FY14: 15000 | FZ14: =FW14-FY14 -> 406057.31 | GA14: =$GA$5 -> 46 | GB14: =FZ14/GA14 -> 8827.3329 | GH14: =CK14 -> 4210573.1 | GI14: =CL14 -> 0.125 | GJ14: =CM14 -> 526321.64 | GK14: =CN14 -> 30000 | GL14: =CO14 -> 496321.64 | GM14: =CP14 -> 29 | GN14: =CQ14 -> 17114.539 | GO14: =CR14 -> 0.875 | ... GT14: =CW14 -> 72952.595 | GV14: =GH14 -> 4210573.1 | GW14: =GI14 -> 0.125 | GX14: =GJ14 -> 526321.64 | GY14: =GK14 -> 30000 | GZ14: =GL14 -> 496321.64 | HA14: =$HA$5 -> 48 | HB14: =GZ14/HA14 -> 10340.034 | HC14: =100%-GW14 -> 0.875 | HD14: =GV14*HC14 -> 3684251.5 | HE14: =-PMT(7%/12,240,HD14,0) -> 28563.963 | HF14: =-PMT(7%/12,180,HD14,0) -> 33115.094 | HG14: =-PMT(7%/12,120,HD14,0) -> 42777.284 | HH14: =-PMT(7%/12,60,HD14,0) -> 72952.595 | HJ14: =HB14-GN14 -> -6774.5052 | ID14: 8th Floor | IE14: =DATE(2028,2,1) -> 46784 | IF14: =DATEDIF($IF$5,IE14,"m") -> 29
A15: =A14+1 -> 9 | C15: =C14+1 -> 9 | D15: 3rd Floor | E15: =D15 -> 3rd Floor | G15: W-3I | I15: Studio | J15: 22 | L15: North | M15: Inner | N15: =$N$5 -> 106005.27 | O15: =J15*N15 -> 2332115.8 | P15: =$P$7 -> 22400 | Q15: =$Q$5 -> 50000 | Z15: =$Z$5 -> 142461 | AA15: 49222.733 | AD15: =SUM(P15:AC15) -> 264083.73 | AE15: =O15+AD15 -> 2596199.6 | AF15: =AE15*$AF$5 -> 64904.989 | AG15: =AE15+AF15 -> 2661104.6 | AH15: =AG15*$AH$5 -> 66527.614 | AI15: =AG15+AH15 -> 2727632.2 | AJ15: =AI15*$AJ$5 -> 136381.61 | AK15: =AI15+AJ15 -> 2864013.8 | AL15: =AK15*AL$5 -> 28640.138 | AM15: =$AM$5 -> 27537.41 | AO15: =AK15+AL15+AM15+AN15 -> 2920191.3 | AP15: =AO15*$AP$5 -> 481831.57 | AQ15: =AO15+AP15 -> 3402022.9 | AR15: =$AR$5 -> 3000000 | AS15: =AT15/J15 -> 18273.769 | AT15: =AQ15-AR15 -> 402022.91 | AU15: =AT15*$AU$5 -> 48242.749 | AV15: =AT15+AU15 -> 450265.66 | AW15: =AR15+AT15+AU15 -> 3450265.7 | AX15: =AW15*$AX$5 -> 43128.321 | AY15: 7575.3957 | AZ15: =AW15+AX15+AY15 -> 3500969.4 | BA15: =AZ15*$BA$5 -> 131286.35 | BC15: =$BC$5*1.12 -> 33600 | BD15: =AZ15+BA15+BB15+BC15 -> 3665855.7 | BE15: 18367.831 | BF15: =BD15+BE15 -> 3684223.6 | BH15: =BF15+BG15 -> 3684223.6 | BI15: 718.43902 | BJ15: =BH15+BI15 -> 3684942 | BL15: =BJ15+BK15 -> 3684942 | BM15: =$BM$5/41 -> 1038.0488 | BN15: =BL15+BM15 -> 3685980 | BP15: =BN15+BO15 -> 3685980 | BR15: =BP15+BQ15 -> 3685980 | BT15: =BS15+BR15 -> 3685980 | BV15: =$BV$2+$BV$3-BC15 -> 51400 | BW15: =SUM(BT15:BV15) -> 3737380 | BY15: =BW15+BX15 -> 3737380 | BZ15: =BY15 -> 3737380 | CA15: =BZ15-CC15 -> 3033380 | CB15: 32000 | CC15: =CB15*J15 -> 704000 | CD15: =CC15*$CD$5 -> 84480 | CE15: =SUM(CC15:CD15) -> 788480 | CF15: =BZ15+CD15 -> 3821860 | CG15: =CF15 -> 3821860 | CH15: =IF(CA15<=$CA$3,0,12%*CA15) -> 0 | CI15: =CG15*CI$5 -> 391740.65 | CJ15: =CG15*CJ$5 -> 95546.501 | CK15: =SUM(CG15:CJ15) -> 4309147.2 | CL15: =$CL$5 -> 0.125 | CM15: =CK15*CL15 -> 538643.4 | CN15: =CN$5 -> 30000 | CO15: =CM15-CN15 -> 508643.4 | CP15: =VLOOKUP(E15,$ID$6:$IF$20,3,FALSE) -> 29 | CQ15: =CO15/CP15 -> 17539.428 | CR15: =100%-CL15 -> 0.875 | CS15: =CK15*CR15 -> 3770503.8 | CT15: =-PMT($CT$5/12,240,CS15,0) -> 29232.676 | CU15: =-PMT($CT$5/12,180,CS15,0) -> 33890.354 | CV15: =-PMT($CT$5/12,120,CS15,0) -> 43778.746 | CW15: =-PMT($CT$5/12,60,CS15,0) -> 74660.494 | CX15: =(CK15*80%)*$CX$5 -> 306290.01 | CY15: =(CK15*80%)*$CY$5 -> 121197.46 | CZ15: =(CK15*80%)*$CZ$5 -> 87539.212 | DA15: =(CK15*80%)*$DA$5 -> 66621.37 | DB15: =AT15/AR15 -> 0.13400764 | DC15: =CE15/CA15 -> 0.25993446 | DD15: BOI W/ HIC | DG15: =$DG$7 -> 46082 | DH15: =(YEAR(DG15)-YEAR($DH$5))*12+MONTH(DG15)-MONTH($DH$5) -> 28 | DJ15: =DG15+65 -> 46147 | DK15: =(YEAR(DJ15)-YEAR($DK$5))*12+MONTH(DJ15)-MONTH($DK$5)+$DK$4+$DK$3 -> 30 | DL15: BOI | DM15: CTS BARE WITH HIC | DN15: =DO15/J15 -> 20466.621 | DO15: =AV15 -> 450265.66 | DP15: =AV15/AR15 -> 0.15008855 | DR15: =CG15 -> 3821860 | DS15: =SUM('[6]INTERNAL PRICELIST'!M15) -> 2329361 | DT15: =DR15-DS15 -> 1492499 | DV15: =DR15/J15 -> 173720.91 | DX15: 9 | DY15: UNIT I | DZ15: 22 | EA15: =DZ15-J15 -> 0 | ED15: W-3I | EE15: =G15=ED15 -> TRUE | EP15: SOLD | EQ15: SOLD | ER15: =EP15=EQ15 -> TRUE | EU15: 2172480 | EV15: SOLD | FF15: =FF14-1 -> 46 | FG15: =EDATE(FH15,FF15) -> 46692 | FH15: 45292 | FJ15: 0.15 | FK15: 12820.111 | FL15: 13166.6 | FN15: =CK15 -> 4309147.2 | FO15: =$FO$5 -> 0.15 | FP15: =FN15*FO15 -> 646372.08 | FQ15: =CN15 -> 30000 | FR15: =FP15-FQ15 -> 616372.08 | FS15: =$FS$5 -> 40 | FT15: =FR15/FS15 -> 15409.302 | FV15: =FN15 -> 4309147.2 | FW15: =FV15*$FW$5 -> 430914.72 | FX15: =FV15*$FX$5 -> 107728.68 | FY15: 15000 | FZ15: =FW15-FY15 -> 415914.72 | GA15: =$GA$5 -> 46 | GB15: =FZ15/GA15 -> 9041.6243 | GH15: =CK15 -> 4309147.2 | GI15: =CL15 -> 0.125 | GJ15: =CM15 -> 538643.4 | GK15: =CN15 -> 30000 | GL15: =CO15 -> 508643.4 | GM15: =CP15 -> 29 | GN15: =CQ15 -> 17539.428 | GO15: =CR15 -> 0.875 | ... GT15: =CW15 -> 74660.494 | GV15: =GH15 -> 4309147.2 | GW15: =GI15 -> 0.125 | GX15: =GJ15 -> 538643.4 | GY15: =GK15 -> 30000 | GZ15: =GL15 -> 508643.4 | HA15: =$HA$5 -> 48 | HB15: =GZ15/HA15 -> 10596.738 | HC15: =100%-GW15 -> 0.875 | HD15: =GV15*HC15 -> 3770503.8 | HE15: =-PMT(7%/12,240,HD15,0) -> 29232.676 | HF15: =-PMT(7%/12,180,HD15,0) -> 33890.354 | HG15: =-PMT(7%/12,120,HD15,0) -> 43778.746 | HH15: =-PMT(7%/12,60,HD15,0) -> 74660.494 | HJ15: =HB15-GN15 -> -6942.6901 | ID15: 9th Floor | IE15: =DATE(2028,2,1) -> 46784 | IF15: =DATEDIF($IF$5,IE15,"m") -> 29
A16: =A15+1 -> 10 | C16: =C15+1 -> 10 | D16: 3rd Floor | E16: =D16 -> 3rd Floor | G16: W-3J | I16: Studio | J16: 22 | L16: South | M16: End | N16: =$N$5 -> 106005.27 | O16: =J16*N16 -> 2332115.8 | P16: =$P$7 -> 22400 | Q16: =$Q$5 -> 50000 | W16: =J16*$W$5 -> 22000 | Z16: =$Z$5 -> 142461 | AA16: 45722.733 | AD16: =SUM(P16:AC16) -> 282583.73 | AE16: =O16+AD16 -> 2614699.6 | AF16: =AE16*$AF$5 -> 65367.489 | AG16: =AE16+AF16 -> 2680067.1 | AH16: =AG16*$AH$5 -> 67001.677 | AI16: =AG16+AH16 -> 2747068.7 | AJ16: =AI16*$AJ$5 -> 137353.44 | AK16: =AI16+AJ16 -> 2884422.2 | AL16: =AK16*AL$5 -> 28844.222 | AM16: =$AM$5 -> 27537.41 | AO16: =AK16+AL16+AM16+AN16 -> 2940803.8 | AP16: =AO16*$AP$5 -> 485232.63 | AQ16: =AO16+AP16 -> 3426036.4 | AR16: =$AR$5 -> 3000000 | AS16: =AT16/J16 -> 19365.293 | AT16: =AQ16-AR16 -> 426036.44 | AU16: =AT16*$AU$5 -> 51124.373 | AV16: =AT16+AU16 -> 477160.81 | AW16: =AR16+AT16+AU16 -> 3477160.8 | AX16: =AW16*$AX$5 -> 43464.51 | AY16: 0 | AZ16: =AW16+AX16+AY16 -> 3520625.3 | BA16: =AZ16*$BA$5 -> 132023.45 | BC16: =$BC$5*1.12 -> 33600 | BD16: =AZ16+BA16+BB16+BC16 -> 3686248.8 | BF16: =BD16+BE16 -> 3686248.8 | BH16: =BF16+BG16 -> 3686248.8 | BJ16: =BH16+BI16 -> 3686248.8 | BL16: =BJ16+BK16 -> 3686248.8 | BN16: =BL16+BM16 -> 3686248.8 | BP16: =BN16+BO16 -> 3686248.8 | BR16: =BP16+BQ16 -> 3686248.8 | BT16: =BS16+BR16 -> 3686248.8 | BV16: =$BV$2+$BV$3-BC16 -> 51400 | BW16: =SUM(BT16:BV16) -> 3737648.8 | BY16: =BW16+BX16 -> 3737648.8 | BZ16: =BY16 -> 3737648.8 | CA16: =BZ16-CC16 -> 3033648.8 | CB16: 32000 | CC16: =CB16*J16 -> 704000 | CD16: =CC16*$CD$5 -> 84480 | CE16: =SUM(CC16:CD16) -> 788480 | CF16: =BZ16+CD16 -> 3822128.8 | CG16: =CF16 -> 3822128.8 | CH16: =IF(CA16<=$CA$3,0,12%*CA16) -> 0 | CI16: =CG16*CI$5 -> 391768.2 | CJ16: =CG16*CJ$5 -> 95553.219 | CK16: =SUM(CG16:CJ16) -> 4309450.2 | CL16: =$CL$5 -> 0.125 | CM16: =CK16*CL16 -> 538681.27 | CN16: =CN$5 -> 30000 | CO16: =CM16-CN16 -> 508681.27 | CP16: =VLOOKUP(E16,$ID$6:$IF$20,3,FALSE) -> 29 | CQ16: =CO16/CP16 -> 17540.734 | CR16: =100%-CL16 -> 0.875 | CS16: =CK16*CR16 -> 3770768.9 | CT16: =-PMT($CT$5/12,240,CS16,0) -> 29234.731 | CU16: =-PMT($CT$5/12,180,CS16,0) -> 33892.737 | CV16: =-PMT($CT$5/12,120,CS16,0) -> 43781.824 | CW16: =-PMT($CT$5/12,60,CS16,0) -> 74665.744 | CX16: =(CK16*80%)*$CX$5 -> 306311.54 | CY16: =(CK16*80%)*$CY$5 -> 121205.99 | CZ16: =(CK16*80%)*$CZ$5 -> 87545.367 | DA16: =(CK16*80%)*$DA$5 -> 66626.055 | DB16: =AT16/AR16 -> 0.14201215 | DC16: =CE16/CA16 -> 0.25991143 | DD16: BOI W/ HIC | DG16: =$DG$7 -> 46082 | DH16: =(YEAR(DG16)-YEAR($DH$5))*12+MONTH(DG16)-MONTH($DH$5) -> 28 | DJ16: =DG16+65 -> 46147 | DK16: =(YEAR(DJ16)-YEAR($DK$5))*12+MONTH(DJ16)-MONTH($DK$5)+$DK$4+$DK$3 -> 30 | DL16: BOI | DM16: CTS BARE WITH HIC | DN16: =DO16/J16 -> 21689.128 | DO16: =AV16 -> 477160.81 | DP16: =AV16/AR16 -> 0.1590536 | DR16: =CG16 -> 3822128.8 | DS16: =SUM('[6]INTERNAL PRICELIST'!M16) -> 2329361 | DT16: =DR16-DS16 -> 1492767.8 | DV16: =DR16/J16 -> 173733.13 | DX16: 10 | DY16: UNIT J | DZ16: 22 | EA16: =DZ16-J16 -> 0 | ED16: W-3J | EE16: =G16=ED16 -> TRUE | EJ16: Edit every month | EP16: SOLD | EQ16: SOLD | ER16: =EP16=EQ16 -> TRUE | EU16: 2329361 | EV16: SOLD | FF16: =FF15-1 -> 45 | FG16: =EDATE(FH16,FF16) -> 46692 | FH16: 45323 | FJ16: 0.15 | FK16: 12942.297 | FL16: 13292.089 | FN16: =CK16 -> 4309450.2 | FO16: =$FO$5 -> 0.15 | FP16: =FN16*FO16 -> 646417.53 | FQ16: =CN16 -> 30000 | FR16: =FP16-FQ16 -> 616417.53 | FS16: =$FS$5 -> 40 | FT16: =FR16/FS16 -> 15410.438 | FV16: =FN16 -> 4309450.2 | FW16: =FV16*$FW$5 -> 430945.02 | FX16: =FV16*$FX$5 -> 107736.25 | FY16: 15000 | FZ16: =FW16-FY16 -> 415945.02 | GA16: =$GA$5 -> 46 | GB16: =FZ16/GA16 -> 9042.283 | GH16: =CK16 -> 4309450.2 | GI16: =CL16 -> 0.125 | GJ16: =CM16 -> 538681.27 | GK16: =CN16 -> 30000 | GL16: =CO16 -> 508681.27 | GM16: =CP16 -> 29 | GN16: =CQ16 -> 17540.734 | GO16: =CR16 -> 0.875 | ... GT16: =CW16 -> 74665.744 | GV16: =GH16 -> 4309450.2 | GW16: =GI16 -> 0.125 | GX16: =GJ16 -> 538681.27 | GY16: =GK16 -> 30000 | GZ16: =GL16 -> 508681.27 | HA16: =$HA$5 -> 48 | HB16: =GZ16/HA16 -> 10597.527 | HC16: =100%-GW16 -> 0.875 | HD16: =GV16*HC16 -> 3770768.9 | HE16: =-PMT(7%/12,240,HD16,0) -> 29234.731 | HF16: =-PMT(7%/12,180,HD16,0) -> 33892.737 | HG16: =-PMT(7%/12,120,HD16,0) -> 43781.824 | HH16: =-PMT(7%/12,60,HD16,0) -> 74665.744 | HJ16: =HB16-GN16 -> -6943.207 | ID16: 10th Floor | IE16: =DATE(2028,2,1) -> 46784 | IF16: =DATEDIF($IF$5,IE16,"m") -> 29
A17: =A16+1 -> 11 | C17: =C16+1 -> 11 | D17: 3rd Floor | E17: =D17 -> 3rd Floor | G17: W-3K | I17: Studio | J17: 22 | L17: South | M17: Inner | N17: =$N$5 -> 106005.27 | O17: =J17*N17 -> 2332115.8 | P17: =$P$7 -> 22400 | Q17: =$Q$5 -> 50000 | Z17: =$Z$5 -> 142461 | AA17: 49222.733 | AD17: =SUM(P17:AC17) -> 264083.73 | AE17: =O17+AD17 -> 2596199.6 | AF17: =AE17*$AF$5 -> 64904.989 | AG17: =AE17+AF17 -> 2661104.6 | AH17: =AG17*$AH$5 -> 66527.614 | AI17: =AG17+AH17 -> 2727632.2 | AJ17: =AI17*$AJ$5 -> 136381.61 | AK17: =AI17+AJ17 -> 2864013.8 | AL17: =AK17*AL$5+29772.4420833333 -> 58412.58 | AM17: =$AM$5 -> 27537.41 | AO17: =AK17+AL17+AM17+AN17 -> 2949963.8 | AP17: =AO17*$AP$5 -> 486744.02 | AQ17: =AO17+AP17 -> 3436707.8 | AR17: =$AR$5 -> 3000000 | AS17: =AT17/J17 -> 19850.355 | AT17: =AQ17-AR17 -> 436707.8 | AU17: =AT17*$AU$5 -> 52404.936 | AV17: =AT17+AU17 -> 489112.74 | AW17: =AR17+AT17+AU17 -> 3489112.7 | AX17: =AW17*$AX$5 -> 43613.909 | AY17: 7575.3957 | AZ17: =AW17+AX17+AY17 -> 3540302 | BA17: =AZ17*$BA$5 -> 132761.33 | BC17: =$BC$5*1.12 -> 33600 | BD17: =AZ17+BA17+BB17+BC17 -> 3706663.4 | BE17: 18367.831 | BF17: =BD17+BE17 -> 3725031.2 | BH17: =BF17+BG17 -> 3725031.2 | BI17: 718.43902 | BJ17: =BH17+BI17 -> 3725749.6 | BL17: =BJ17+BK17 -> 3725749.6 | BM17: =$BM$5/41 -> 1038.0488 | BN17: =BL17+BM17 -> 3726787.7 | BO17: =$BO$5/51 -> 7289.0781 | BP17: =BN17+BO17 -> 3734076.8 | BQ17: =$BQ$5/56 -> 4468.4242 | BR17: =BP17+BQ17 -> 3738545.2 | BS17: =$BS$5/64 -> 2651.4787 | BT17: =BS17+BR17 -> 3741196.7 | BU17: =$BU$5/65 -> 211.07692 | BV17: =$BV$2+$BV$3-BC17 -> 51400 | BW17: =SUM(BT17:BV17) -> 3792807.7 | BX17: =BX5/68 -> 27651.079 | BY17: =BW17+BX17 -> 3820458.8 | BZ17: =BY17 -> 3820458.8 | CA17: =BZ17-CC17 -> 2940458.8 | CB17: =$CB$5 -> 40000 | CC17: =CB17*J17 -> 880000 | CD17: =CC17*$CD$5 -> 105600 | CE17: =SUM(CC17:CD17) -> 985600 | CF17: =BZ17+CD17 -> 3926058.8 | CG17: =CF17 -> 3926058.8 | CH17: =IF(CA17<=$CA$3,0,12%*CA17) -> 0 | CI17: =CG17*CI$5 -> 402421.03 | CJ17: =CG17*CJ$5 -> 98151.471 | CK17: =SUM(CG17:CJ17) -> 4426631.3 | CL17: =$CL$5 -> 0.125 | CM17: =CK17*CL17 -> 553328.92 | CN17: =CN$5 -> 30000 | CO17: =CM17-CN17 -> 523328.92 | CP17: =VLOOKUP(E17,$ID$6:$IF$20,3,FALSE) -> 29 | CQ17: =CO17/CP17 -> 18045.825 | CR17: =100%-CL17 -> 0.875 | CS17: =CK17*CR17 -> 3873302.4 | CT17: =-PMT($CT$5/12,240,CS17,0) -> 30029.672 | CU17: =-PMT($CT$5/12,180,CS17,0) -> 34814.337 | CV17: =-PMT($CT$5/12,120,CS17,0) -> 44972.325 | CW17: =-PMT($CT$5/12,60,CS17,0) -> 76696.03 | CX17: =(CK17*80%)*$CX$5 -> 314640.67 | CY17: =(CK17*80%)*$CY$5 -> 124501.78 | CZ17: =(CK17*80%)*$CZ$5 -> 89925.872 | DA17: =(CK17*80%)*$DA$5 -> 68437.728 | DB17: =AT17/AR17 -> 0.14556927 | DC17: =CE17/CA17 -> 0.33518578 | DD17: BOI W/ HIC | DG17: =$DG$7 -> 46082 | DH17: =(YEAR(DG17)-YEAR($DH$5))*12+MONTH(DG17)-MONTH($DH$5) -> 28 | DJ17: =DG17+65 -> 46147 | DK17: =(YEAR(DJ17)-YEAR($DK$5))*12+MONTH(DJ17)-MONTH($DK$5)+$DK$4+$DK$3 -> 30 | DL17: BOI | DM17: CTS BARE WITH HIC | DN17: =DO17/J17 -> 22232.397 | DO17: =AV17 -> 489112.74 | DP17: =AV17/AR17 -> 0.16303758 | DR17: =CG17 -> 3926058.8 | DS17: =SUM('[6]INTERNAL PRICELIST'!M17) -> 2329361 | DT17: =DR17-DS17 -> 1596697.8 | DV17: =DR17/J17 -> 178457.22 | DX17: 11 | DY17: UNIT K | DZ17: 22 | EA17: =DZ17-J17 -> 0 | ED17: W-3K | EE17: =G17=ED17 -> TRUE | EP17: UNSOLD | EQ17: UNSOLD | ER17: =EP17=EQ17 -> TRUE | EU17: 2172480 | EV17: SOLD | FF17: =FF16-1 -> 44 | FG17: =EDATE(FH17,FF17) -> 46692 | FH17: 45352 | FJ17: 0.15 | FK17: 12820.111 | FL17: 13166.6 | FN17: =CK17 -> 4426631.3 | FO17: =$FO$5 -> 0.15 | FP17: =FN17*FO17 -> 663994.7 | FQ17: =CN17 -> 30000 | FR17: =FP17-FQ17 -> 633994.7 | FS17: =$FS$5 -> 40 | FT17: =FR17/FS17 -> 15849.867 | FV17: =FN17 -> 4426631.3 | FW17: =FV17*$FW$5 -> 442663.13 | FX17: =FV17*$FX$5 -> 110665.78 | FY17: 15000 | FZ17: =FW17-FY17 -> 427663.13 | GA17: =$GA$5 -> 46 | GB17: =FZ17/GA17 -> 9297.0246 | GH17: =CK17 -> 4426631.3 | GI17: =CL17 -> 0.125 | GJ17: =CM17 -> 553328.92 | GK17: =CN17 -> 30000 | GL17: =CO17 -> 523328.92 | GM17: =CP17 -> 29 | GN17: =CQ17 -> 18045.825 | GO17: =CR17 -> 0.875 | ... GT17: =CW17 -> 76696.03 | GV17: =GH17 -> 4426631.3 | GW17: =GI17 -> 0.125 | GX17: =GJ17 -> 553328.92 | GY17: =GK17 -> 30000 | GZ17: =GL17 -> 523328.92 | HA17: =$HA$5 -> 48 | HB17: =GZ17/HA17 -> 10902.686 | HC17: =100%-GW17 -> 0.875 | HD17: =GV17*HC17 -> 3873302.4 | HE17: =-PMT(7%/12,240,HD17,0) -> 30029.672 | HF17: =-PMT(7%/12,180,HD17,0) -> 34814.337 | HG17: =-PMT(7%/12,120,HD17,0) -> 44972.325 | HH17: =-PMT(7%/12,60,HD17,0) -> 76696.03 | HJ17: =HB17-GN17 -> -7143.1389 | ID17: 11th Floor | IE17: =DATE(2028,2,1) -> 46784 | IF17: =DATEDIF($IF$5,IE17,"m") -> 29
A18: =A17+1 -> 12 | C18: =C17+1 -> 12 | D18: 3rd Floor | E18: =D18 -> 3rd Floor | G18: W-3L | I18: Studio | J18: 22 | L18: South | M18: Inner | N18: =$N$5 -> 106005.27 | O18: =J18*N18 -> 2332115.8 | P18: =$P$7 -> 22400 | Q18: =$Q$5 -> 50000 | Z18: =$Z$5 -> 142461 | AA18: 45722.733 | AD18: =SUM(P18:AC18) -> 260583.73 | AE18: =O18+AD18 -> 2592699.6 | AF18: =AE18*$AF$5 -> 64817.489 | AG18: =AE18+AF18 -> 2657517.1 | AH18: =AG18*$AH$5 -> 66437.927 | AI18: =AG18+AH18 -> 2723955 | AJ18: =AI18*$AJ$5 -> 136197.75 | AK18: =AI18+AJ18 -> 2860152.7 | AL18: =AK18*AL$5 -> 28601.527 | AM18: =$AM$5 -> 27537.41 | AO18: =AK18+AL18+AM18+AN18 -> 2916291.7 | AP18: =AO18*$AP$5 -> 481188.13 | AQ18: =AO18+AP18 -> 3397479.8 | AR18: =$AR$5 -> 3000000 | AS18: =AT18/J18 -> 18067.264 | AT18: =AQ18-AR18 -> 397479.81 | AU18: =AT18*$AU$5 -> 47697.577 | AV18: =AT18+AU18 -> 445177.39 | AW18: =AR18+AT18+AU18 -> 3445177.4 | AX18: =AW18*$AX$5 -> 43064.717 | AY18: 0 | AZ18: =AW18+AX18+AY18 -> 3488242.1 | BA18: =AZ18*$BA$5 -> 130809.08 | BC18: =$BC$5*1.12 -> 33600 | BD18: =AZ18+BA18+BB18+BC18 -> 3652651.2 | BF18: =BD18+BE18 -> 3652651.2 | BH18: =BF18+BG18 -> 3652651.2 | BJ18: =BH18+BI18 -> 3652651.2 | BL18: =BJ18+BK18 -> 3652651.2 | BN18: =BL18+BM18 -> 3652651.2 | BP18: =BN18+BO18 -> 3652651.2 | BR18: =BP18+BQ18 -> 3652651.2 | BT18: =BS18+BR18 -> 3652651.2 | BV18: =$BV$2+$BV$3-BC18 -> 51400 | BW18: =SUM(BT18:BV18) -> 3704051.2 | BY18: =BW18+BX18 -> 3704051.2 | BZ18: =BY18 -> 3704051.2 | CA18: =BZ18-CC18 -> 3022051.2 | CB18: 31000 | CC18: =CB18*J18 -> 682000 | CD18: =CC18*$CD$5 -> 81840 | CE18: =SUM(CC18:CD18) -> 763840 | CF18: =BZ18+CD18 -> 3785891.2 | CG18: =CF18 -> 3785891.2 | CH18: =IF(CA18<=$CA$3,0,12%*CA18) -> 0 | CI18: =CG18*CI$5 -> 388053.85 | CJ18: =CG18*CJ$5 -> 94647.28 | CK18: =SUM(CG18:CJ18) -> 4268592.3 | CL18: =$CL$5 -> 0.125 | CM18: =CK18*CL18 -> 533574.04 | CN18: =CN$5 -> 30000 | CO18: =CM18-CN18 -> 503574.04 | CP18: =VLOOKUP(E18,$ID$6:$IF$20,3,FALSE) -> 29 | CQ18: =CO18/CP18 -> 17364.622 | CR18: =100%-CL18 -> 0.875 | CS18: =CK18*CR18 -> 3735018.3 | CT18: =-PMT($CT$5/12,240,CS18,0) -> 28957.557 | CU18: =-PMT($CT$5/12,180,CS18,0) -> 33571.4 | CV18: =-PMT($CT$5/12,120,CS18,0) -> 43366.729 | CW18: =-PMT($CT$5/12,60,CS18,0) -> 73957.838 | CX18: =(CK18*80%)*$CX$5 -> 303407.41 | CY18: =(CK18*80%)*$CY$5 -> 120056.83 | CZ18: =(CK18*80%)*$CZ$5 -> 86715.35 | DA18: =(CK18*80%)*$DA$5 -> 65994.373 | DB18: =AT18/AR18 -> 0.13249327 | DC18: =CE18/CA18 -> 0.25275548 | DD18: BOI W/ HIC | DG18: =$DG$7 -> 46082 | DH18: =(YEAR(DG18)-YEAR($DH$5))*12+MONTH(DG18)-MONTH($DH$5) -> 28 | DJ18: =DG18+65 -> 46147 | DK18: =(YEAR(DJ18)-YEAR($DK$5))*12+MONTH(DJ18)-MONTH($DK$5)+$DK$4+$DK$3 -> 30 | DL18: BOI | DM18: CTS BARE WITH HIC | DN18: =DO18/J18 -> 20235.336 | DO18: =AV18 -> 445177.39 | DP18: =AV18/AR18 -> 0.14839246 | DR18: =CG18 -> 3785891.2 | DS18: =SUM('[6]INTERNAL PRICELIST'!M18) -> 2329361 | DT18: =DR18-DS18 -> 1456530.2 | DV18: =DR18/J18 -> 172085.96 | DX18: 12 | DY18: UNIT L | DZ18: 22 | EA18: =DZ18-J18 -> 0 | ED18: W-3L | EE18: =G18=ED18 -> TRUE | EP18: SOLD | EQ18: SOLD | ER18: =EP18=EQ18 -> TRUE | EU18: 2172480 | EV18: SOLD | FF18: =FF17-1 -> 43 | FG18: =EDATE(FH18,FF18) -> 46692 | FH18: 45383 | FJ18: 0.15 | FK18: 12820.111 | FL18: 13166.6 | FN18: =CK18 -> 4268592.3 | FO18: =$FO$5 -> 0.15 | FP18: =FN18*FO18 -> 640288.85 | FQ18: =CN18 -> 30000 | FR18: =FP18-FQ18 -> 610288.85 | FS18: =$FS$5 -> 40 | FT18: =FR18/FS18 -> 15257.221 | FV18: =FN18 -> 4268592.3 | FW18: =FV18*$FW$5 -> 426859.23 | FX18: =FV18*$FX$5 -> 106714.81 | FY18: 15000 | FZ18: =FW18-FY18 -> 411859.23 | GA18: =$GA$5 -> 46 | GB18: =FZ18/GA18 -> 8953.4615 | GH18: =CK18 -> 4268592.3 | GI18: =CL18 -> 0.125 | GJ18: =CM18 -> 533574.04 | GK18: =CN18 -> 30000 | GL18: =CO18 -> 503574.04 | GM18: =CP18 -> 29 | GN18: =CQ18 -> 17364.622 | GO18: =CR18 -> 0.875 | ... GT18: =CW18 -> 73957.838 | GV18: =GH18 -> 4268592.3 | GW18: =GI18 -> 0.125 | GX18: =GJ18 -> 533574.04 | GY18: =GK18 -> 30000 | GZ18: =GL18 -> 503574.04 | HA18: =$HA$5 -> 48 | HB18: =GZ18/HA18 -> 10491.126 | HC18: =100%-GW18 -> 0.875 | HD18: =GV18*HC18 -> 3735018.3 | HE18: =-PMT(7%/12,240,HD18,0) -> 28957.557 | HF18: =-PMT(7%/12,180,HD18,0) -> 33571.4 | HG18: =-PMT(7%/12,120,HD18,0) -> 43366.729 | HH18: =-PMT(7%/12,60,HD18,0) -> 73957.838 | HJ18: =HB18-GN18 -> -6873.4962 | ID18: 12th Floor | IE18: =DATE(2028,3,1) -> 46813 | IF18: =DATEDIF($IF$5,IE18,"m") -> 30
A19: =A18+1 -> 13 | C19: =C18+1 -> 13 | D19: 3rd Floor | E19: =D19 -> 3rd Floor | G19: W-3M | I19: Studio | J19: 22 | L19: South | M19: Inner | N19: =$N$5 -> 106005.27 | O19: =J19*N19 -> 2332115.8 | P19: =$P$7 -> 22400 | Q19: =$Q$5 -> 50000 | Z19: =$Z$5 -> 142461 | AA19: 45722.733 | AD19: =SUM(P19:AC19) -> 260583.73 | AE19: =O19+AD19 -> 2592699.6 | AF19: =AE19*$AF$5 -> 64817.489 | AG19: =AE19+AF19 -> 2657517.1 | AH19: =AG19*$AH$5 -> 66437.927 | AI19: =AG19+AH19 -> 2723955 | AJ19: =AI19*$AJ$5 -> 136197.75 | AK19: =AI19+AJ19 -> 2860152.7 | AL19: =AK19*AL$5 -> 28601.527 | AM19: =$AM$5 -> 27537.41 | AO19: =AK19+AL19+AM19+AN19 -> 2916291.7 | AP19: =AO19*$AP$5 -> 481188.13 | AQ19: =AO19+AP19 -> 3397479.8 | AR19: =$AR$5 -> 3000000 | AS19: =AT19/J19 -> 18067.264 | AT19: =AQ19-AR19 -> 397479.81 | AU19: =AT19*$AU$5 -> 47697.577 | AV19: =AT19+AU19 -> 445177.39 | AW19: =AR19+AT19+AU19 -> 3445177.4 | AX19: =AW19*$AX$5 -> 43064.717 | AY19: 0 | AZ19: =AW19+AX19+AY19 -> 3488242.1 | BA19: =AZ19*$BA$5 -> 130809.08 | BC19: =$BC$5*1.12 -> 33600 | BD19: =AZ19+BA19+BB19+BC19 -> 3652651.2 | BF19: =BD19+BE19 -> 3652651.2 | BH19: =BF19+BG19 -> 3652651.2 | BJ19: =BH19+BI19 -> 3652651.2 | BL19: =BJ19+BK19 -> 3652651.2 | BN19: =BL19+BM19 -> 3652651.2 | BP19: =BN19+BO19 -> 3652651.2 | BR19: =BP19+BQ19 -> 3652651.2 | BT19: =BS19+BR19 -> 3652651.2 | BV19: =$BV$2+$BV$3-BC19 -> 51400 | BW19: =SUM(BT19:BV19) -> 3704051.2 | BY19: =BW19+BX19 -> 3704051.2 | BZ19: =BY19 -> 3704051.2 | CA19: =BZ19-CC19 -> 3022051.2 | CB19: 31000 | CC19: =CB19*J19 -> 682000 | CD19: =CC19*$CD$5 -> 81840 | CE19: =SUM(CC19:CD19) -> 763840 | CF19: =BZ19+CD19 -> 3785891.2 | CG19: =CF19 -> 3785891.2 | CH19: =IF(CA19<=$CA$3,0,12%*CA19) -> 0 | CI19: =CG19*CI$5 -> 388053.85 | CJ19: =CG19*CJ$5 -> 94647.28 | CK19: =SUM(CG19:CJ19) -> 4268592.3 | CL19: =$CL$5 -> 0.125 | CM19: =CK19*CL19 -> 533574.04 | CN19: =CN$5 -> 30000 | CO19: =CM19-CN19 -> 503574.04 | CP19: =VLOOKUP(E19,$ID$6:$IF$20,3,FALSE) -> 29 | CQ19: =CO19/CP19 -> 17364.622 | CR19: =100%-CL19 -> 0.875 | CS19: =CK19*CR19 -> 3735018.3 | CT19: =-PMT($CT$5/12,240,CS19,0) -> 28957.557 | CU19: =-PMT($CT$5/12,180,CS19,0) -> 33571.4 | CV19: =-PMT($CT$5/12,120,CS19,0) -> 43366.729 | CW19: =-PMT($CT$5/12,60,CS19,0) -> 73957.838 | CX19: =(CK19*80%)*$CX$5 -> 303407.41 | CY19: =(CK19*80%)*$CY$5 -> 120056.83 | CZ19: =(CK19*80%)*$CZ$5 -> 86715.35 | DA19: =(CK19*80%)*$DA$5 -> 65994.373 | DB19: =AT19/AR19 -> 0.13249327 | DC19: =CE19/CA19 -> 0.25275548 | DD19: BOI W/ HIC | DG19: =$DG$7 -> 46082 | DH19: =(YEAR(DG19)-YEAR($DH$5))*12+MONTH(DG19)-MONTH($DH$5) -> 28 | DJ19: =DG19+65 -> 46147 | DK19: =(YEAR(DJ19)-YEAR($DK$5))*12+MONTH(DJ19)-MONTH($DK$5)+$DK$4+$DK$3 -> 30 | DL19: BOI | DM19: CTS BARE WITH HIC | DN19: =DO19/J19 -> 20235.336 | DO19: =AV19 -> 445177.39 | DP19: =AV19/AR19 -> 0.14839246 | DR19: =CG19 -> 3785891.2 | DS19: =SUM('[6]INTERNAL PRICELIST'!M19) -> 2329361 | DT19: =DR19-DS19 -> 1456530.2 | DV19: =DR19/J19 -> 172085.96 | DX19: 13 | DY19: UNIT M | DZ19: 22 | EA19: =DZ19-J19 -> 0 | ED19: W-3M | EE19: =G19=ED19 -> TRUE | EI19: Step Up: | EJ19: Step-up | EP19: SOLD | EQ19: SOLD | ER19: =EP19=EQ19 -> TRUE | EU19: 2172480 | EV19: SOLD | FF19: =FF18-1 -> 42 | FG19: =EDATE(FH19,FF19) -> 46692 | FH19: 45413 | FJ19: 0.15 | FK19: 12820.111 | FL19: 13166.6 | FN19: =CK19 -> 4268592.3 | FO19: =$FO$5 -> 0.15 | FP19: =FN19*FO19 -> 640288.85 | FQ19: =CN19 -> 30000 | FR19: =FP19-FQ19 -> 610288.85 | FS19: =$FS$5 -> 40 | FT19: =FR19/FS19 -> 15257.221 | FV19: =FN19 -> 4268592.3 | FW19: =FV19*$FW$5 -> 426859.23 | FX19: =FV19*$FX$5 -> 106714.81 | FY19: 15000 | FZ19: =FW19-FY19 -> 411859.23 | GA19: =$GA$5 -> 46 | GB19: =FZ19/GA19 -> 8953.4615 | GH19: =CK19 -> 4268592.3 | GI19: =CL19 -> 0.125 | GJ19: =CM19 -> 533574.04 | GK19: =CN19 -> 30000 | GL19: =CO19 -> 503574.04 | GM19: =CP19 -> 29 | GN19: =CQ19 -> 17364.622 | GO19: =CR19 -> 0.875 | ... GT19: =CW19 -> 73957.838 | GV19: =GH19 -> 4268592.3 | GW19: =GI19 -> 0.125 | GX19: =GJ19 -> 533574.04 | GY19: =GK19 -> 30000 | GZ19: =GL19 -> 503574.04 | HA19: =$HA$5 -> 48 | HB19: =GZ19/HA19 -> 10491.126 | HC19: =100%-GW19 -> 0.875 | HD19: =GV19*HC19 -> 3735018.3 | HE19: =-PMT(7%/12,240,HD19,0) -> 28957.557 | HF19: =-PMT(7%/12,180,HD19,0) -> 33571.4 | HG19: =-PMT(7%/12,120,HD19,0) -> 43366.729 | HH19: =-PMT(7%/12,60,HD19,0) -> 73957.838 | HJ19: =HB19-GN19 -> -6873.4962 | ID19: 14th Floor | IE19: =DATE(2028,4,1) -> 46844 | IF19: =DATEDIF($IF$5,IE19,"m") -> 31
A20: =A19+1 -> 14 | C20: =C19+1 -> 14 | D20: 3rd Floor | E20: =D20 -> 3rd Floor | G20: W-3N | I20: Studio | J20: 22 | L20: South | M20: End | N20: =$N$5 -> 106005.27 | O20: =J20*N20 -> 2332115.8 | P20: =$P$7 -> 22400 | Q20: =$Q$5 -> 50000 | W20: =J20*$W$5 -> 22000 | Z20: =$Z$5 -> 142461 | AA20: 45722.733 | AD20: =SUM(P20:AC20) -> 282583.73 | AE20: =O20+AD20 -> 2614699.6 | AF20: =AE20*$AF$5 -> 65367.489 | AG20: =AE20+AF20 -> 2680067.1 | AH20: =AG20*$AH$5 -> 67001.677 | AI20: =AG20+AH20 -> 2747068.7 | AJ20: =AI20*$AJ$5 -> 137353.44 | AK20: =AI20+AJ20 -> 2884422.2 | AL20: =AK20*AL$5 -> 28844.222 | AM20: =$AM$5 -> 27537.41 | AO20: =AK20+AL20+AM20+AN20 -> 2940803.8 | AP20: =AO20*$AP$5 -> 485232.63 | AQ20: =AO20+AP20 -> 3426036.4 | AR20: =$AR$5 -> 3000000 | AS20: =AT20/J20 -> 19365.293 | AT20: =AQ20-AR20 -> 426036.44 | AU20: =AT20*$AU$5 -> 51124.373 | AV20: =AT20+AU20 -> 477160.81 | AW20: =AR20+AT20+AU20 -> 3477160.8 | AX20: =AW20*$AX$5 -> 43464.51 | AY20: 0 | AZ20: =AW20+AX20+AY20 -> 3520625.3 | BA20: =AZ20*$BA$5 -> 132023.45 | BC20: =$BC$5*1.12 -> 33600 | BD20: =AZ20+BA20+BB20+BC20 -> 3686248.8 | BF20: =BD20+BE20 -> 3686248.8 | BH20: =BF20+BG20 -> 3686248.8 | BJ20: =BH20+BI20 -> 3686248.8 | BL20: =BJ20+BK20 -> 3686248.8 | BN20: =BL20+BM20 -> 3686248.8 | BP20: =BN20+BO20 -> 3686248.8 | BR20: =BP20+BQ20 -> 3686248.8 | BT20: =BS20+BR20 -> 3686248.8 | BV20: =$BV$2+$BV$3-BC20 -> 51400 | BW20: =SUM(BT20:BV20) -> 3737648.8 | BY20: =BW20+BX20 -> 3737648.8 | BZ20: =BY20 -> 3737648.8 | CA20: =BZ20-CC20 -> 3033648.8 | CB20: 32000 | CC20: =CB20*J20 -> 704000 | CD20: =CC20*$CD$5 -> 84480 | CE20: =SUM(CC20:CD20) -> 788480 | CF20: =BZ20+CD20 -> 3822128.8 | CG20: =CF20 -> 3822128.8 | CH20: =IF(CA20<=$CA$3,0,12%*CA20) -> 0 | CI20: =CG20*CI$5 -> 391768.2 | CJ20: =CG20*CJ$5 -> 95553.219 | CK20: =SUM(CG20:CJ20) -> 4309450.2 | CL20: =$CL$5 -> 0.125 | CM20: =CK20*CL20 -> 538681.27 | CN20: =CN$5 -> 30000 | CO20: =CM20-CN20 -> 508681.27 | CP20: =VLOOKUP(E20,$ID$6:$IF$20,3,FALSE) -> 29 | CQ20: =CO20/CP20 -> 17540.734 | CR20: =100%-CL20 -> 0.875 | CS20: =CK20*CR20 -> 3770768.9 | CT20: =-PMT($CT$5/12,240,CS20,0) -> 29234.731 | CU20: =-PMT($CT$5/12,180,CS20,0) -> 33892.737 | CV20: =-PMT($CT$5/12,120,CS20,0) -> 43781.824 | CW20: =-PMT($CT$5/12,60,CS20,0) -> 74665.744 | CX20: =(CK20*80%)*$CX$5 -> 306311.54 | CY20: =(CK20*80%)*$CY$5 -> 121205.99 | CZ20: =(CK20*80%)*$CZ$5 -> 87545.367 | DA20: =(CK20*80%)*$DA$5 -> 66626.055 | DB20: =AT20/AR20 -> 0.14201215 | DC20: =CE20/CA20 -> 0.25991143 | DD20: BOI W/ HIC | DG20: =$DG$7 -> 46082 | DH20: =(YEAR(DG20)-YEAR($DH$5))*12+MONTH(DG20)-MONTH($DH$5) -> 28 | DJ20: =DG20+65 -> 46147 | DK20: =(YEAR(DJ20)-YEAR($DK$5))*12+MONTH(DJ20)-MONTH($DK$5)+$DK$4+$DK$3 -> 30 | DL20: BOI | DM20: CTS BARE WITH HIC | DN20: =DO20/J20 -> 21689.128 | DO20: =AV20 -> 477160.81 | DP20: =AV20/AR20 -> 0.1590536 | DR20: =CG20 -> 3822128.8 | DS20: =SUM('[6]INTERNAL PRICELIST'!M20) -> 2329361 | DT20: =DR20-DS20 -> 1492767.8 | DV20: =DR20/J20 -> 173733.13 | DX20: 14 | DY20: UNIT N | DZ20: 22 | EA20: =DZ20-J20 -> 0 | ED20: W-3N | EE20: =G20=ED20 -> TRUE | EI20: Step Up w/ 2.5%: | EJ20: 12.5% Equity Step-up, 2.50% Lumpsum | EP20: SOLD | EQ20: SOLD | ER20: =EP20=EQ20 -> TRUE | EU20: 2172480 | EV20: SOLD | FF20: =FF19-1 -> 41 | FG20: =EDATE(FH20,FF20) -> 46692 | FH20: 45444 | FJ20: 0.15 | FK20: 12942.297 | FL20: 13292.089 | FN20: =CK20 -> 4309450.2 | FO20: =$FO$5 -> 0.15 | FP20: =FN20*FO20 -> 646417.53 | FQ20: =CN20 -> 30000 | FR20: =FP20-FQ20 -> 616417.53 | FS20: =$FS$5 -> 40 | FT20: =FR20/FS20 -> 15410.438 | FV20: =FN20 -> 4309450.2 | FW20: =FV20*$FW$5 -> 430945.02 | FX20: =FV20*$FX$5 -> 107736.25 | FY20: 15000 | FZ20: =FW20-FY20 -> 415945.02 | GA20: =$GA$5 -> 46 | GB20: =FZ20/GA20 -> 9042.283 | GH20: =CK20 -> 4309450.2 | GI20: =CL20 -> 0.125 | GJ20: =CM20 -> 538681.27 | GK20: =CN20 -> 30000 | GL20: =CO20 -> 508681.27 | GM20: =CP20 -> 29 | GN20: =CQ20 -> 17540.734 | GO20: =CR20 -> 0.875 | ... GT20: =CW20 -> 74665.744 | GV20: =GH20 -> 4309450.2 | GW20: =GI20 -> 0.125 | GX20: =GJ20 -> 538681.27 | GY20: =GK20 -> 30000 | GZ20: =GL20 -> 508681.27 | HA20: =$HA$5 -> 48 | HB20: =GZ20/HA20 -> 10597.527 | HC20: =100%-GW20 -> 0.875 | HD20: =GV20*HC20 -> 3770768.9 | HE20: =-PMT(7%/12,240,HD20,0) -> 29234.731 | HF20: =-PMT(7%/12,180,HD20,0) -> 33892.737 | HG20: =-PMT(7%/12,120,HD20,0) -> 43781.824 | HH20: =-PMT(7%/12,60,HD20,0) -> 74665.744 | HJ20: =HB20-GN20 -> -6943.207 | ID20: 15th Floor | IE20: =DATE(2028,5,1) -> 46874 | IF20: =DATEDIF($IF$5,IE20,"m") -> 32
A21: =A20+1 -> 15 | C21: =C20+1 -> 15 | D21: 3rd Floor | E21: =D21 -> 3rd Floor | G21: W-3O | I21: Studio | J21: 22 | L21: South | M21: End | N21: =$N$5 -> 106005.27 | O21: =J21*N21 -> 2332115.8 | P21: =$P$7 -> 22400 | Q21: =$Q$5 -> 50000 | W21: =J21*$W$5 -> 22000 | Z21: =$Z$5 -> 142461 | AA21: 45722.733 | AD21: =SUM(P21:AC21) -> 282583.73 | AE21: =O21+AD21 -> 2614699.6 | AF21: =AE21*$AF$5 -> 65367.489 | AG21: =AE21+AF21 -> 2680067.1 | AH21: =AG21*$AH$5 -> 67001.677 | AI21: =AG21+AH21 -> 2747068.7 | AJ21: =AI21*$AJ$5 -> 137353.44 | AK21: =AI21+AJ21 -> 2884422.2 | AL21: =AK21*AL$5 -> 28844.222 | AM21: =$AM$5 -> 27537.41 | AO21: =AK21+AL21+AM21+AN21 -> 2940803.8 | AP21: =AO21*$AP$5 -> 485232.63 | AQ21: =AO21+AP21 -> 3426036.4 | AR21: =$AR$5 -> 3000000 | AS21: =AT21/J21 -> 19365.293 | AT21: =AQ21-AR21 -> 426036.44 | AU21: =AT21*$AU$5 -> 51124.373 | AV21: =AT21+AU21 -> 477160.81 | AW21: =AR21+AT21+AU21 -> 3477160.8 | AX21: =AW21*$AX$5 -> 43464.51 | AY21: 0 | AZ21: =AW21+AX21+AY21 -> 3520625.3 | BA21: =AZ21*$BA$5 -> 132023.45 | BC21: =$BC$5*1.12 -> 33600 | BD21: =AZ21+BA21+BB21+BC21 -> 3686248.8 | BF21: =BD21+BE21 -> 3686248.8 | BH21: =BF21+BG21 -> 3686248.8 | BJ21: =BH21+BI21 -> 3686248.8 | BL21: =BJ21+BK21 -> 3686248.8 | BN21: =BL21+BM21 -> 3686248.8 | BP21: =BN21+BO21 -> 3686248.8 | BR21: =BP21+BQ21 -> 3686248.8 | BT21: =BS21+BR21 -> 3686248.8 | BV21: =$BV$2+$BV$3-BC21 -> 51400 | BW21: =SUM(BT21:BV21) -> 3737648.8 | BY21: =BW21+BX21 -> 3737648.8 | BZ21: =BY21 -> 3737648.8 | CA21: =BZ21-CC21 -> 3033648.8 | CB21: 32000 | CC21: =CB21*J21 -> 704000 | CD21: =CC21*$CD$5 -> 84480 | CE21: =SUM(CC21:CD21) -> 788480 | CF21: =BZ21+CD21 -> 3822128.8 | CG21: =CF21 -> 3822128.8 | CH21: =IF(CA21<=$CA$3,0,12%*CA21) -> 0 | CI21: =CG21*CI$5 -> 391768.2 | CJ21: =CG21*CJ$5 -> 95553.219 | CK21: =SUM(CG21:CJ21) -> 4309450.2 | CL21: =$CL$5 -> 0.125 | CM21: =CK21*CL21 -> 538681.27 | CN21: =CN$5 -> 30000 | CO21: =CM21-CN21 -> 508681.27 | CP21: =VLOOKUP(E21,$ID$6:$IF$20,3,FALSE) -> 29 | CQ21: =CO21/CP21 -> 17540.734 | CR21: =100%-CL21 -> 0.875 | CS21: =CK21*CR21 -> 3770768.9 | CT21: =-PMT($CT$5/12,240,CS21,0) -> 29234.731 | CU21: =-PMT($CT$5/12,180,CS21,0) -> 33892.737 | CV21: =-PMT($CT$5/12,120,CS21,0) -> 43781.824 | CW21: =-PMT($CT$5/12,60,CS21,0) -> 74665.744 | CX21: =(CK21*80%)*$CX$5 -> 306311.54 | CY21: =(CK21*80%)*$CY$5 -> 121205.99 | CZ21: =(CK21*80%)*$CZ$5 -> 87545.367 | DA21: =(CK21*80%)*$DA$5 -> 66626.055 | DB21: =AT21/AR21 -> 0.14201215 | DC21: =CE21/CA21 -> 0.25991143 | DD21: BOI W/ HIC | DG21: =$DG$7 -> 46082 | DH21: =(YEAR(DG21)-YEAR($DH$5))*12+MONTH(DG21)-MONTH($DH$5) -> 28 | DJ21: =DG21+65 -> 46147 | DK21: =(YEAR(DJ21)-YEAR($DK$5))*12+MONTH(DJ21)-MONTH($DK$5)+$DK$4+$DK$3 -> 30 | DL21: BOI | DM21: CTS BARE WITH HIC | DN21: =DO21/J21 -> 21689.128 | DO21: =AV21 -> 477160.81 | DP21: =AV21/AR21 -> 0.1590536 | DR21: =CG21 -> 3822128.8 | DS21: =SUM('[6]INTERNAL PRICELIST'!M21) -> 2329361 | DT21: =DR21-DS21 -> 1492767.8 | DV21: =DR21/J21 -> 173733.13 | DX21: 15 | DY21: UNIT O | DZ21: 22 | EA21: =DZ21-J21 -> 0 | ED21: W-3O | EE21: =G21=ED21 -> TRUE | EI21: w/ 2.5% Lumpsum: | EJ21: 12.5% Equity spread, 2.50% Lumpsum | EP21: SOLD | EQ21: SOLD | ER21: =EP21=EQ21 -> TRUE | EU21: 2172480 | EV21: SOLD | FF21: =FF20-1 -> 40 | FG21: =EDATE(FH21,FF21) -> 46692 | FH21: 45474 | FJ21: 0.15 | FK21: 12942.297 | FL21: 13292.089 | FN21: =CK21 -> 4309450.2 | FO21: =$FO$5 -> 0.15 | FP21: =FN21*FO21 -> 646417.53 | FQ21: =CN21 -> 30000 | FR21: =FP21-FQ21 -> 616417.53 | FS21: =$FS$5 -> 40 | FT21: =FR21/FS21 -> 15410.438 | FV21: =FN21 -> 4309450.2 | FW21: =FV21*$FW$5 -> 430945.02 | FX21: =FV21*$FX$5 -> 107736.25 | FY21: 15000 | FZ21: =FW21-FY21 -> 415945.02 | GA21: =$GA$5 -> 46 | GB21: =FZ21/GA21 -> 9042.283 | GH21: =CK21 -> 4309450.2 | GI21: =CL21 -> 0.125 | GJ21: =CM21 -> 538681.27 | GK21: =CN21 -> 30000 | GL21: =CO21 -> 508681.27 | GM21: =CP21 -> 29 | GN21: =CQ21 -> 17540.734 | GO21: =CR21 -> 0.875 | ... GT21: =CW21 -> 74665.744 | GV21: =GH21 -> 4309450.2 | GW21: =GI21 -> 0.125 | GX21: =GJ21 -> 538681.27 | GY21: =GK21 -> 30000 | GZ21: =GL21 -> 508681.27 | HA21: =$HA$5 -> 48 | HB21: =GZ21/HA21 -> 10597.527 | HC21: =100%-GW21 -> 0.875 | HD21: =GV21*HC21 -> 3770768.9 | HE21: =-PMT(7%/12,240,HD21,0) -> 29234.731 | HF21: =-PMT(7%/12,180,HD21,0) -> 33892.737 | HG21: =-PMT(7%/12,120,HD21,0) -> 43781.824 | HH21: =-PMT(7%/12,60,HD21,0) -> 74665.744 | HJ21: =HB21-GN21 -> -6943.207
A22: =A21+1 -> 16 | C22: =C21+1 -> 16 | D22: 3rd Floor | E22: =D22 -> 3rd Floor | G22: W-3P | I22: Studio | J22: 22 | L22: South | M22: Corner | N22: =$N$5 -> 106005.27 | O22: =J22*N22 -> 2332115.8 | P22: =$P$7 -> 22400 | Q22: =$Q$5 -> 50000 | V22: =J22*$V$5 -> 55000 | Z22: =$Z$5 -> 142461 | AA22: 45722.733 | AD22: =SUM(P22:AC22) -> 315583.73 | AE22: =O22+AD22 -> 2647699.6 | AF22: =AE22*$AF$5 -> 66192.489 | AG22: =AE22+AF22 -> 2713892.1 | AH22: =AG22*$AH$5 -> 67847.302 | AI22: =AG22+AH22 -> 2781739.4 | AJ22: =AI22*$AJ$5 -> 139086.97 | AK22: =AI22+AJ22 -> 2920826.3 | AL22: =AK22*AL$5 -> 29208.263 | AM22: =$AM$5 -> 27537.41 | AO22: =AK22+AL22+AM22+AN22 -> 2977572 | AP22: =AO22*$AP$5 -> 491299.38 | AQ22: =AO22+AP22 -> 3468871.4 | AR22: =$AR$5 -> 3000000 | AS22: =AT22/J22 -> 21312.336 | AT22: =AQ22-AR22 -> 468871.39 | AU22: =AT22*$AU$5 -> 56264.567 | AV22: =AT22+AU22 -> 525135.96 | AW22: =AR22+AT22+AU22 -> 3525136 | AX22: =AW22*$AX$5 -> 44064.199 | AY22: 0 | AZ22: =AW22+AX22+AY22 -> 3569200.2 | BA22: =AZ22*$BA$5 -> 133845.01 | BC22: =$BC$5*1.12 -> 33600 | BD22: =AZ22+BA22+BB22+BC22 -> 3736645.2 | BF22: =BD22+BE22 -> 3736645.2 | BH22: =BF22+BG22 -> 3736645.2 | BJ22: =BH22+BI22 -> 3736645.2 | BL22: =BJ22+BK22 -> 3736645.2 | BN22: =BL22+BM22 -> 3736645.2 | BP22: =BN22+BO22 -> 3736645.2 | BR22: =BP22+BQ22 -> 3736645.2 | BT22: =BS22+BR22 -> 3736645.2 | BV22: =$BV$2+$BV$3-BC22 -> 51400 | BW22: =SUM(BT22:BV22) -> 3788045.2 | BY22: =BW22+BX22 -> 3788045.2 | BZ22: =BY22 -> 3788045.2 | CA22: =BZ22-CC22 -> 3040045.2 | CB22: 34000 | CC22: =CB22*J22 -> 748000 | CD22: =CC22*$CD$5 -> 89760 | CE22: =SUM(CC22:CD22) -> 837760 | CF22: =BZ22+CD22 -> 3877805.2 | CG22: =CF22 -> 3877805.2 | CH22: =IF(CA22<=$CA$3,0,12%*CA22) -> 0 | CI22: =CG22*CI$5 -> 397475.03 | CJ22: =CG22*CJ$5 -> 96945.129 | CK22: =SUM(CG22:CJ22) -> 4372225.3 | CL22: =$CL$5 -> 0.125 | CM22: =CK22*CL22 -> 546528.17 | CN22: =CN$5 -> 30000 | CO22: =CM22-CN22 -> 516528.17 | CP22: =VLOOKUP(E22,$ID$6:$IF$20,3,FALSE) -> 29 | CQ22: =CO22/CP22 -> 17811.316 | CR22: =100%-CL22 -> 0.875 | CS22: =CK22*CR22 -> 3825697.2 | CT22: =-PMT($CT$5/12,240,CS22,0) -> 29660.589 | CU22: =-PMT($CT$5/12,180,CS22,0) -> 34386.448 | CV22: =-PMT($CT$5/12,120,CS22,0) -> 44419.588 | CW22: =-PMT($CT$5/12,60,CS22,0) -> 75753.389 | CX22: =(CK22*80%)*$CX$5 -> 310773.54 | CY22: =(CK22*80%)*$CY$5 -> 122971.58 | CZ22: =(CK22*80%)*$CZ$5 -> 88820.628 | DA22: =(CK22*80%)*$DA$5 -> 67596.587 | DB22: =AT22/AR22 -> 0.15629046 | DC22: =CE22/CA22 -> 0.27557485 | DD22: BOI W/ HIC | DG22: =$DG$7 -> 46082 | DH22: =(YEAR(DG22)-YEAR($DH$5))*12+MONTH(DG22)-MONTH($DH$5) -> 28 | DJ22: =DG22+65 -> 46147 | DK22: =(YEAR(DJ22)-YEAR($DK$5))*12+MONTH(DJ22)-MONTH($DK$5)+$DK$4+$DK$3 -> 30 | DL22: BOI | DM22: CTS BARE WITH HIC | DN22: =DO22/J22 -> 23869.816 | DO22: =AV22 -> 525135.96 | DP22: =AV22/AR22 -> 0.17504532 | DR22: =CG22 -> 3877805.2 | DS22: =SUM('[6]INTERNAL PRICELIST'!M22) -> 2329361 | DT22: =DR22-DS22 -> 1548444.2 | DV22: =DR22/J22 -> 176263.87 | DX22: 16 | DY22: UNIT P | DZ22: 22 | EA22: =DZ22-J22 -> 0 | ED22: W-3P | EE22: =G22=ED22 -> TRUE | EP22: SOLD | EQ22: SOLD | ER22: =EP22=EQ22 -> TRUE | EU22: 2123200 | EV22: SOLD | FF22: =FF21-1 -> 39 | FG22: =EDATE(FH22,FF22) -> 46692 | FH22: 45505 | FJ22: 0.15 | FK22: 13378.682 | FL22: 13740.268 | FN22: =CK22 -> 4372225.3 | FO22: =$FO$5 -> 0.15 | FP22: =FN22*FO22 -> 655833.8 | FQ22: =CN22 -> 30000 | FR22: =FP22-FQ22 -> 625833.8 | FS22: =$FS$5 -> 40 | FT22: =FR22/FS22 -> 15645.845 | FV22: =FN22 -> 4372225.3 | FW22: =FV22*$FW$5 -> 437222.53 | FX22: =FV22*$FX$5 -> 109305.63 | FY22: 15000 | FZ22: =FW22-FY22 -> 422222.53 | GA22: =$GA$5 -> 46 | GB22: =FZ22/GA22 -> 9178.7507 | GH22: =CK22 -> 4372225.3 | GI22: =CL22 -> 0.125 | GJ22: =CM22 -> 546528.17 | GK22: =CN22 -> 30000 | GL22: =CO22 -> 516528.17 | GM22: =CP22 -> 29 | GN22: =CQ22 -> 17811.316 | GO22: =CR22 -> 0.875 | ... GT22: =CW22 -> 75753.389 | GV22: =GH22 -> 4372225.3 | GW22: =GI22 -> 0.125 | GX22: =GJ22 -> 546528.17 | GY22: =GK22 -> 30000 | GZ22: =GL22 -> 516528.17 | HA22: =$HA$5 -> 48 | HB22: =GZ22/HA22 -> 10761.003 | HC22: =100%-GW22 -> 0.875 | HD22: =GV22*HC22 -> 3825697.2 | HE22: =-PMT(7%/12,240,HD22,0) -> 29660.589 | HF22: =-PMT(7%/12,180,HD22,0) -> 34386.448 | HG22: =-PMT(7%/12,120,HD22,0) -> 44419.588 | HH22: =-PMT(7%/12,60,HD22,0) -> 75753.389 | HJ22: =HB22-GN22 -> -7050.3126
A23: =A22+1 -> 17 | B23: SOLD | C23: =C22+1 -> 17 | D23: 3rd Floor | E23: =D23 -> 3rd Floor | G23: E-3A | I23: Studio | J23: 22 | L23: North | M23: Inner | N23: =$N$5 -> 106005.27 | O23: =J23*N23 -> 2332115.8 | P23: =$P$7 -> 22400 | Q23: =$Q$5 -> 50000 | Z23: =$Z$5 -> 142461 | AA23: 45722.733 | AD23: =SUM(P23:AC23) -> 260583.73 | AE23: =O23+AD23 -> 2592699.6 | AF23: =AE23*$AF$5 -> 64817.489 | AG23: =AE23+AF23 -> 2657517.1 | AH23: =AG23*$AH$5 -> 66437.927 | AI23: =AG23+AH23 -> 2723955 | AJ23: =AI23*$AJ$5 -> 136197.75 | AK23: =AI23+AJ23 -> 2860152.7 | AL23: =AK23*AL$5+29772.4420833333 -> 58373.97 | AM23: =$AM$5 -> 27537.41 | AO23: =AK23+AL23+AM23+AN23 -> 2946064.1 | AP23: =AO23*$AP$5 -> 486100.58 | AQ23: =AO23+AP23 -> 3432164.7 | AR23: =$AR$5 -> 3000000 | AS23: =AT23/J23 -> 19643.85 | AT23: =AQ23-AR23 -> 432164.7 | AU23: =AT23*$AU$5 -> 51859.764 | AV23: =AT23+AU23 -> 484024.47 | AW23: =AR23+AT23+AU23 -> 3484024.5 | AX23: =AW23*$AX$5 -> 43550.306 | AY23: 0 | AZ23: =AW23+AX23+AY23 -> 3527574.8 | BA23: =AZ23*$BA$5 -> 132284.05 | BC23: =$BC$5*1.12 -> 33600 | BD23: =AZ23+BA23+BB23+BC23 -> 3693458.8 | BF23: =BD23+BE23 -> 3693458.8 | BH23: =BF23+BG23 -> 3693458.8 | BJ23: =BH23+BI23 -> 3693458.8 | BL23: =BJ23+BK23 -> 3693458.8 | BN23: =BL23+BM23 -> 3693458.8 | BP23: =BN23+BO23 -> 3693458.8 | BR23: =BP23+BQ23 -> 3693458.8 | BT23: =BS23+BR23 -> 3693458.8 | BV23: =$BV$2+$BV$3-BC23 -> 51400 | BW23: =SUM(BT23:BV23) -> 3744858.8 | BY23: =BW23+BX23 -> 3744858.8 | BZ23: =BY23 -> 3744858.8 | CA23: =BZ23-CC23 -> 3040858.8 | CB23: 32000 | CC23: =CB23*J23 -> 704000 | CD23: =CC23*$CD$5 -> 84480 | CE23: =SUM(CC23:CD23) -> 788480 | CF23: =BZ23+CD23 -> 3829338.8 | CG23: =CF23 -> 3829338.8 | CH23: =IF(CA23<=$CA$3,0,12%*CA23) -> 0 | CI23: =CG23*CI$5 -> 392507.23 | CJ23: =CG23*CJ$5 -> 95733.471 | CK23: =SUM(CG23:CJ23) -> 4317579.5 | CL23: =$CL$5 -> 0.125 | CM23: =CK23*CL23 -> 539697.44 | CN23: =CN$5 -> 30000 | CO23: =CM23-CN23 -> 509697.44 | CP23: =VLOOKUP(E23,$ID$6:$IF$20,3,FALSE) -> 29 | CQ23: =CO23/CP23 -> 17575.774 | CR23: =100%-CL23 -> 0.875 | CS23: =CK23*CR23 -> 3777882.1 | CT23: =-PMT($CT$5/12,240,CS23,0) -> 29289.88 | CU23: =-PMT($CT$5/12,180,CS23,0) -> 33956.672 | CV23: =-PMT($CT$5/12,120,CS23,0) -> 43864.414 | CW23: =-PMT($CT$5/12,60,CS23,0) -> 74806.593 | CX23: =(CK23*80%)*$CX$5 -> 306889.37 | CY23: =(CK23*80%)*$CY$5 -> 121434.63 | CZ23: =(CK23*80%)*$CZ$5 -> 87710.512 | DA23: =(CK23*80%)*$DA$5 -> 66751.738 | DB23: =AT23/AR23 -> 0.1440549 | DC23: =CE23/CA23 -> 0.25929517 | DD23: BOI W/ HIC | DG23: =$DG$7 -> 46082 | DH23: =(YEAR(DG23)-YEAR($DH$5))*12+MONTH(DG23)-MONTH($DH$5) -> 28 | DJ23: =DG23+65 -> 46147 | DK23: =(YEAR(DJ23)-YEAR($DK$5))*12+MONTH(DJ23)-MONTH($DK$5)+$DK$4+$DK$3 -> 30 | DL23: BOI | DM23: CTS BARE WITH HIC | DN23: =DO23/J23 -> 22001.112 | DO23: =AV23 -> 484024.47 | DP23: =AV23/AR23 -> 0.16134149 | DR23: =CG23 -> 3829338.8 | DS23: =SUM('[6]INTERNAL PRICELIST'!M23) -> 2331316 | DT23: =DR23-DS23 -> 1498022.8 | DV23: =DR23/J23 -> 174060.86 | DX23: 17 | DY23: UNIT Q | DZ23: 22.34 | EA23: =DZ23-J23 -> 0.34 | ED23: E-3A | EE23: =G23=ED23 -> TRUE | EF23: VANESSA PALOMADO PALMARES | EG23: FROM UG TO 3F | EP23: SOLD | EQ23: SOLD | ER23: =EP23=EQ23 -> TRUE | EU23: 2123200 | EV23: SOLD | FF23: =FF22-1 -> 38 | FG23: =EDATE(FH23,FF23) -> 46692 | FH23: 45536 | FJ23: 0.15 | FK23: 12820.111 | FL23: 13166.6 | FN23: =CK23 -> 4317579.5 | FO23: =$FO$5 -> 0.15 | FP23: =FN23*FO23 -> 647636.93 | FQ23: =CN23 -> 30000 | FR23: =FP23-FQ23 -> 617636.93 | FS23: =$FS$5 -> 40 | FT23: =FR23/FS23 -> 15440.923 | FV23: =FN23 -> 4317579.5 | FW23: =FV23*$FW$5 -> 431757.95 | FX23: =FV23*$FX$5 -> 107939.49 | FY23: 15000 | FZ23: =FW23-FY23 -> 416757.95 | GA23: =$GA$5 -> 46 | GB23: =FZ23/GA23 -> 9059.9555 | GH23: =CK23 -> 4317579.5 | GI23: =CL23 -> 0.125 | GJ23: =CM23 -> 539697.44 | GK23: =CN23 -> 30000 | GL23: =CO23 -> 509697.44 | GM23: =CP23 -> 29 | GN23: =CQ23 -> 17575.774 | GO23: =CR23 -> 0.875 | ... GT23: =CW23 -> 74806.593 | GV23: =GH23 -> 4317579.5 | GW23: =GI23 -> 0.125 | GX23: =GJ23 -> 539697.44 | GY23: =GK23 -> 30000 | GZ23: =GL23 -> 509697.44 | HA23: =$HA$5 -> 48 | HB23: =GZ23/HA23 -> 10618.697 | HC23: =100%-GW23 -> 0.875 | HD23: =GV23*HC23 -> 3777882.1 | HE23: =-PMT(7%/12,240,HD23,0) -> 29289.88 | HF23: =-PMT(7%/12,180,HD23,0) -> 33956.672 | HG23: =-PMT(7%/12,120,HD23,0) -> 43864.414 | HH23: =-PMT(7%/12,60,HD23,0) -> 74806.593 | HJ23: =HB23-GN23 -> -6957.0771
A24: =A23+1 -> 18 | B24: SOLD | C24: =C23+1 -> 18 | D24: 3rd Floor | E24: =D24 -> 3rd Floor | G24: E-3B | I24: Studio | J24: 22 | L24: North | M24: Inner | N24: =$N$5 -> 106005.27 | O24: =J24*N24 -> 2332115.8 | P24: =$P$7 -> 22400 | Q24: =$Q$5 -> 50000 | Z24: =$Z$5 -> 142461 | AA24: 45722.733 | AD24: =SUM(P24:AC24) -> 260583.73 | AE24: =O24+AD24 -> 2592699.6 | AF24: =AE24*$AF$5 -> 64817.489 | AG24: =AE24+AF24 -> 2657517.1 | AH24: =AG24*$AH$5 -> 66437.927 | AI24: =AG24+AH24 -> 2723955 | AJ24: =AI24*$AJ$5 -> 136197.75 | AK24: =AI24+AJ24 -> 2860152.7 | AL24: =AK24*AL$5 -> 28601.527 | AM24: =$AM$5 -> 27537.41 | AO24: =AK24+AL24+AM24+AN24 -> 2916291.7 | AP24: =AO24*$AP$5 -> 481188.13 | AQ24: =AO24+AP24 -> 3397479.8 | AR24: =$AR$5 -> 3000000 | AS24: =AT24/J24 -> 18067.264 | AT24: =AQ24-AR24 -> 397479.81 | AU24: =AT24*$AU$5 -> 47697.577 | AV24: =AT24+AU24 -> 445177.39 | AW24: =AR24+AT24+AU24 -> 3445177.4 | AX24: =AW24*$AX$5 -> 43064.717 | AY24: 0 | AZ24: =AW24+AX24+AY24 -> 3488242.1 | BA24: =AZ24*$BA$5 -> 130809.08 | BC24: =$BC$5*1.12 -> 33600 | BD24: =AZ24+BA24+BB24+BC24 -> 3652651.2 | BF24: =BD24+BE24 -> 3652651.2 | BH24: =BF24+BG24 -> 3652651.2 | BJ24: =BH24+BI24 -> 3652651.2 | BL24: =BJ24+BK24 -> 3652651.2 | BN24: =BL24+BM24 -> 3652651.2 | BP24: =BN24+BO24 -> 3652651.2 | BR24: =BP24+BQ24 -> 3652651.2 | BT24: =BS24+BR24 -> 3652651.2 | BV24: =$BV$2+$BV$3-BC24 -> 51400 | BW24: =SUM(BT24:BV24) -> 3704051.2 | BY24: =BW24+BX24 -> 3704051.2 | BZ24: =BY24 -> 3704051.2 | CA24: =BZ24-CC24 -> 3022051.2 | CB24: 31000 | CC24: =CB24*J24 -> 682000 | CD24: =CC24*$CD$5 -> 81840 | CE24: =SUM(CC24:CD24) -> 763840 | CF24: =BZ24+CD24 -> 3785891.2 | CG24: =CF24 -> 3785891.2 | CH24: =IF(CA24<=$CA$3,0,12%*CA24) -> 0 | CI24: =CG24*CI$5 -> 388053.85 | CJ24: =CG24*CJ$5 -> 94647.28 | CK24: =SUM(CG24:CJ24) -> 4268592.3 | CL24: =$CL$5 -> 0.125 | CM24: =CK24*CL24 -> 533574.04 | CN24: =CN$5 -> 30000 | CO24: =CM24-CN24 -> 503574.04 | CP24: =VLOOKUP(E24,$ID$6:$IF$20,3,FALSE) -> 29 | CQ24: =CO24/CP24 -> 17364.622 | CR24: =100%-CL24 -> 0.875 | CS24: =CK24*CR24 -> 3735018.3 | CT24: =-PMT($CT$5/12,240,CS24,0) -> 28957.557 | CU24: =-PMT($CT$5/12,180,CS24,0) -> 33571.4 | CV24: =-PMT($CT$5/12,120,CS24,0) -> 43366.729 | CW24: =-PMT($CT$5/12,60,CS24,0) -> 73957.838 | CX24: =(CK24*80%)*$CX$5 -> 303407.41 | CY24: =(CK24*80%)*$CY$5 -> 120056.83 | CZ24: =(CK24*80%)*$CZ$5 -> 86715.35 | DA24: =(CK24*80%)*$DA$5 -> 65994.373 | DB24: =AT24/AR24 -> 0.13249327 | DC24: =CE24/CA24 -> 0.25275548 | DD24: BOI W/ HIC | DG24: =$DG$7 -> 46082 | DH24: =(YEAR(DG24)-YEAR($DH$5))*12+MONTH(DG24)-MONTH($DH$5) -> 28 | DJ24: =DG24+65 -> 46147 | DK24: =(YEAR(DJ24)-YEAR($DK$5))*12+MONTH(DJ24)-MONTH($DK$5)+$DK$4+$DK$3 -> 30 | DL24: BOI | DM24: CTS BARE WITH HIC | DN24: =DO24/J24 -> 20235.336 | DO24: =AV24 -> 445177.39 | DP24: =AV24/AR24 -> 0.14839246 | DR24: =CG24 -> 3785891.2 | DS24: =SUM('[6]INTERNAL PRICELIST'!M24) -> 2329361 | DT24: =DR24-DS24 -> 1456530.2 | DV24: =DR24/J24 -> 172085.96 | DX24: 1 | DY24: UNIT A | DZ24: 22 | EA24: =DZ24-J24 -> 0 | ED24: E-3B | EE24: =G24=ED24 -> TRUE | EF24: LEEMAN JIGS CAPITPIT AMBATA | EG24: FROM UG TO 3F | EP24: SOLD | EQ24: SOLD | ER24: =EP24=EQ24 -> TRUE | EU24: 2123200 | EV24: SOLD | FF24: =FF23-1 -> 37 | FG24: =EDATE(FH24,FF24) -> 46692 | FH24: 45566 | FJ24: 0.15 | FK24: 12820.111 | FL24: 13166.6 | FN24: =CK24 -> 4268592.3 | FO24: =$FO$5 -> 0.15 | FP24: =FN24*FO24 -> 640288.85 | FQ24: =CN24 -> 30000 | FR24: =FP24-FQ24 -> 610288.85 | FS24: =$FS$5 -> 40 | FT24: =FR24/FS24 -> 15257.221 | FV24: =FN24 -> 4268592.3 | FW24: =FV24*$FW$5 -> 426859.23 | FX24: =FV24*$FX$5 -> 106714.81 | FY24: 15000 | FZ24: =FW24-FY24 -> 411859.23 | GA24: =$GA$5 -> 46 | GB24: =FZ24/GA24 -> 8953.4615 | GH24: =CK24 -> 4268592.3 | GI24: =CL24 -> 0.125 | GJ24: =CM24 -> 533574.04 | GK24: =CN24 -> 30000 | GL24: =CO24 -> 503574.04 | GM24: =CP24 -> 29 | GN24: =CQ24 -> 17364.622 | GO24: =CR24 -> 0.875 | ... GT24: =CW24 -> 73957.838 | GV24: =GH24 -> 4268592.3 | GW24: =GI24 -> 0.125 | GX24: =GJ24 -> 533574.04 | GY24: =GK24 -> 30000 | GZ24: =GL24 -> 503574.04 | HA24: =$HA$5 -> 48 | HB24: =GZ24/HA24 -> 10491.126 | HC24: =100%-GW24 -> 0.875 | HD24: =GV24*HC24 -> 3735018.3 | HE24: =-PMT(7%/12,240,HD24,0) -> 28957.557 | HF24: =-PMT(7%/12,180,HD24,0) -> 33571.4 | HG24: =-PMT(7%/12,120,HD24,0) -> 43366.729 | HH24: =-PMT(7%/12,60,HD24,0) -> 73957.838 | HJ24: =HB24-GN24 -> -6873.4962
A25: =A24+1 -> 19 | B25: SOLD | C25: =C24+1 -> 19 | D25: 3rd Floor | E25: =D25 -> 3rd Floor | G25: E-3C | I25: Studio | J25: 22 | L25: North | M25: Inner | N25: =$N$5 -> 106005.27 | O25: =J25*N25 -> 2332115.8 | P25: =$P$7 -> 22400 | Q25: =$Q$5 -> 50000 | Z25: =$Z$5 -> 142461 | AA25: 45722.733 | AD25: =SUM(P25:AC25) -> 260583.73 | AE25: =O25+AD25 -> 2592699.6 | AF25: =AE25*$AF$5 -> 64817.489 | AG25: =AE25+AF25 -> 2657517.1 | AH25: =AG25*$AH$5 -> 66437.927 | AI25: =AG25+AH25 -> 2723955 | AJ25: =AI25*$AJ$5 -> 136197.75 | AK25: =AI25+AJ25 -> 2860152.7 | AL25: =AK25*AL$5 -> 28601.527 | AM25: =$AM$5 -> 27537.41 | AO25: =AK25+AL25+AM25+AN25 -> 2916291.7 | AP25: =AO25*$AP$5 -> 481188.13 | AQ25: =AO25+AP25 -> 3397479.8 | AR25: =$AR$5 -> 3000000 | AS25: =AT25/J25 -> 18067.264 | AT25: =AQ25-AR25 -> 397479.81 | AU25: =AT25*$AU$5 -> 47697.577 | AV25: =AT25+AU25 -> 445177.39 | AW25: =AR25+AT25+AU25 -> 3445177.4 | AX25: =AW25*$AX$5 -> 43064.717 | AY25: 0 | AZ25: =AW25+AX25+AY25 -> 3488242.1 | BA25: =AZ25*$BA$5 -> 130809.08 | BC25: =$BC$5*1.12 -> 33600 | BD25: =AZ25+BA25+BB25+BC25 -> 3652651.2 | BF25: =BD25+BE25 -> 3652651.2 | BH25: =BF25+BG25 -> 3652651.2 | BJ25: =BH25+BI25 -> 3652651.2 | BL25: =BJ25+BK25 -> 3652651.2 | BN25: =BL25+BM25 -> 3652651.2 | BP25: =BN25+BO25 -> 3652651.2 | BR25: =BP25+BQ25 -> 3652651.2 | BT25: =BS25+BR25 -> 3652651.2 | BV25: =$BV$2+$BV$3-BC25 -> 51400 | BW25: =SUM(BT25:BV25) -> 3704051.2 | BY25: =BW25+BX25 -> 3704051.2 | BZ25: =BY25 -> 3704051.2 | CA25: =BZ25-CC25 -> 3022051.2 | CB25: 31000 | CC25: =CB25*J25 -> 682000 | CD25: =CC25*$CD$5 -> 81840 | CE25: =SUM(CC25:CD25) -> 763840 | CF25: =BZ25+CD25 -> 3785891.2 | CG25: =CF25 -> 3785891.2 | CH25: =IF(CA25<=$CA$3,0,12%*CA25) -> 0 | CI25: =CG25*CI$5 -> 388053.85 | CJ25: =CG25*CJ$5 -> 94647.28 | CK25: =SUM(CG25:CJ25) -> 4268592.3 | CL25: =$CL$5 -> 0.125 | CM25: =CK25*CL25 -> 533574.04 | CN25: =CN$5 -> 30000 | CO25: =CM25-CN25 -> 503574.04 | CP25: =VLOOKUP(E25,$ID$6:$IF$20,3,FALSE) -> 29 | CQ25: =CO25/CP25 -> 17364.622 | CR25: =100%-CL25 -> 0.875 | CS25: =CK25*CR25 -> 3735018.3 | CT25: =-PMT($CT$5/12,240,CS25,0) -> 28957.557 | CU25: =-PMT($CT$5/12,180,CS25,0) -> 33571.4 | CV25: =-PMT($CT$5/12,120,CS25,0) -> 43366.729 | CW25: =-PMT($CT$5/12,60,CS25,0) -> 73957.838 | CX25: =(CK25*80%)*$CX$5 -> 303407.41 | CY25: =(CK25*80%)*$CY$5 -> 120056.83 | CZ25: =(CK25*80%)*$CZ$5 -> 86715.35 | DA25: =(CK25*80%)*$DA$5 -> 65994.373 | DB25: =AT25/AR25 -> 0.13249327 | DC25: =CE25/CA25 -> 0.25275548 | DD25: BOI W/ HIC | DG25: =$DG$7 -> 46082 | DH25: =(YEAR(DG25)-YEAR($DH$5))*12+MONTH(DG25)-MONTH($DH$5) -> 28 | DJ25: =DG25+65 -> 46147 | DK25: =(YEAR(DJ25)-YEAR($DK$5))*12+MONTH(DJ25)-MONTH($DK$5)+$DK$4+$DK$3 -> 30 | DL25: BOI | DM25: CTS BARE WITH HIC | DN25: =DO25/J25 -> 20235.336 | DO25: =AV25 -> 445177.39 | DP25: =AV25/AR25 -> 0.14839246 | DR25: =CG25 -> 3785891.2 | DS25: =SUM('[6]INTERNAL PRICELIST'!M25) -> 2329361 | DT25: =DR25-DS25 -> 1456530.2 | DV25: =DR25/J25 -> 172085.96 | DX25: 2 | DY25: UNIT B | DZ25: 22 | EA25: =DZ25-J25 -> 0 | ED25: E-3C | EE25: =G25=ED25 -> TRUE | EF25: TROY GUBAC BINAS | EG25: FROM UG TO 3F | EP25: SOLD | EQ25: SOLD | ER25: =EP25=EQ25 -> TRUE | EU25: 2261900 | EV25: SOLD | FF25: 31 | FG25: =EDATE(FH25,FF25) -> 46539 | FH25: 45597 | FI25: based on updated sched. (April 2027+2 months PMD) | FJ25: 0.15 | FK25: 12820.111 | FL25: 13166.6 | FN25: =CK25 -> 4268592.3 | FO25: =$FO$5 -> 0.15 | FP25: =FN25*FO25 -> 640288.85 | FQ25: =CN25 -> 30000 | FR25: =FP25-FQ25 -> 610288.85 | FS25: =$FS$5 -> 40 | FT25: =FR25/FS25 -> 15257.221 | FV25: =FN25 -> 4268592.3 | FW25: =FV25*$FW$5 -> 426859.23 | FX25: =FV25*$FX$5 -> 106714.81 | FY25: 15000 | FZ25: =FW25-FY25 -> 411859.23 | GA25: =$GA$5 -> 46 | GB25: =FZ25/GA25 -> 8953.4615 | GH25: =CK25 -> 4268592.3 | GI25: =CL25 -> 0.125 | GJ25: =CM25 -> 533574.04 | GK25: =CN25 -> 30000 | GL25: =CO25 -> 503574.04 | GM25: =CP25 -> 29 | GN25: =CQ25 -> 17364.622 | GO25: =CR25 -> 0.875 | ... GT25: =CW25 -> 73957.838 | GV25: =GH25 -> 4268592.3 | GW25: =GI25 -> 0.125 | GX25: =GJ25 -> 533574.04 | GY25: =GK25 -> 30000 | GZ25: =GL25 -> 503574.04 | HA25: =$HA$5 -> 48 | HB25: =GZ25/HA25 -> 10491.126 | HC25: =100%-GW25 -> 0.875 | HD25: =GV25*HC25 -> 3735018.3 | HE25: =-PMT(7%/12,240,HD25,0) -> 28957.557 | HF25: =-PMT(7%/12,180,HD25,0) -> 33571.4 | HG25: =-PMT(7%/12,120,HD25,0) -> 43366.729 | HH25: =-PMT(7%/12,60,HD25,0) -> 73957.838 | HJ25: =HB25-GN25 -> -6873.4962
A26: =A25+1 -> 20 | B26: SOLD | C26: =C25+1 -> 20 | D26: 3rd Floor | E26: =D26 -> 3rd Floor | G26: E-3D | I26: Studio | J26: 22 | L26: North | M26: Inner | N26: =$N$5 -> 106005.27 | O26: =J26*N26 -> 2332115.8 | P26: =$P$7 -> 22400 | Q26: =$Q$5 -> 50000 | Z26: =$Z$5 -> 142461 | AA26: 45722.733 | AD26: =SUM(P26:AC26) -> 260583.73 | AE26: =O26+AD26 -> 2592699.6 | AF26: =AE26*$AF$5 -> 64817.489 | AG26: =AE26+AF26 -> 2657517.1 | AH26: =AG26*$AH$5 -> 66437.927 | AI26: =AG26+AH26 -> 2723955 | AJ26: =AI26*$AJ$5 -> 136197.75 | AK26: =AI26+AJ26 -> 2860152.7 | AL26: =AK26*AL$5 -> 28601.527 | AM26: =$AM$5 -> 27537.41 | AO26: =AK26+AL26+AM26+AN26 -> 2916291.7 | AP26: =AO26*$AP$5 -> 481188.13 | AQ26: =AO26+AP26 -> 3397479.8 | AR26: =$AR$5 -> 3000000 | AS26: =AT26/J26 -> 18067.264 | AT26: =AQ26-AR26 -> 397479.81 | AU26: =AT26*$AU$5 -> 47697.577 | AV26: =AT26+AU26 -> 445177.39 | AW26: =AR26+AT26+AU26 -> 3445177.4 | AX26: =AW26*$AX$5 -> 43064.717 | AY26: 0 | AZ26: =AW26+AX26+AY26 -> 3488242.1 | BA26: =AZ26*$BA$5 -> 130809.08 | BC26: =$BC$5*1.12 -> 33600 | BD26: =AZ26+BA26+BB26+BC26 -> 3652651.2 | BF26: =BD26+BE26 -> 3652651.2 | BH26: =BF26+BG26 -> 3652651.2 | BJ26: =BH26+BI26 -> 3652651.2 | BL26: =BJ26+BK26 -> 3652651.2 | BN26: =BL26+BM26 -> 3652651.2 | BP26: =BN26+BO26 -> 3652651.2 | BR26: =BP26+BQ26 -> 3652651.2 | BT26: =BS26+BR26 -> 3652651.2 | BV26: =$BV$2+$BV$3-BC26 -> 51400 | BW26: =SUM(BT26:BV26) -> 3704051.2 | BY26: =BW26+BX26 -> 3704051.2 | BZ26: =BY26 -> 3704051.2 | CA26: =BZ26-CC26 -> 3022051.2 | CB26: 31000 | CC26: =CB26*J26 -> 682000 | CD26: =CC26*$CD$5 -> 81840 | CE26: =SUM(CC26:CD26) -> 763840 | CF26: =BZ26+CD26 -> 3785891.2 | CG26: =CF26 -> 3785891.2 | CH26: =IF(CA26<=$CA$3,0,12%*CA26) -> 0 | CI26: =CG26*CI$5 -> 388053.85 | CJ26: =CG26*CJ$5 -> 94647.28 | CK26: =SUM(CG26:CJ26) -> 4268592.3 | CL26: =$CL$5 -> 0.125 | CM26: =CK26*CL26 -> 533574.04 | CN26: =CN$5 -> 30000 | CO26: =CM26-CN26 -> 503574.04 | CP26: =VLOOKUP(E26,$ID$6:$IF$20,3,FALSE) -> 29 | CQ26: =CO26/CP26 -> 17364.622 | CR26: =100%-CL26 -> 0.875 | CS26: =CK26*CR26 -> 3735018.3 | CT26: =-PMT($CT$5/12,240,CS26,0) -> 28957.557 | CU26: =-PMT($CT$5/12,180,CS26,0) -> 33571.4 | CV26: =-PMT($CT$5/12,120,CS26,0) -> 43366.729 | CW26: =-PMT($CT$5/12,60,CS26,0) -> 73957.838 | CX26: =(CK26*80%)*$CX$5 -> 303407.41 | CY26: =(CK26*80%)*$CY$5 -> 120056.83 | CZ26: =(CK26*80%)*$CZ$5 -> 86715.35 | DA26: =(CK26*80%)*$DA$5 -> 65994.373 | DB26: =AT26/AR26 -> 0.13249327 | DC26: =CE26/CA26 -> 0.25275548 | DD26: BOI W/ HIC | DG26: =$DG$7 -> 46082 | DH26: =(YEAR(DG26)-YEAR($DH$5))*12+MONTH(DG26)-MONTH($DH$5) -> 28 | DJ26: =DG26+65 -> 46147 | DK26: =(YEAR(DJ26)-YEAR($DK$5))*12+MONTH(DJ26)-MONTH($DK$5)+$DK$4+$DK$3 -> 30 | DL26: BOI | DM26: CTS BARE WITH HIC | DN26: =DO26/J26 -> 20235.336 | DO26: =AV26 -> 445177.39 | DP26: =AV26/AR26 -> 0.14839246 | DR26: =CG26 -> 3785891.2 | DS26: =SUM('[6]INTERNAL PRICELIST'!M26) -> 2329361 | DT26: =DR26-DS26 -> 1456530.2 | DV26: =DR26/J26 -> 172085.96 | DX26: 3 | DY26: UNIT C | DZ26: 22 | EA26: =DZ26-J26 -> 0 | ED26: E-3D | EE26: =G26=ED26 -> TRUE | EF26: ARIANE MAE ALDEA AMELLIAM | EG26: FROM UG TO 3F | EP26: SOLD | EQ26: SOLD | ER26: =EP26=EQ26 -> TRUE | EU26: 2123200 | EV26: SOLD | FF26: =FF25-1 -> 30 | FG26: =EDATE(FH26,FF26) -> 46539 | FH26: 45627 | FJ26: 0.15 | FK26: 12820.111 | FL26: 13166.6 | FN26: =CK26 -> 4268592.3 | FO26: =$FO$5 -> 0.15 | FP26: =FN26*FO26 -> 640288.85 | FQ26: =CN26 -> 30000 | FR26: =FP26-FQ26 -> 610288.85 | FS26: =$FS$5 -> 40 | FT26: =FR26/FS26 -> 15257.221 | FV26: =FN26 -> 4268592.3 | FW26: =FV26*$FW$5 -> 426859.23 | FX26: =FV26*$FX$5 -> 106714.81 | FY26: 15000 | FZ26: =FW26-FY26 -> 411859.23 | GA26: =$GA$5 -> 46 | GB26: =FZ26/GA26 -> 8953.4615 | GH26: =CK26 -> 4268592.3 | GI26: =CL26 -> 0.125 | GJ26: =CM26 -> 533574.04 | GK26: =CN26 -> 30000 | GL26: =CO26 -> 503574.04 | GM26: =CP26 -> 29 | GN26: =CQ26 -> 17364.622 | GO26: =CR26 -> 0.875 | ... GT26: =CW26 -> 73957.838 | GV26: =GH26 -> 4268592.3 | GW26: =GI26 -> 0.125 | GX26: =GJ26 -> 533574.04 | GY26: =GK26 -> 30000 | GZ26: =GL26 -> 503574.04 | HA26: =$HA$5 -> 48 | HB26: =GZ26/HA26 -> 10491.126 | HC26: =100%-GW26 -> 0.875 | HD26: =GV26*HC26 -> 3735018.3 | HE26: =-PMT(7%/12,240,HD26,0) -> 28957.557 | HF26: =-PMT(7%/12,180,HD26,0) -> 33571.4 | HG26: =-PMT(7%/12,120,HD26,0) -> 43366.729 | HH26: =-PMT(7%/12,60,HD26,0) -> 73957.838 | HJ26: =HB26-GN26 -> -6873.4962
A27: =A26+1 -> 21 | B27: SOLD | C27: =C26+1 -> 21 | D27: 3rd Floor | E27: =D27 -> 3rd Floor | G27: E-3E | I27: Studio | J27: 22 | L27: North | M27: Inner | N27: =$N$5 -> 106005.27 | O27: =J27*N27 -> 2332115.8 | P27: =$P$7 -> 22400 | Q27: =$Q$5 -> 50000 | Z27: =$Z$5 -> 142461 | AA27: 45722.733 | AD27: =SUM(P27:AC27) -> 260583.73 | AE27: =O27+AD27 -> 2592699.6 | AF27: =AE27*$AF$5 -> 64817.489 | AG27: =AE27+AF27 -> 2657517.1 | AH27: =AG27*$AH$5 -> 66437.927 | AI27: =AG27+AH27 -> 2723955 | AJ27: =AI27*$AJ$5 -> 136197.75 | AK27: =AI27+AJ27 -> 2860152.7 | AL27: =AK27*AL$5 -> 28601.527 | AM27: =$AM$5 -> 27537.41 | AO27: =AK27+AL27+AM27+AN27 -> 2916291.7 | AP27: =AO27*$AP$5 -> 481188.13 | AQ27: =AO27+AP27 -> 3397479.8 | AR27: =$AR$5 -> 3000000 | AS27: =AT27/J27 -> 18067.264 | AT27: =AQ27-AR27 -> 397479.81 | AU27: =AT27*$AU$5 -> 47697.577 | AV27: =AT27+AU27 -> 445177.39 | AW27: =AR27+AT27+AU27 -> 3445177.4 | AX27: =AW27*$AX$5 -> 43064.717 | AY27: 0 | AZ27: =AW27+AX27+AY27 -> 3488242.1 | BA27: =AZ27*$BA$5 -> 130809.08 | BC27: =$BC$5*1.12 -> 33600 | BD27: =AZ27+BA27+BB27+BC27 -> 3652651.2 | BF27: =BD27+BE27 -> 3652651.2 | BH27: =BF27+BG27 -> 3652651.2 | BJ27: =BH27+BI27 -> 3652651.2 | BL27: =BJ27+BK27 -> 3652651.2 | BN27: =BL27+BM27 -> 3652651.2 | BP27: =BN27+BO27 -> 3652651.2 | BR27: =BP27+BQ27 -> 3652651.2 | BT27: =BS27+BR27 -> 3652651.2 | BV27: =$BV$2+$BV$3-BC27 -> 51400 | BW27: =SUM(BT27:BV27) -> 3704051.2 | BY27: =BW27+BX27 -> 3704051.2 | BZ27: =BY27 -> 3704051.2 | CA27: =BZ27-CC27 -> 3022051.2 | CB27: 31000 | CC27: =CB27*J27 -> 682000 | CD27: =CC27*$CD$5 -> 81840 | CE27: =SUM(CC27:CD27) -> 763840 | CF27: =BZ27+CD27 -> 3785891.2 | CG27: =CF27 -> 3785891.2 | CH27: =IF(CA27<=$CA$3,0,12%*CA27) -> 0 | CI27: =CG27*CI$5 -> 388053.85 | CJ27: =CG27*CJ$5 -> 94647.28 | CK27: =SUM(CG27:CJ27) -> 4268592.3 | CL27: =$CL$5 -> 0.125 | CM27: =CK27*CL27 -> 533574.04 | CN27: =CN$5 -> 30000 | CO27: =CM27-CN27 -> 503574.04 | CP27: =VLOOKUP(E27,$ID$6:$IF$20,3,FALSE) -> 29 | CQ27: =CO27/CP27 -> 17364.622 | CR27: =100%-CL27 -> 0.875 | CS27: =CK27*CR27 -> 3735018.3 | CT27: =-PMT($CT$5/12,240,CS27,0) -> 28957.557 | CU27: =-PMT($CT$5/12,180,CS27,0) -> 33571.4 | CV27: =-PMT($CT$5/12,120,CS27,0) -> 43366.729 | CW27: =-PMT($CT$5/12,60,CS27,0) -> 73957.838 | CX27: =(CK27*80%)*$CX$5 -> 303407.41 | CY27: =(CK27*80%)*$CY$5 -> 120056.83 | CZ27: =(CK27*80%)*$CZ$5 -> 86715.35 | DA27: =(CK27*80%)*$DA$5 -> 65994.373 | DB27: =AT27/AR27 -> 0.13249327 | DC27: =CE27/CA27 -> 0.25275548 | DD27: BOI W/ HIC | DG27: =$DG$7 -> 46082 | DH27: =(YEAR(DG27)-YEAR($DH$5))*12+MONTH(DG27)-MONTH($DH$5) -> 28 | DJ27: =DG27+65 -> 46147 | DK27: =(YEAR(DJ27)-YEAR($DK$5))*12+MONTH(DJ27)-MONTH($DK$5)+$DK$4+$DK$3 -> 30 | DL27: BOI | DM27: CTS BARE WITH HIC | DN27: =DO27/J27 -> 20235.336 | DO27: =AV27 -> 445177.39 | DP27: =AV27/AR27 -> 0.14839246 | DR27: =CG27 -> 3785891.2 | DS27: =SUM('[6]INTERNAL PRICELIST'!M27) -> 2329361 | DT27: =DR27-DS27 -> 1456530.2 | DV27: =DR27/J27 -> 172085.96 | DX27: 4 | DY27: UNIT D | DZ27: 22 | EA27: =DZ27-J27 -> 0 | ED27: E-3E | EE27: =G27=ED27 -> TRUE | EF27: NICEFELYN TAN JAJI | EG27: FROM UG TO 3F | EP27: SOLD | EQ27: SOLD | ER27: =EP27=EQ27 -> TRUE | EU27: 2123200 | EV27: SOLD | FF27: =FF26-1 -> 29 | FG27: =EDATE(FH27,FF27) -> 46539 | FH27: 45658 | FJ27: 0.15 | FK27: 12820.111 | FL27: 13166.6 | FN27: =CK27 -> 4268592.3 | FO27: =$FO$5 -> 0.15 | FP27: =FN27*FO27 -> 640288.85 | FQ27: =CN27 -> 30000 | FR27: =FP27-FQ27 -> 610288.85 | FS27: =$FS$5 -> 40 | FT27: =FR27/FS27 -> 15257.221 | FV27: =FN27 -> 4268592.3 | FW27: =FV27*$FW$5 -> 426859.23 | FX27: =FV27*$FX$5 -> 106714.81 | FY27: 15000 | FZ27: =FW27-FY27 -> 411859.23 | GA27: =$GA$5 -> 46 | GB27: =FZ27/GA27 -> 8953.4615 | GH27: =CK27 -> 4268592.3 | GI27: =CL27 -> 0.125 | GJ27: =CM27 -> 533574.04 | GK27: =CN27 -> 30000 | GL27: =CO27 -> 503574.04 | GM27: =CP27 -> 29 | GN27: =CQ27 -> 17364.622 | GO27: =CR27 -> 0.875 | ... GT27: =CW27 -> 73957.838 | GV27: =GH27 -> 4268592.3 | GW27: =GI27 -> 0.125 | GX27: =GJ27 -> 533574.04 | GY27: =GK27 -> 30000 | GZ27: =GL27 -> 503574.04 | HA27: =$HA$5 -> 48 | HB27: =GZ27/HA27 -> 10491.126 | HC27: =100%-GW27 -> 0.875 | HD27: =GV27*HC27 -> 3735018.3 | HE27: =-PMT(7%/12,240,HD27,0) -> 28957.557 | HF27: =-PMT(7%/12,180,HD27,0) -> 33571.4 | HG27: =-PMT(7%/12,120,HD27,0) -> 43366.729 | HH27: =-PMT(7%/12,60,HD27,0) -> 73957.838 | HJ27: =HB27-GN27 -> -6873.4962
A28: =A27+1 -> 22 | B28: SOLD | C28: =C27+1 -> 22 | D28: 3rd Floor | E28: =D28 -> 3rd Floor | G28: E-3F | I28: Studio | J28: 22 | L28: North | M28: Inner | N28: =$N$5 -> 106005.27 | O28: =J28*N28 -> 2332115.8 | P28: =$P$7 -> 22400 | Q28: =$Q$5 -> 50000 | Z28: =$Z$5 -> 142461 | AA28: 45722.733 | AD28: =SUM(P28:AC28) -> 260583.73 | AE28: =O28+AD28 -> 2592699.6 | AF28: =AE28*$AF$5 -> 64817.489 | AG28: =AE28+AF28 -> 2657517.1 | AH28: =AG28*$AH$5 -> 66437.927 | AI28: =AG28+AH28 -> 2723955 | AJ28: =AI28*$AJ$5 -> 136197.75 | AK28: =AI28+AJ28 -> 2860152.7 | AL28: =AK28*AL$5 -> 28601.527 | AM28: =$AM$5 -> 27537.41 | AO28: =AK28+AL28+AM28+AN28 -> 2916291.7 | AP28: =AO28*$AP$5 -> 481188.13 | AQ28: =AO28+AP28 -> 3397479.8 | AR28: =$AR$5 -> 3000000 | AS28: =AT28/J28 -> 18067.264 | AT28: =AQ28-AR28 -> 397479.81 | AU28: =AT28*$AU$5 -> 47697.577 | AV28: =AT28+AU28 -> 445177.39 | AW28: =AR28+AT28+AU28 -> 3445177.4 | AX28: =AW28*$AX$5 -> 43064.717 | AY28: 0 | AZ28: =AW28+AX28+AY28 -> 3488242.1 | BA28: =AZ28*$BA$5 -> 130809.08 | BC28: =$BC$5*1.12 -> 33600 | BD28: =AZ28+BA28+BB28+BC28 -> 3652651.2 | BF28: =BD28+BE28 -> 3652651.2 | BH28: =BF28+BG28 -> 3652651.2 | BJ28: =BH28+BI28 -> 3652651.2 | BL28: =BJ28+BK28 -> 3652651.2 | BN28: =BL28+BM28 -> 3652651.2 | BP28: =BN28+BO28 -> 3652651.2 | BR28: =BP28+BQ28 -> 3652651.2 | BT28: =BS28+BR28 -> 3652651.2 | BV28: =$BV$2+$BV$3-BC28 -> 51400 | BW28: =SUM(BT28:BV28) -> 3704051.2 | BY28: =BW28+BX28 -> 3704051.2 | BZ28: =BY28 -> 3704051.2 | CA28: =BZ28-CC28 -> 3022051.2 | CB28: 31000 | CC28: =CB28*J28 -> 682000 | CD28: =CC28*$CD$5 -> 81840 | CE28: =SUM(CC28:CD28) -> 763840 | CF28: =BZ28+CD28 -> 3785891.2 | CG28: =CF28 -> 3785891.2 | CH28: =IF(CA28<=$CA$3,0,12%*CA28) -> 0 | CI28: =CG28*CI$5 -> 388053.85 | CJ28: =CG28*CJ$5 -> 94647.28 | CK28: =SUM(CG28:CJ28) -> 4268592.3 | CL28: =$CL$5 -> 0.125 | CM28: =CK28*CL28 -> 533574.04 | CN28: =CN$5 -> 30000 | CO28: =CM28-CN28 -> 503574.04 | CP28: =VLOOKUP(E28,$ID$6:$IF$20,3,FALSE) -> 29 | CQ28: =CO28/CP28 -> 17364.622 | CR28: =100%-CL28 -> 0.875 | CS28: =CK28*CR28 -> 3735018.3 | CT28: =-PMT($CT$5/12,240,CS28,0) -> 28957.557 | CU28: =-PMT($CT$5/12,180,CS28,0) -> 33571.4 | CV28: =-PMT($CT$5/12,120,CS28,0) -> 43366.729 | CW28: =-PMT($CT$5/12,60,CS28,0) -> 73957.838 | CX28: =(CK28*80%)*$CX$5 -> 303407.41 | CY28: =(CK28*80%)*$CY$5 -> 120056.83 | CZ28: =(CK28*80%)*$CZ$5 -> 86715.35 | DA28: =(CK28*80%)*$DA$5 -> 65994.373 | DB28: =AT28/AR28 -> 0.13249327 | DC28: =CE28/CA28 -> 0.25275548 | DD28: BOI W/ HIC | DG28: =$DG$7 -> 46082 | DH28: =(YEAR(DG28)-YEAR($DH$5))*12+MONTH(DG28)-MONTH($DH$5) -> 28 | DJ28: =DG28+65 -> 46147 | DK28: =(YEAR(DJ28)-YEAR($DK$5))*12+MONTH(DJ28)-MONTH($DK$5)+$DK$4+$DK$3 -> 30 | DL28: BOI | DM28: CTS BARE WITH HIC | DN28: =DO28/J28 -> 20235.336 | DO28: =AV28 -> 445177.39 | DP28: =AV28/AR28 -> 0.14839246 | DR28: =CG28 -> 3785891.2 | DS28: =SUM('[6]INTERNAL PRICELIST'!M28) -> 2329361 | DT28: =DR28-DS28 -> 1456530.2 | DV28: =DR28/J28 -> 172085.96 | DX28: 5 | DY28: UNIT E | DZ28: 22 | EA28: =DZ28-J28 -> 0 | ED28: E-3F | EE28: =G28=ED28 -> TRUE | EF28: LEA JOY CARMI DELA TORRE TALABAN | EG28: FROM UG TO 3F | EP28: SOLD | EQ28: SOLD | ER28: =EP28=EQ28 -> TRUE | EU28: 2123200 | EV28: SOLD | FF28: 30 | FG28: =EDATE(FH28,FF28) -> 46600 | FH28: 45689 | FI28: (TECH JUNE 2027 +2 MONTHS PMD) FROM SIR TOFF | FJ28: 0.15 | FK28: 12820.111 | FL28: 13166.6 | FN28: =CK28 -> 4268592.3 | FO28: =$FO$5 -> 0.15 | FP28: =FN28*FO28 -> 640288.85 | FQ28: =CN28 -> 30000 | FR28: =FP28-FQ28 -> 610288.85 | FS28: =$FS$5 -> 40 | FT28: =FR28/FS28 -> 15257.221 | FV28: =FN28 -> 4268592.3 | FW28: =FV28*$FW$5 -> 426859.23 | FX28: =FV28*$FX$5 -> 106714.81 | FY28: 15000 | FZ28: =FW28-FY28 -> 411859.23 | GA28: =$GA$5 -> 46 | GB28: =FZ28/GA28 -> 8953.4615 | GH28: =CK28 -> 4268592.3 | GI28: =CL28 -> 0.125 | GJ28: =CM28 -> 533574.04 | GK28: =CN28 -> 30000 | GL28: =CO28 -> 503574.04 | GM28: =CP28 -> 29 | GN28: =CQ28 -> 17364.622 | GO28: =CR28 -> 0.875 | ... GT28: =CW28 -> 73957.838 | GV28: =GH28 -> 4268592.3 | GW28: =GI28 -> 0.125 | GX28: =GJ28 -> 533574.04 | GY28: =GK28 -> 30000 | GZ28: =GL28 -> 503574.04 | HA28: =$HA$5 -> 48 | HB28: =GZ28/HA28 -> 10491.126 | HC28: =100%-GW28 -> 0.875 | HD28: =GV28*HC28 -> 3735018.3 | HE28: =-PMT(7%/12,240,HD28,0) -> 28957.557 | HF28: =-PMT(7%/12,180,HD28,0) -> 33571.4 | HG28: =-PMT(7%/12,120,HD28,0) -> 43366.729 | HH28: =-PMT(7%/12,60,HD28,0) -> 73957.838 | HJ28: =HB28-GN28 -> -6873.4962
A29: =A28+1 -> 23 | C29: =C28+1 -> 23 | D29: 3rd Floor | E29: =D29 -> 3rd Floor | G29: E-3G | I29: Studio | J29: 22 | L29: North | M29: Inner | N29: =$N$5 -> 106005.27 | O29: =J29*N29 -> 2332115.8 | P29: =$P$7 -> 22400 | Q29: =$Q$5 -> 50000 | Z29: =$Z$5 -> 142461 | AA29: 45722.733 | AD29: =SUM(P29:AC29) -> 260583.73 | AE29: =O29+AD29 -> 2592699.6 | AF29: =AE29*$AF$5 -> 64817.489 | AG29: =AE29+AF29 -> 2657517.1 | AH29: =AG29*$AH$5 -> 66437.927 | AI29: =AG29+AH29 -> 2723955 | AJ29: =AI29*$AJ$5 -> 136197.75 | AK29: =AI29+AJ29 -> 2860152.7 | AL29: =AK29*AL$5 -> 28601.527 | AM29: =$AM$5 -> 27537.41 | AO29: =AK29+AL29+AM29+AN29 -> 2916291.7 | AP29: =AO29*$AP$5 -> 481188.13 | AQ29: =AO29+AP29 -> 3397479.8 | AR29: =$AR$5 -> 3000000 | AS29: =AT29/J29 -> 18067.264 | AT29: =AQ29-AR29 -> 397479.81 | AU29: =AT29*$AU$5 -> 47697.577 | AV29: =AT29+AU29 -> 445177.39 | AW29: =AR29+AT29+AU29 -> 3445177.4 | AX29: =AW29*$AX$5 -> 43064.717 | AY29: 0 | AZ29: =AW29+AX29+AY29 -> 3488242.1 | BA29: =AZ29*$BA$5 -> 130809.08 | BC29: =$BC$5*1.12 -> 33600 | BD29: =AZ29+BA29+BB29+BC29 -> 3652651.2 | BF29: =BD29+BE29 -> 3652651.2 | BH29: =BF29+BG29 -> 3652651.2 | BJ29: =BH29+BI29 -> 3652651.2 | BL29: =BJ29+BK29 -> 3652651.2 | BN29: =BL29+BM29 -> 3652651.2 | BP29: =BN29+BO29 -> 3652651.2 | BR29: =BP29+BQ29 -> 3652651.2 | BT29: =BS29+BR29 -> 3652651.2 | BV29: =$BV$2+$BV$3-BC29 -> 51400 | BW29: =SUM(BT29:BV29) -> 3704051.2 | BY29: =BW29+BX29 -> 3704051.2 | BZ29: =BY29 -> 3704051.2 | CA29: =BZ29-CC29 -> 3022051.2 | CB29: 31000 | CC29: =CB29*J29 -> 682000 | CD29: =CC29*$CD$5 -> 81840 | CE29: =SUM(CC29:CD29) -> 763840 | CF29: =BZ29+CD29 -> 3785891.2 | CG29: =CF29 -> 3785891.2 | CH29: =IF(CA29<=$CA$3,0,12%*CA29) -> 0 | CI29: =CG29*CI$5 -> 388053.85 | CJ29: =CG29*CJ$5 -> 94647.28 | CK29: =SUM(CG29:CJ29) -> 4268592.3 | CL29: =$CL$5 -> 0.125 | CM29: =CK29*CL29 -> 533574.04 | CN29: =CN$5 -> 30000 | CO29: =CM29-CN29 -> 503574.04 | CP29: =VLOOKUP(E29,$ID$6:$IF$20,3,FALSE) -> 29 | CQ29: =CO29/CP29 -> 17364.622 | CR29: =100%-CL29 -> 0.875 | CS29: =CK29*CR29 -> 3735018.3 | CT29: =-PMT($CT$5/12,240,CS29,0) -> 28957.557 | CU29: =-PMT($CT$5/12,180,CS29,0) -> 33571.4 | CV29: =-PMT($CT$5/12,120,CS29,0) -> 43366.729 | CW29: =-PMT($CT$5/12,60,CS29,0) -> 73957.838 | CX29: =(CK29*80%)*$CX$5 -> 303407.41 | CY29: =(CK29*80%)*$CY$5 -> 120056.83 | CZ29: =(CK29*80%)*$CZ$5 -> 86715.35 | DA29: =(CK29*80%)*$DA$5 -> 65994.373 | DB29: =AT29/AR29 -> 0.13249327 | DC29: =CE29/CA29 -> 0.25275548 | DD29: BOI W/ HIC | DG29: =$DG$7 -> 46082 | DH29: =(YEAR(DG29)-YEAR($DH$5))*12+MONTH(DG29)-MONTH($DH$5) -> 28 | DJ29: =DG29+65 -> 46147 | DK29: =(YEAR(DJ29)-YEAR($DK$5))*12+MONTH(DJ29)-MONTH($DK$5)+$DK$4+$DK$3 -> 30 | DL29: BOI | DM29: CTS BARE WITH HIC | DN29: =DO29/J29 -> 20235.336 | DO29: =AV29 -> 445177.39 | DP29: =AV29/AR29 -> 0.14839246 | DR29: =CG29 -> 3785891.2 | DS29: =SUM('[6]INTERNAL PRICELIST'!M29) -> 2329361 | DT29: =DR29-DS29 -> 1456530.2 | DV29: =DR29/J29 -> 172085.96 | DX29: 6 | DY29: UNIT F | DZ29: 22 | EA29: =DZ29-J29 -> 0 | ED29: E-3G | EE29: =G29=ED29 -> TRUE | EP29: SOLD | EQ29: SOLD | ER29: =EP29=EQ29 -> TRUE | EU29: 2172480 | EV29: SOLD | FF29: =FF28-1 -> 29 | FG29: =EDATE(FH29,FF29) -> 46600 | FH29: 45717 | FJ29: 0.15 | FK29: 12820.111 | FL29: 13166.6 | FN29: =CK29 -> 4268592.3 | FO29: =$FO$5 -> 0.15 | FP29: =FN29*FO29 -> 640288.85 | FQ29: =CN29 -> 30000 | FR29: =FP29-FQ29 -> 610288.85 | FS29: =$FS$5 -> 40 | FT29: =FR29/FS29 -> 15257.221 | FV29: =FN29 -> 4268592.3 | FW29: =FV29*$FW$5 -> 426859.23 | FX29: =FV29*$FX$5 -> 106714.81 | FY29: 15000 | FZ29: =FW29-FY29 -> 411859.23 | GA29: =$GA$5 -> 46 | GB29: =FZ29/GA29 -> 8953.4615 | GH29: =CK29 -> 4268592.3 | GI29: =CL29 -> 0.125 | GJ29: =CM29 -> 533574.04 | GK29: =CN29 -> 30000 | GL29: =CO29 -> 503574.04 | GM29: =CP29 -> 29 | GN29: =CQ29 -> 17364.622 | GO29: =CR29 -> 0.875 | ... GT29: =CW29 -> 73957.838 | GV29: =GH29 -> 4268592.3 | GW29: =GI29 -> 0.125 | GX29: =GJ29 -> 533574.04 | GY29: =GK29 -> 30000 | GZ29: =GL29 -> 503574.04 | HA29: =$HA$5 -> 48 | HB29: =GZ29/HA29 -> 10491.126 | HC29: =100%-GW29 -> 0.875 | HD29: =GV29*HC29 -> 3735018.3 | HE29: =-PMT(7%/12,240,HD29,0) -> 28957.557 | HF29: =-PMT(7%/12,180,HD29,0) -> 33571.4 | HG29: =-PMT(7%/12,120,HD29,0) -> 43366.729 | HH29: =-PMT(7%/12,60,HD29,0) -> 73957.838 | HJ29: =HB29-GN29 -> -6873.4962
A30: =A29+1 -> 24 | B30: SOLD | C30: =C29+1 -> 24 | D30: 3rd Floor | E30: =D30 -> 3rd Floor | G30: E-3H | I30: Studio | J30: 22 | L30: North | M30: Inner | N30: =$N$5 -> 106005.27 | O30: =J30*N30 -> 2332115.8 | P30: =$P$7 -> 22400 | Q30: =$Q$5 -> 50000 | Z30: =$Z$5 -> 142461 | AA30: 45722.733 | AD30: =SUM(P30:AC30) -> 260583.73 | AE30: =O30+AD30 -> 2592699.6 | AF30: =AE30*$AF$5 -> 64817.489 | AG30: =AE30+AF30 -> 2657517.1 | AH30: =AG30*$AH$5 -> 66437.927 | AI30: =AG30+AH30 -> 2723955 | AJ30: =AI30*$AJ$5 -> 136197.75 | AK30: =AI30+AJ30 -> 2860152.7 | AL30: =AK30*AL$5 -> 28601.527 | AM30: =$AM$5 -> 27537.41 | AO30: =AK30+AL30+AM30+AN30 -> 2916291.7 | AP30: =AO30*$AP$5 -> 481188.13 | AQ30: =AO30+AP30 -> 3397479.8 | AR30: =$AR$5 -> 3000000 | AS30: =AT30/J30 -> 18067.264 | AT30: =AQ30-AR30 -> 397479.81 | AU30: =AT30*$AU$5 -> 47697.577 | AV30: =AT30+AU30 -> 445177.39 | AW30: =AR30+AT30+AU30 -> 3445177.4 | AX30: =AW30*$AX$5 -> 43064.717 | AY30: 0 | AZ30: =AW30+AX30+AY30 -> 3488242.1 | BA30: =AZ30*$BA$5 -> 130809.08 | BC30: =$BC$5*1.12 -> 33600 | BD30: =AZ30+BA30+BB30+BC30 -> 3652651.2 | BF30: =BD30+BE30 -> 3652651.2 | BH30: =BF30+BG30 -> 3652651.2 | BI30: 718.43902 | BJ30: =BH30+BI30 -> 3653369.6 | BL30: =BJ30+BK30 -> 3653369.6 | BM30: =$BM$5/41 -> 1038.0488 | BN30: =BL30+BM30 -> 3654407.7 | BO30: =$BO$5/51 -> 7289.0781 | BP30: =BN30+BO30 -> 3661696.7 | BQ30: =$BQ$5/56 -> 4468.4242 | BR30: =BP30+BQ30 -> 3666165.2 | BS30: =$BS$5/64 -> 2651.4787 | BT30: =BS30+BR30 -> 3668816.7 | BU30: =$BU$5/65 -> 211.07692 | BV30: =$BV$2+$BV$3-BC30 -> 51400 | BW30: =SUM(BT30:BV30) -> 3720427.7 | BX30: =$BX$5/68 -> 27651.079 | BY30: =BW30+BX30 -> 3748078.8 | BZ30: =BY30 -> 3748078.8 | CA30: =BZ30-CC30 -> 2868078.8 | CB30: =$CB$5 -> 40000 | CC30: =CB30*J30 -> 880000 | CD30: =CC30*$CD$5 -> 105600 | CE30: =SUM(CC30:CD30) -> 985600 | CF30: =BZ30+CD30 -> 3853678.8 | CG30: =CF30 -> 3853678.8 | CH30: =IF(CA30<=$CA$3,0,12%*CA30) -> 0 | CI30: =CG30*CI$5 -> 395002.08 | CJ30: =CG30*CJ$5 -> 96341.97 | CK30: =SUM(CG30:CJ30) -> 4345022.9 | CL30: =$CL$5 -> 0.125 | CM30: =CK30*CL30 -> 543127.86 | CN30: =CN$5 -> 30000 | CO30: =CM30-CN30 -> 513127.86 | CP30: =VLOOKUP(E30,$ID$6:$IF$20,3,FALSE) -> 29 | CQ30: =CO30/CP30 -> 17694.064 | CR30: =100%-CL30 -> 0.875 | CS30: =CK30*CR30 -> 3801895 | CT30: =-PMT($CT$5/12,240,CS30,0) -> 29476.051 | CU30: =-PMT($CT$5/12,180,CS30,0) -> 34172.507 | CV30: =-PMT($CT$5/12,120,CS30,0) -> 44143.225 | CW30: =-PMT($CT$5/12,60,CS30,0) -> 75282.078 | CX30: =(CK30*80%)*$CX$5 -> 308840.01 | CY30: =(CK30*80%)*$CY$5 -> 122206.49 | CZ30: =(CK30*80%)*$CZ$5 -> 88268.017 | DA30: =(CK30*80%)*$DA$5 -> 67176.024 | DB30: =AT30/AR30 -> 0.13249327 | DC30: =CE30/CA30 -> 0.34364467 | DD30: BOI W/ HIC | DG30: =$DG$7 -> 46082 | DH30: =(YEAR(DG30)-YEAR($DH$5))*12+MONTH(DG30)-MONTH($DH$5) -> 28 | DJ30: =DG30+65 -> 46147 | DK30: =(YEAR(DJ30)-YEAR($DK$5))*12+MONTH(DJ30)-MONTH($DK$5)+$DK$4+$DK$3 -> 30 | DL30: BOI | DM30: CTS BARE WITH HIC | DN30: =DO30/J30 -> 20235.336 | DO30: =AV30 -> 445177.39 | DP30: =AV30/AR30 -> 0.14839246 | DR30: =CG30 -> 3853678.8 | DS30: =SUM('[6]INTERNAL PRICELIST'!M30) -> 2329361 | DT30: =DR30-DS30 -> 1524317.8 | DV30: =DR30/J30 -> 175167.22 | DX30: 7 | DY30: UNIT G | DZ30: 22 | EA30: =DZ30-J30 -> 0 | ED30: E-3H | EE30: =G30=ED30 -> TRUE | EF30: IRVIN IAN MATUOD PONDOC | EG30: FROM UG TO 3F | EP30: UNSOLD | EQ30: UNSOLD | ER30: =EP30=EQ30 -> TRUE | EU30: 2123200 | EV30: SOLD | FF30: 30 | FG30: =EDATE(FH30,FF30) -> 46661 | FH30: 45748 | FI30: April 1-9,2025 | FJ30: 0.15 | FK30: 12820.111 | FL30: 13166.6 | FN30: =CK30 -> 4345022.9 | FO30: =$FO$5 -> 0.15 | FP30: =FN30*FO30 -> 651753.43 | FQ30: =CN30 -> 30000 | FR30: =FP30-FQ30 -> 621753.43 | FS30: =$FS$5 -> 40 | FT30: =FR30/FS30 -> 15543.836 | FV30: =FN30 -> 4345022.9 | FW30: =FV30*$FW$5 -> 434502.29 | FX30: =FV30*$FX$5 -> 108625.57 | FY30: 15000 | FZ30: =FW30-FY30 -> 419502.29 | GA30: =$GA$5 -> 46 | GB30: =FZ30/GA30 -> 9119.6149 | GH30: =CK30 -> 4345022.9 | GI30: =CL30 -> 0.125 | GJ30: =CM30 -> 543127.86 | GK30: =CN30 -> 30000 | GL30: =CO30 -> 513127.86 | GM30: =CP30 -> 29 | GN30: =CQ30 -> 17694.064 | GO30: =CR30 -> 0.875 | ... GT30: =CW30 -> 75282.078 | GV30: =GH30 -> 4345022.9 | GW30: =GI30 -> 0.125 | GX30: =GJ30 -> 543127.86 | GY30: =GK30 -> 30000 | GZ30: =GL30 -> 513127.86 | HA30: =$HA$5 -> 48 | HB30: =GZ30/HA30 -> 10690.164 | HC30: =100%-GW30 -> 0.875 | HD30: =GV30*HC30 -> 3801895 | HE30: =-PMT(7%/12,240,HD30,0) -> 29476.051 | HF30: =-PMT(7%/12,180,HD30,0) -> 34172.507 | HG30: =-PMT(7%/12,120,HD30,0) -> 44143.225 | HH30: =-PMT(7%/12,60,HD30,0) -> 75282.078 | HJ30: =HB30-GN30 -> -7003.9003
A31: =A30+1 -> 25 | B31: SOLD | C31: =C30+1 -> 25 | D31: 3rd Floor | E31: =D31 -> 3rd Floor | G31: E-3I | I31: Studio | J31: 22 | L31: North | M31: Corner | N31: =$N$5 -> 106005.27 | O31: =J31*N31 -> 2332115.8 | P31: =$P$7 -> 22400 | Q31: =$Q$5 -> 50000 | V31: =J31*$V$5 -> 55000 | Z31: =$Z$5 -> 142461 | AA31: 45722.733 | AD31: =SUM(P31:AC31) -> 315583.73 | AE31: =O31+AD31 -> 2647699.6 | AF31: =AE31*$AF$5 -> 66192.489 | AG31: =AE31+AF31 -> 2713892.1 | AH31: =AG31*$AH$5 -> 67847.302 | AI31: =AG31+AH31 -> 2781739.4 | AJ31: =AI31*$AJ$5 -> 139086.97 | AK31: =AI31+AJ31 -> 2920826.3 | AL31: =AK31*AL$5 -> 29208.263 | AM31: =$AM$5 -> 27537.41 | AO31: =AK31+AL31+AM31+AN31 -> 2977572 | AP31: =AO31*$AP$5 -> 491299.38 | AQ31: =AO31+AP31 -> 3468871.4 | AR31: =$AR$5 -> 3000000 | AS31: =AT31/J31 -> 21312.336 | AT31: =AQ31-AR31 -> 468871.39 | AU31: =AT31*$AU$5 -> 56264.567 | AV31: =AT31+AU31 -> 525135.96 | AW31: =AR31+AT31+AU31 -> 3525136 | AX31: =AW31*$AX$5 -> 44064.199 | AY31: 0 | AZ31: =AW31+AX31+AY31 -> 3569200.2 | BA31: =AZ31*$BA$5 -> 133845.01 | BC31: =$BC$5*1.12 -> 33600 | BD31: =AZ31+BA31+BB31+BC31 -> 3736645.2 | BF31: =BD31+BE31 -> 3736645.2 | BH31: =BF31+BG31 -> 3736645.2 | BJ31: =BH31+BI31 -> 3736645.2 | BL31: =BJ31+BK31 -> 3736645.2 | BN31: =BL31+BM31 -> 3736645.2 | BP31: =BN31+BO31 -> 3736645.2 | BR31: =BP31+BQ31 -> 3736645.2 | BT31: =BS31+BR31 -> 3736645.2 | BV31: =$BV$2+$BV$3-BC31 -> 51400 | BW31: =SUM(BT31:BV31) -> 3788045.2 | BY31: =BW31+BX31 -> 3788045.2 | BZ31: =BY31 -> 3788045.2 | CA31: =BZ31-CC31 -> 3040045.2 | CB31: 34000 | CC31: =CB31*J31 -> 748000 | CD31: =CC31*$CD$5 -> 89760 | CE31: =SUM(CC31:CD31) -> 837760 | CF31: =BZ31+CD31 -> 3877805.2 | CG31: =CF31 -> 3877805.2 | CH31: =IF(CA31<=$CA$3,0,12%*CA31) -> 0 | CI31: =CG31*CI$5 -> 397475.03 | CJ31: =CG31*CJ$5 -> 96945.129 | CK31: =SUM(CG31:CJ31) -> 4372225.3 | CL31: =$CL$5 -> 0.125 | CM31: =CK31*CL31 -> 546528.17 | CN31: =CN$5 -> 30000 | CO31: =CM31-CN31 -> 516528.17 | CP31: =VLOOKUP(E31,$ID$6:$IF$20,3,FALSE) -> 29 | CQ31: =CO31/CP31 -> 17811.316 | CR31: =100%-CL31 -> 0.875 | CS31: =CK31*CR31 -> 3825697.2 | CT31: =-PMT($CT$5/12,240,CS31,0) -> 29660.589 | CU31: =-PMT($CT$5/12,180,CS31,0) -> 34386.448 | CV31: =-PMT($CT$5/12,120,CS31,0) -> 44419.588 | CW31: =-PMT($CT$5/12,60,CS31,0) -> 75753.389 | CX31: =(CK31*80%)*$CX$5 -> 310773.54 | CY31: =(CK31*80%)*$CY$5 -> 122971.58 | CZ31: =(CK31*80%)*$CZ$5 -> 88820.628 | DA31: =(CK31*80%)*$DA$5 -> 67596.587 | DB31: =AT31/AR31 -> 0.15629046 | DC31: =CE31/CA31 -> 0.27557485 | DD31: BOI W/ HIC | DG31: =$DG$7 -> 46082 | DH31: =(YEAR(DG31)-YEAR($DH$5))*12+MONTH(DG31)-MONTH($DH$5) -> 28 | DJ31: =DG31+65 -> 46147 | DK31: =(YEAR(DJ31)-YEAR($DK$5))*12+MONTH(DJ31)-MONTH($DK$5)+$DK$4+$DK$3 -> 30 | DL31: BOI | DM31: CTS BARE WITH HIC | DN31: =DO31/J31 -> 23869.816 | DO31: =AV31 -> 525135.96 | DP31: =AV31/AR31 -> 0.17504532 | DR31: =CG31 -> 3877805.2 | DS31: =SUM('[6]INTERNAL PRICELIST'!M31) -> 2331316 | DT31: =DR31-DS31 -> 1546489.2 | DV31: =DR31/J31 -> 176263.87 | DX31: 8 | DY31: UNIT H | DZ31: 22.34 | EA31: =DZ31-J31 -> 0.34 | ED31: E-3I | EE31: =G31=ED31 -> TRUE | EF31: NIÑO AGUINADA VALLEJO | EG31: FROM UG TO 3F | EP31: SOLD | EQ31: SOLD | ER31: =EP31=EQ31 -> TRUE | EU31: 2123200 | EV31: SOLD | FF31: 32 | FG31: =EDATE(FH31,FF31) -> 46753 | FH31: 45778 | FJ31: 0.15 | FK31: 13378.682 | FL31: 13740.268 | FN31: =CK31 -> 4372225.3 | FO31: =$FO$5 -> 0.15 | FP31: =FN31*FO31 -> 655833.8 | FQ31: =CN31 -> 30000 | FR31: =FP31-FQ31 -> 625833.8 | FS31: =$FS$5 -> 40 | FT31: =FR31/FS31 -> 15645.845 | FV31: =FN31 -> 4372225.3 | FW31: =FV31*$FW$5 -> 437222.53 | FX31: =FV31*$FX$5 -> 109305.63 | FY31: 15000 | FZ31: =FW31-FY31 -> 422222.53 | GA31: =$GA$5 -> 46 | GB31: =FZ31/GA31 -> 9178.7507 | GH31: =CK31 -> 4372225.3 | GI31: =CL31 -> 0.125 | GJ31: =CM31 -> 546528.17 | GK31: =CN31 -> 30000 | GL31: =CO31 -> 516528.17 | GM31: =CP31 -> 29 | GN31: =CQ31 -> 17811.316 | GO31: =CR31 -> 0.875 | ... GT31: =CW31 -> 75753.389 | GV31: =GH31 -> 4372225.3 | GW31: =GI31 -> 0.125 | GX31: =GJ31 -> 546528.17 | GY31: =GK31 -> 30000 | GZ31: =GL31 -> 516528.17 | HA31: =$HA$5 -> 48 | HB31: =GZ31/HA31 -> 10761.003 | HC31: =100%-GW31 -> 0.875 | HD31: =GV31*HC31 -> 3825697.2 | HE31: =-PMT(7%/12,240,HD31,0) -> 29660.589 | HF31: =-PMT(7%/12,180,HD31,0) -> 34386.448 | HG31: =-PMT(7%/12,120,HD31,0) -> 44419.588 | HH31: =-PMT(7%/12,60,HD31,0) -> 75753.389 | HJ31: =HB31-GN31 -> -7050.3126
A32: =A31+1 -> 26 | B32: SOLD | C32: =C31+1 -> 26 | D32: 3rd Floor | E32: =D32 -> 3rd Floor | G32: E-3J | I32: Studio | J32: 22 | L32: South | M32: Corner | N32: =$N$5 -> 106005.27 | O32: =J32*N32 -> 2332115.8 | P32: =$P$7 -> 22400 | Q32: =$Q$5 -> 50000 | V32: =J32*$V$5 -> 55000 | Z32: =$Z$5 -> 142461 | AA32: 45722.733 | AD32: =SUM(P32:AC32) -> 315583.73 | AE32: =O32+AD32 -> 2647699.6 | AF32: =AE32*$AF$5 -> 66192.489 | AG32: =AE32+AF32 -> 2713892.1 | AH32: =AG32*$AH$5 -> 67847.302 | AI32: =AG32+AH32 -> 2781739.4 | AJ32: =AI32*$AJ$5 -> 139086.97 | AK32: =AI32+AJ32 -> 2920826.3 | AL32: =AK32*AL$5 -> 29208.263 | AM32: =$AM$5 -> 27537.41 | AO32: =AK32+AL32+AM32+AN32 -> 2977572 | AP32: =AO32*$AP$5 -> 491299.38 | AQ32: =AO32+AP32 -> 3468871.4 | AR32: =$AR$5 -> 3000000 | AS32: =AT32/J32 -> 21312.336 | AT32: =AQ32-AR32 -> 468871.39 | AU32: =AT32*$AU$5 -> 56264.567 | AV32: =AT32+AU32 -> 525135.96 | AW32: =AR32+AT32+AU32 -> 3525136 | AX32: =AW32*$AX$5 -> 44064.199 | AY32: 0 | AZ32: =AW32+AX32+AY32 -> 3569200.2 | BA32: =AZ32*$BA$5 -> 133845.01 | BC32: =$BC$5*1.12 -> 33600 | BD32: =AZ32+BA32+BB32+BC32 -> 3736645.2 | BF32: =BD32+BE32 -> 3736645.2 | BH32: =BF32+BG32 -> 3736645.2 | BJ32: =BH32+BI32 -> 3736645.2 | BL32: =BJ32+BK32 -> 3736645.2 | BN32: =BL32+BM32 -> 3736645.2 | BP32: =BN32+BO32 -> 3736645.2 | BR32: =BP32+BQ32 -> 3736645.2 | BT32: =BS32+BR32 -> 3736645.2 | BV32: =$BV$2+$BV$3-BC32 -> 51400 | BW32: =SUM(BT32:BV32) -> 3788045.2 | BY32: =BW32+BX32 -> 3788045.2 | BZ32: =BY32 -> 3788045.2 | CA32: =BZ32-CC32 -> 3040045.2 | CB32: 34000 | CC32: =CB32*J32 -> 748000 | CD32: =CC32*$CD$5 -> 89760 | CE32: =SUM(CC32:CD32) -> 837760 | CF32: =BZ32+CD32 -> 3877805.2 | CG32: =CF32 -> 3877805.2 | CH32: =IF(CA32<=$CA$3,0,12%*CA32) -> 0 | CI32: =CG32*CI$5 -> 397475.03 | CJ32: =CG32*CJ$5 -> 96945.129 | CK32: =SUM(CG32:CJ32) -> 4372225.3 | CL32: =$CL$5 -> 0.125 | CM32: =CK32*CL32 -> 546528.17 | CN32: =CN$5 -> 30000 | CO32: =CM32-CN32 -> 516528.17 | CP32: =VLOOKUP(E32,$ID$6:$IF$20,3,FALSE) -> 29 | CQ32: =CO32/CP32 -> 17811.316 | CR32: =100%-CL32 -> 0.875 | CS32: =CK32*CR32 -> 3825697.2 | CT32: =-PMT($CT$5/12,240,CS32,0) -> 29660.589 | CU32: =-PMT($CT$5/12,180,CS32,0) -> 34386.448 | CV32: =-PMT($CT$5/12,120,CS32,0) -> 44419.588 | CW32: =-PMT($CT$5/12,60,CS32,0) -> 75753.389 | CX32: =(CK32*80%)*$CX$5 -> 310773.54 | CY32: =(CK32*80%)*$CY$5 -> 122971.58 | CZ32: =(CK32*80%)*$CZ$5 -> 88820.628 | DA32: =(CK32*80%)*$DA$5 -> 67596.587 | DB32: =AT32/AR32 -> 0.15629046 | DC32: =CE32/CA32 -> 0.27557485 | DD32: BOI W/ HIC | DG32: =$DG$7 -> 46082 | DH32: =(YEAR(DG32)-YEAR($DH$5))*12+MONTH(DG32)-MONTH($DH$5) -> 28 | DJ32: =DG32+65 -> 46147 | DK32: =(YEAR(DJ32)-YEAR($DK$5))*12+MONTH(DJ32)-MONTH($DK$5)+$DK$4+$DK$3 -> 30 | DL32: BOI | DM32: CTS BARE WITH HIC | DN32: =DO32/J32 -> 23869.816 | DO32: =AV32 -> 525135.96 | DP32: =AV32/AR32 -> 0.17504532 | DR32: =CG32 -> 3877805.2 | DS32: =SUM('[6]INTERNAL PRICELIST'!M32) -> 2329361 | DT32: =DR32-DS32 -> 1548444.2 | DV32: =DR32/J32 -> 176263.87 | DX32: 9 | DY32: UNIT I | DZ32: 22 | EA32: =DZ32-J32 -> 0 | ED32: E-3J | EE32: =G32=ED32 -> TRUE | EF32: MARY CHARLYN MANEJERO TAMONAN | EG32: FROM UG TO 3F | EP32: SOLD | EQ32: SOLD | ER32: =EP32=EQ32 -> TRUE | EU32: 3109023.8 | EV32: UNSOLD | EW32: =EU32-CG32 -> -768781.37 | EY32: 3075848.8 | FF32: 31 | FG32: =EDATE(FH32,FF32) -> 46753 | FH32: 45809 | FJ32: 0.125 | FK32: 11083.112 | FL32: 11382.656 | FN32: =CK32 -> 4372225.3 | FO32: =$FO$5 -> 0.15 | FP32: =FN32*FO32 -> 655833.8 | FQ32: =CN32 -> 30000 | FR32: =FP32-FQ32 -> 625833.8 | FS32: =$FS$5 -> 40 | FT32: =FR32/FS32 -> 15645.845 | FV32: =FN32 -> 4372225.3 | FW32: =FV32*$FW$5 -> 437222.53 | FX32: =FV32*$FX$5 -> 109305.63 | FY32: 15000 | FZ32: =FW32-FY32 -> 422222.53 | GA32: =$GA$5 -> 46 | GB32: =FZ32/GA32 -> 9178.7507 | GE32: 45689 | GH32: =CK32 -> 4372225.3 | GI32: =CL32 -> 0.125 | GJ32: =CM32 -> 546528.17 | GK32: =CN32 -> 30000 | GL32: =CO32 -> 516528.17 | GM32: =CP32 -> 29 | GN32: =CQ32 -> 17811.316 | GO32: =CR32 -> 0.875 | ... GT32: =CW32 -> 75753.389 | GV32: =GH32 -> 4372225.3 | GW32: =GI32 -> 0.125 | GX32: =GJ32 -> 546528.17 | GY32: =GK32 -> 30000 | GZ32: =GL32 -> 516528.17 | HA32: =$HA$5 -> 48 | HB32: =GZ32/HA32 -> 10761.003 | HC32: =100%-GW32 -> 0.875 | HD32: =GV32*HC32 -> 3825697.2 | HE32: =-PMT(7%/12,240,HD32,0) -> 29660.589 | HF32: =-PMT(7%/12,180,HD32,0) -> 34386.448 | HG32: =-PMT(7%/12,120,HD32,0) -> 44419.588 | HH32: =-PMT(7%/12,60,HD32,0) -> 75753.389 | HJ32: =HB32-GN32 -> -7050.3126
A33: =A32+1 -> 27 | C33: =C32+1 -> 27 | D33: 3rd Floor | E33: =D33 -> 3rd Floor | G33: E-3K | I33: Studio | J33: 22 | L33: South | M33: End | N33: =$N$5 -> 106005.27 | O33: =J33*N33 -> 2332115.8 | P33: =$P$7 -> 22400 | Q33: =$Q$5 -> 50000 | W33: =J33*$W$5 -> 22000 | Z33: =$Z$5 -> 142461 | AA33: 45722.733 | AD33: =SUM(P33:AC33) -> 282583.73 | AE33: =O33+AD33 -> 2614699.6 | AF33: =AE33*$AF$5 -> 65367.489 | AG33: =AE33+AF33 -> 2680067.1 | AH33: =AG33*$AH$5 -> 67001.677 | AI33: =AG33+AH33 -> 2747068.7 | AJ33: =AI33*$AJ$5 -> 137353.44 | AK33: =AI33+AJ33 -> 2884422.2 | AL33: =AK33*AL$5 -> 28844.222 | AM33: =$AM$5 -> 27537.41 | AO33: =AK33+AL33+AM33+AN33 -> 2940803.8 | AP33: =AO33*$AP$5 -> 485232.63 | AQ33: =AO33+AP33 -> 3426036.4 | AR33: =$AR$5 -> 3000000 | AS33: =AT33/J33 -> 19365.293 | AT33: =AQ33-AR33 -> 426036.44 | AU33: =AT33*$AU$5 -> 51124.373 | AV33: =AT33+AU33 -> 477160.81 | AW33: =AR33+AT33+AU33 -> 3477160.8 | AX33: =AW33*$AX$5 -> 43464.51 | AY33: 0 | AZ33: =AW33+AX33+AY33 -> 3520625.3 | BA33: =AZ33*$BA$5 -> 132023.45 | BC33: =$BC$5*1.12 -> 33600 | BD33: =AZ33+BA33+BB33+BC33 -> 3686248.8 | BF33: =BD33+BE33 -> 3686248.8 | BH33: =BF33+BG33 -> 3686248.8 | BJ33: =BH33+BI33 -> 3686248.8 | BL33: =BJ33+BK33 -> 3686248.8 | BN33: =BL33+BM33 -> 3686248.8 | BP33: =BN33+BO33 -> 3686248.8 | BR33: =BP33+BQ33 -> 3686248.8 | BT33: =BS33+BR33 -> 3686248.8 | BV33: =$BV$2+$BV$3-BC33 -> 51400 | BW33: =SUM(BT33:BV33) -> 3737648.8 | BY33: =BW33+BX33 -> 3737648.8 | BZ33: =BY33 -> 3737648.8 | CA33: =BZ33-CC33 -> 3033648.8 | CB33: 32000 | CC33: =CB33*J33 -> 704000 | CD33: =CC33*$CD$5 -> 84480 | CE33: =SUM(CC33:CD33) -> 788480 | CF33: =BZ33+CD33 -> 3822128.8 | CG33: =CF33 -> 3822128.8 | CH33: =IF(CA33<=$CA$3,0,12%*CA33) -> 0 | CI33: =CG33*CI$5 -> 391768.2 | CJ33: =CG33*CJ$5 -> 95553.219 | CK33: =SUM(CG33:CJ33) -> 4309450.2 | CL33: =$CL$5 -> 0.125 | CM33: =CK33*CL33 -> 538681.27 | CN33: =CN$5 -> 30000 | CO33: =CM33-CN33 -> 508681.27 | CP33: =VLOOKUP(E33,$ID$6:$IF$20,3,FALSE) -> 29 | CQ33: =CO33/CP33 -> 17540.734 | CR33: =100%-CL33 -> 0.875 | CS33: =CK33*CR33 -> 3770768.9 | CT33: =-PMT($CT$5/12,240,CS33,0) -> 29234.731 | CU33: =-PMT($CT$5/12,180,CS33,0) -> 33892.737 | CV33: =-PMT($CT$5/12,120,CS33,0) -> 43781.824 | CW33: =-PMT($CT$5/12,60,CS33,0) -> 74665.744 | CX33: =(CK33*80%)*$CX$5 -> 306311.54 | CY33: =(CK33*80%)*$CY$5 -> 121205.99 | CZ33: =(CK33*80%)*$CZ$5 -> 87545.367 | DA33: =(CK33*80%)*$DA$5 -> 66626.055 | DB33: =AT33/AR33 -> 0.14201215 | DC33: =CE33/CA33 -> 0.25991143 | DD33: BOI W/ HIC | DG33: =$DG$7 -> 46082 | DH33: =(YEAR(DG33)-YEAR($DH$5))*12+MONTH(DG33)-MONTH($DH$5) -> 28 | DJ33: =DG33+65 -> 46147 | DK33: =(YEAR(DJ33)-YEAR($DK$5))*12+MONTH(DJ33)-MONTH($DK$5)+$DK$4+$DK$3 -> 30 | DL33: BOI | DM33: CTS BARE WITH HIC | DN33: =DO33/J33 -> 21689.128 | DO33: =AV33 -> 477160.81 | DP33: =AV33/AR33 -> 0.1590536 | DR33: =CG33 -> 3822128.8 | DS33: =SUM('[6]INTERNAL PRICELIST'!M33) -> 2329361 | DT33: =DR33-DS33 -> 1492767.8 | DV33: =DR33/J33 -> 173733.13 | DX33: 10 | DY33: UNIT J | DZ33: 22 | EA33: =DZ33-J33 -> 0 | ED33: E-3K | EE33: =G33=ED33 -> TRUE | EP33: SOLD | EQ33: SOLD | ER33: =EP33=EQ33 -> TRUE | EU33: 2123200 | EV33: SOLD | FF33: =DATEDIF(FH33,FG33,"m") -> 33 | FG33: =DATE(2028,4,1) -> 46844 | FH33: 45839 | FJ33: 0.15 | FK33: 12942.297 | FL33: 13292.089 | FN33: =CK33 -> 4309450.2 | FO33: =$FO$5 -> 0.15 | FP33: =FN33*FO33 -> 646417.53 | FQ33: =CN33 -> 30000 | FR33: =FP33-FQ33 -> 616417.53 | FS33: =$FS$5 -> 40 | FT33: =FR33/FS33 -> 15410.438 | FV33: =FN33 -> 4309450.2 | FW33: =FV33*$FW$5 -> 430945.02 | FX33: =FV33*$FX$5 -> 107736.25 | FY33: 15000 | FZ33: =FW33-FY33 -> 415945.02 | GA33: =$GA$5 -> 46 | GB33: =FZ33/GA33 -> 9042.283 | GE33: 45717 | GH33: =CK33 -> 4309450.2 | GI33: =CL33 -> 0.125 | GJ33: =CM33 -> 538681.27 | GK33: =CN33 -> 30000 | GL33: =CO33 -> 508681.27 | GM33: =CP33 -> 29 | GN33: =CQ33 -> 17540.734 | GO33: =CR33 -> 0.875 | ... GT33: =CW33 -> 74665.744 | GV33: =GH33 -> 4309450.2 | GW33: =GI33 -> 0.125 | GX33: =GJ33 -> 538681.27 | GY33: =GK33 -> 30000 | GZ33: =GL33 -> 508681.27 | HA33: =$HA$5 -> 48 | HB33: =GZ33/HA33 -> 10597.527 | HC33: =100%-GW33 -> 0.875 | HD33: =GV33*HC33 -> 3770768.9 | HE33: =-PMT(7%/12,240,HD33,0) -> 29234.731 | HF33: =-PMT(7%/12,180,HD33,0) -> 33892.737 | HG33: =-PMT(7%/12,120,HD33,0) -> 43781.824 | HH33: =-PMT(7%/12,60,HD33,0) -> 74665.744 | HJ33: =HB33-GN33 -> -6943.207
A34: =A33+1 -> 28 | B34: SOLD | C34: =C33+1 -> 28 | D34: 3rd Floor | E34: =D34 -> 3rd Floor | G34: E-3L | I34: Studio | J34: 22 | L34: South | M34: End | N34: =$N$5 -> 106005.27 | O34: =J34*N34 -> 2332115.8 | P34: =$P$7 -> 22400 | Q34: =$Q$5 -> 50000 | W34: =J34*$W$5 -> 22000 | Z34: =$Z$5 -> 142461 | AA34: 49222.733 | AD34: =SUM(P34:AC34) -> 286083.73 | AE34: =O34+AD34 -> 2618199.6 | AF34: =AE34*$AF$5 -> 65454.989 | AG34: =AE34+AF34 -> 2683654.6 | AH34: =AG34*$AH$5 -> 67091.364 | AI34: =AG34+AH34 -> 2750745.9 | AJ34: =AI34*$AJ$5 -> 137537.3 | AK34: =AI34+AJ34 -> 2888283.2 | AL34: =AK34*AL$5+29772.4420833333 -> 58655.274 | AM34: =$AM$5 -> 27537.41 | AO34: =AK34+AL34+AM34+AN34 -> 2974475.9 | AP34: =AO34*$AP$5 -> 490788.53 | AQ34: =AO34+AP34 -> 3465264.4 | AR34: =$AR$5 -> 3000000 | AS34: =AT34/J34 -> 21148.384 | AT34: =AQ34-AR34 -> 465264.44 | AU34: =AT34*$AU$5 -> 55831.733 | AV34: =AT34+AU34 -> 521096.17 | AW34: =AR34+AT34+AU34 -> 3521096.2 | AX34: =AW34*$AX$5 -> 44013.702 | AY34: 7575.3957 | AZ34: =AW34+AX34+AY34 -> 3572685.3 | BA34: =AZ34*$BA$5 -> 133975.7 | BC34: =$BC$5*1.12 -> 33600 | BD34: =AZ34+BA34+BB34+BC34 -> 3740261 | BE34: 18367.831 | BF34: =BD34+BE34 -> 3758628.8 | BH34: =BF34+BG34 -> 3758628.8 | BI34: 718.43902 | BJ34: =BH34+BI34 -> 3759347.2 | BL34: =BJ34+BK34 -> 3759347.2 | BM34: =$BM$5/41 -> 1038.0488 | BN34: =BL34+BM34 -> 3760385.3 | BO34: =$BO$5/51 -> 7289.0781 | BP34: =BN34+BO34 -> 3767674.4 | BQ34: =$BQ$5/56 -> 4468.4242 | BR34: =BP34+BQ34 -> 3772142.8 | BS34: =$BS$5/64 -> 2651.4787 | BT34: =BS34+BR34 -> 3774794.3 | BU34: =$BU$5/65 -> 211.07692 | BV34: =$BV$2+$BV$3-BC34 -> 51400 | BW34: =SUM(BT34:BV34) -> 3826405.3 | BX34: =$BX$5/68 -> 27651.079 | BY34: =BW34+BX34 -> 3854056.4 | BZ34: =BY34 -> 3854056.4 | CA34: =BZ34-CC34 -> 2974056.4 | CB34: =$CB$5 -> 40000 | CC34: =CB34*J34 -> 880000 | CD34: =CC34*$CD$5 -> 105600 | CE34: =SUM(CC34:CD34) -> 985600 | CF34: =BZ34+CD34 -> 3959656.4 | CG34: =CF34 -> 3959656.4 | CH34: =IF(CA34<=$CA$3,0,12%*CA34) -> 0 | CI34: =CG34*CI$5 -> 405864.78 | CJ34: =CG34*CJ$5 -> 98991.411 | CK34: =SUM(CG34:CJ34) -> 4464512.6 | CL34: =$CL$5 -> 0.125 | CM34: =CK34*CL34 -> 558064.08 | CN34: =CN$5 -> 30000 | CO34: =CM34-CN34 -> 528064.08 | CP34: =VLOOKUP(E34,$ID$6:$IF$20,3,FALSE) -> 29 | CQ34: =CO34/CP34 -> 18209.106 | CR34: =100%-CL34 -> 0.875 | CS34: =CK34*CR34 -> 3906448.5 | CT34: =-PMT($CT$5/12,240,CS34,0) -> 30286.654 | CU34: =-PMT($CT$5/12,180,CS34,0) -> 35112.264 | CV34: =-PMT($CT$5/12,120,CS34,0) -> 45357.18 | CW34: =-PMT($CT$5/12,60,CS34,0) -> 77352.363 | CX34: =(CK34*80%)*$CX$5 -> 317333.23 | CY34: =(CK34*80%)*$CY$5 -> 125567.21 | CZ34: =(CK34*80%)*$CZ$5 -> 90695.42 | DA34: =(CK34*80%)*$DA$5 -> 69023.39 | DB34: =AT34/AR34 -> 0.15508815 | DC34: =CE34/CA34 -> 0.33139923 | DD34: BOI W/ HIC | DG34: =$DG$7 -> 46082 | DH34: =(YEAR(DG34)-YEAR($DH$5))*12+MONTH(DG34)-MONTH($DH$5) -> 28 | DJ34: =DG34+65 -> 46147 | DK34: =(YEAR(DJ34)-YEAR($DK$5))*12+MONTH(DJ34)-MONTH($DK$5)+$DK$4+$DK$3 -> 30 | DL34: BOI | DM34: CTS BARE WITH HIC | DN34: =DO34/J34 -> 23686.19 | DO34: =AV34 -> 521096.17 | DP34: =AV34/AR34 -> 0.17369872 | DR34: =CG34 -> 3959656.4 | DS34: =SUM('[6]INTERNAL PRICELIST'!M34) -> 2329361 | DT34: =DR34-DS34 -> 1630295.4 | DV34: =DR34/J34 -> 179984.38 | DX34: 11 | DY34: UNIT K | DZ34: 22 | EA34: =DZ34-J34 -> 0 | ED34: E-3L | EE34: =G34=ED34 -> TRUE | EF34: MARIA EIMAN | EG34: FROM UG TO 3F | EO34: FOR RE-OPEN | EP34: UNSOLD | EQ34: UNSOLD | ER34: =EP34=EQ34 -> TRUE | EU34: 2261900 | EV34: SOLD | FF34: =DATEDIF(FH34,FG34,"m") -> 30 | FG34: =DATE(2028,2,1) -> 46784 | FH34: 45870 | FJ34: 0.15 | FK34: 12942.297 | FL34: 13292.089 | FN34: =CK34 -> 4464512.6 | FO34: =$FO$5 -> 0.15 | FP34: =FN34*FO34 -> 669676.89 | FQ34: =CN34 -> 30000 | FR34: =FP34-FQ34 -> 639676.89 | FS34: =$FS$5 -> 40 | FT34: =FR34/FS34 -> 15991.922 | FV34: =FN34 -> 4464512.6 | FW34: =FV34*$FW$5 -> 446451.26 | FX34: =FV34*$FX$5 -> 111612.82 | FY34: 15000 | FZ34: =FW34-FY34 -> 431451.26 | GA34: =$GA$5 -> 46 | GB34: =FZ34/GA34 -> 9379.3752 | GE34: 45748 | GH34: =CK34 -> 4464512.6 | GI34: =CL34 -> 0.125 | GJ34: =CM34 -> 558064.08 | GK34: =CN34 -> 30000 | GL34: =CO34 -> 528064.08 | GM34: =CP34 -> 29 | GN34: =CQ34 -> 18209.106 | GO34: =CR34 -> 0.875 | ... GT34: =CW34 -> 77352.363 | GV34: =GH34 -> 4464512.6 | GW34: =GI34 -> 0.125 | GX34: =GJ34 -> 558064.08 | GY34: =GK34 -> 30000 | GZ34: =GL34 -> 528064.08 | HA34: =$HA$5 -> 48 | HB34: =GZ34/HA34 -> 11001.335 | HC34: =100%-GW34 -> 0.875 | HD34: =GV34*HC34 -> 3906448.5 | HE34: =-PMT(7%/12,240,HD34,0) -> 30286.654 | HF34: =-PMT(7%/12,180,HD34,0) -> 35112.264 | HG34: =-PMT(7%/12,120,HD34,0) -> 45357.18 | HH34: =-PMT(7%/12,60,HD34,0) -> 77352.363 | HJ34: =HB34-GN34 -> -7207.7712
A35: =A34+1 -> 29 | C35: =C34+1 -> 29 | D35: 3rd Floor | E35: =D35 -> 3rd Floor | G35: E-3M | I35: Studio | J35: 22 | L35: South | M35: Inner | N35: =$N$5 -> 106005.27 | O35: =J35*N35 -> 2332115.8 | P35: =$P$7 -> 22400 | Q35: =$Q$5 -> 50000 | Z35: =$Z$5 -> 142461 | AA35: 45722.733 | AD35: =SUM(P35:AC35) -> 260583.73 | AE35: =O35+AD35 -> 2592699.6 | AF35: =AE35*$AF$5 -> 64817.489 | AG35: =AE35+AF35 -> 2657517.1 | AH35: =AG35*$AH$5 -> 66437.927 | AI35: =AG35+AH35 -> 2723955 | AJ35: =AI35*$AJ$5 -> 136197.75 | AK35: =AI35+AJ35 -> 2860152.7 | AL35: =AK35*AL$5 -> 28601.527 | AM35: =$AM$5 -> 27537.41 | AO35: =AK35+AL35+AM35+AN35 -> 2916291.7 | AP35: =AO35*$AP$5 -> 481188.13 | AQ35: =AO35+AP35 -> 3397479.8 | AR35: =$AR$5 -> 3000000 | AS35: =AT35/J35 -> 18067.264 | AT35: =AQ35-AR35 -> 397479.81 | AU35: =AT35*$AU$5 -> 47697.577 | AV35: =AT35+AU35 -> 445177.39 | AW35: =AR35+AT35+AU35 -> 3445177.4 | AX35: =AW35*$AX$5 -> 43064.717 | AY35: 0 | AZ35: =AW35+AX35+AY35 -> 3488242.1 | BA35: =AZ35*$BA$5 -> 130809.08 | BC35: =$BC$5*1.12 -> 33600 | BD35: =AZ35+BA35+BB35+BC35 -> 3652651.2 | BF35: =BD35+BE35 -> 3652651.2 | BH35: =BF35+BG35 -> 3652651.2 | BJ35: =BH35+BI35 -> 3652651.2 | BL35: =BJ35+BK35 -> 3652651.2 | BN35: =BL35+BM35 -> 3652651.2 | BP35: =BN35+BO35 -> 3652651.2 | BR35: =BP35+BQ35 -> 3652651.2 | BT35: =BS35+BR35 -> 3652651.2 | BV35: =$BV$2+$BV$3-BC35 -> 51400 | BW35: =SUM(BT35:BV35) -> 3704051.2 | BY35: =BW35+BX35 -> 3704051.2 | BZ35: =BY35 -> 3704051.2 | CA35: =BZ35-CC35 -> 3022051.2 | CB35: 31000 | CC35: =CB35*J35 -> 682000 | CD35: =CC35*$CD$5 -> 81840 | CE35: =SUM(CC35:CD35) -> 763840 | CF35: =BZ35+CD35 -> 3785891.2 | CG35: =CF35 -> 3785891.2 | CH35: =IF(CA35<=$CA$3,0,12%*CA35) -> 0 | CI35: =CG35*CI$5 -> 388053.85 | CJ35: =CG35*CJ$5 -> 94647.28 | CK35: =SUM(CG35:CJ35) -> 4268592.3 | CL35: =$CL$5 -> 0.125 | CM35: =CK35*CL35 -> 533574.04 | CN35: =CN$5 -> 30000 | CO35: =CM35-CN35 -> 503574.04 | CP35: =VLOOKUP(E35,$ID$6:$IF$20,3,FALSE) -> 29 | CQ35: =CO35/CP35 -> 17364.622 | CR35: =100%-CL35 -> 0.875 | CS35: =CK35*CR35 -> 3735018.3 | CT35: =-PMT($CT$5/12,240,CS35,0) -> 28957.557 | CU35: =-PMT($CT$5/12,180,CS35,0) -> 33571.4 | CV35: =-PMT($CT$5/12,120,CS35,0) -> 43366.729 | CW35: =-PMT($CT$5/12,60,CS35,0) -> 73957.838 | CX35: =(CK35*80%)*$CX$5 -> 303407.41 | CY35: =(CK35*80%)*$CY$5 -> 120056.83 | CZ35: =(CK35*80%)*$CZ$5 -> 86715.35 | DA35: =(CK35*80%)*$DA$5 -> 65994.373 | DB35: =AT35/AR35 -> 0.13249327 | DC35: =CE35/CA35 -> 0.25275548 | DD35: BOI W/ HIC | DG35: =$DG$7 -> 46082 | DH35: =(YEAR(DG35)-YEAR($DH$5))*12+MONTH(DG35)-MONTH($DH$5) -> 28 | DJ35: =DG35+65 -> 46147 | DK35: =(YEAR(DJ35)-YEAR($DK$5))*12+MONTH(DJ35)-MONTH($DK$5)+$DK$4+$DK$3 -> 30 | DL35: BOI | DM35: CTS BARE WITH HIC | DN35: =DO35/J35 -> 20235.336 | DO35: =AV35 -> 445177.39 | DP35: =AV35/AR35 -> 0.14839246 | DR35: =CG35 -> 3785891.2 | DS35: =SUM('[6]INTERNAL PRICELIST'!M35) -> 2329361 | DT35: =DR35-DS35 -> 1456530.2 | DV35: =DR35/J35 -> 172085.96 | DX35: 12 | DY35: UNIT L | DZ35: 22 | EA35: =DZ35-J35 -> 0 | ED35: E-3M | EE35: =G35=ED35 -> TRUE | EP35: SOLD | EQ35: SOLD | ER35: =EP35=EQ35 -> TRUE | EU35: 2123200 | EV35: SOLD | FF35: =DATEDIF(FH35,FG35,"m") -> 29 | FG35: =DATE(2028,2,1) -> 46784 | FH35: 45901 | FJ35: 0.15 | FK35: 12820.111 | FL35: 13166.6 | FN35: =CK35 -> 4268592.3 | FO35: =$FO$5 -> 0.15 | FP35: =FN35*FO35 -> 640288.85 | FQ35: =CN35 -> 30000 | FR35: =FP35-FQ35 -> 610288.85 | FS35: =$FS$5 -> 40 | FT35: =FR35/FS35 -> 15257.221 | FV35: =FN35 -> 4268592.3 | FW35: =FV35*$FW$5 -> 426859.23 | FX35: =FV35*$FX$5 -> 106714.81 | FY35: 15000 | FZ35: =FW35-FY35 -> 411859.23 | GA35: =$GA$5 -> 46 | GB35: =FZ35/GA35 -> 8953.4615 | GE35: 45778 | GH35: =CK35 -> 4268592.3 | GI35: =CL35 -> 0.125 | GJ35: =CM35 -> 533574.04 | GK35: =CN35 -> 30000 | GL35: =CO35 -> 503574.04 | GM35: =CP35 -> 29 | GN35: =CQ35 -> 17364.622 | GO35: =CR35 -> 0.875 | ... GT35: =CW35 -> 73957.838 | GV35: =GH35 -> 4268592.3 | GW35: =GI35 -> 0.125 | GX35: =GJ35 -> 533574.04 | GY35: =GK35 -> 30000 | GZ35: =GL35 -> 503574.04 | HA35: =$HA$5 -> 48 | HB35: =GZ35/HA35 -> 10491.126 | HC35: =100%-GW35 -> 0.875 | HD35: =GV35*HC35 -> 3735018.3 | HE35: =-PMT(7%/12,240,HD35,0) -> 28957.557 | HF35: =-PMT(7%/12,180,HD35,0) -> 33571.4 | HG35: =-PMT(7%/12,120,HD35,0) -> 43366.729 | HH35: =-PMT(7%/12,60,HD35,0) -> 73957.838 | HJ35: =HB35-GN35 -> -6873.4962
